Workbook

Sheet Índice sitio Web
B1: INSTITUTO NACIONAL DE ESTADÍSTICA Y CENSOS
B3: Encuesta Continua de Empleo
B4: Principales indicadores interanuales del mercado laboral costarricense EFM 2022
B6: C1 total | C6: Costa Rica: Población nacional según indicadores generales de la condición de actividad
B7: C1 urbano | C7: Costa Rica zona urbana: Población nacional según indicadores generales de la condición de actividad
B8: C1 rural | C8: Costa Rica zona rural: Población nacional según indicadores generales de la condición de actividad
B9: C1 hombre | C9: Costa Rica hombres: Población nacional según indicadores generales de la condición de actividad
B10: C1 mujer | C10: Costa Rica mujeres: Población nacional según indicadores generales de la condición de actividad
B12: C2 total | C12: Costa Rica: Población ocupada según características del empleo
B13: C2 urbano | C13: Costa Rica zona urbana: Población ocupada según características del empleo
B14: C2 rural | C14: Costa Rica zona rural: Población ocupada según características del empleo
B15: C2 hombre | C15: Costa Rica hombres: Población ocupada según características del empleo
B16: C2 mujer | C16: Costa Rica mujeres: Población ocupada según características del empleo
B18: C3 total | C18: Costa Rica: Población ocupada según condición del empleo de las personas asalariadas e independientes
B19: C3 urbano | C19: Costa Rica zona urbana: Población ocupada según condición del empleo de las personas asalariadas e independientes
... B28: C4 mujer | C28: Costa Rica mujeres: Promedio del ingreso mensual en el empleo principal según características del empleo
B29: Fuente: INEC-Costa Rica. Encuesta Continua de Empleo (ECE), 2022.

Sheet C1 total
A1: Cuadro 1
A2: Costa Rica: Población nacional según indicadores generales de la condición de actividad
A3: I Trimestre 2022 | J3: Mismo trimestre año anterior
A4: Indicadores generales | B4: I 2022 | C4: Variación Interanual | E4: Resultado de la prueba de significancia | F4: Revisión totales y dif | H4: Para boletín | J4: Estimación | K4: Intervalo de confianza al 95%
B5: Ene - Mar | C5: Diferencia | D5: % | H5: Q | K5: Inferior | L5: Superior
A7: 1. Población total | B7: 5192543 | C7: =B7-J7 -> 50348 | D7: =C7/J7*100 -> 0.97911495 | E7: =IF(B7<K7,-1,IF(B7>L7,1,0)) -> 0 | J7: 5142195 | K7: 4956408.9 | L7: 5327981.1
A9: 1.1 Grupo de edad | B9: 5192543 | C9: =B9-J9 -> 50348 | D9: =C9/J9*100 -> 0.97911495 | E9: =IF(B9<K9,-1,IF(B9>L9,1,0)) -> 0 | F9: =+B9-F10 -> 0 | G9: =+C9-G10 -> 0 | J9: 5142195 | K9: 4956408.9 | L9: 5327981.1
A10: De 0 a 14 años | B10: 1111585 | C10: =B10-J10 -> -428 | D10: =C10/J10*100 -> -0.038488759 | E10: =IF(B10<K10,-1,IF(B10>L10,1,0)) -> 0 | F10: =SUM(B10:B16) -> 5192543 | G10: =SUM(C10:C16) -> 50348 | J10: 1112013 | K10: 1037816.8 | L10: 1186209.2
A11: De 15 a 24 años | B11: 782852 | C11: =B11-J11 -> -28492 | D11: =C11/J11*100 -> -3.511704 | E11: =IF(B11<K11,-1,IF(B11>L11,1,0)) -> 0 | J11: 811344 | K11: 751201.69 | L11: 871486.31
A12: De 25 a 34 años | B12: 722535 | C12: =B12-J12 -> -2573 | D12: =C12/J12*100 -> -0.35484369 | E12: =IF(B12<K12,-1,IF(B12>L12,1,0)) -> 0 | J12: 725108 | K12: 673685.54 | L12: 776530.46
A13: De 35 a 44 años | B13: 722960 | C13: =B13-J13 -> 23560 | D13: =C13/J13*100 -> 3.3686017 | E13: =IF(B13<K13,-1,IF(B13>L13,1,0)) -> 0 | J13: 699400 | K13: 651769.66 | L13: 747030.34
A14: De 45 a 59 años | B14: 904235 | C14: =B14-J14 -> -399 | D14: =C14/J14*100 -> -0.044106235 | E14: =IF(B14<K14,-1,IF(B14>L14,1,0)) -> 0 | J14: 904634 | K14: 859015.54 | L14: 950252.46
A15: De 60 años o más | B15: 946279 | C15: =B15-J15 -> 59158 | D15: =C15/J15*100 -> 6.6685379 | E15: =IF(B15<K15,-1,IF(B15>L15,1,0)) -> 0 | J15: 887121 | K15: 824704.65 | L15: 949537.35
A16: No especificado | B16: 2097 | C16: =B16-J16 -> -478 | D16: =C16/J16*100 -> -18.563107 | E16: =IF(B16<K16,-1,IF(B16>L16,1,0)) -> 0 | J16: 2575 | K16: 0 | L16: 5163.2324
A18: 2. Población de 15 años y más | B18: 4080958 | C18: =B18-J18 -> 50776 | D18: =C18/J18*100 -> 1.2598935 | E18: =IF(B18<K18,-1,IF(B18>L18,1,0)) -> 0 | J18: 4030182 | K18: 3886412.1 | L18: 4173951.9
A20: 2.1 Fuerza de trabajo | B20: 2432303 | C20: =B20-J20 -> -18050 | D20: =C20/J20*100 -> -0.73662856 | E20: =IF(B20<K20,-1,IF(B20>L20,1,0)) -> 0 | F20: =+B20-F21 -> 0 | G20: =+C20-G21 -> 0 | H20: =+B20/1000000 -> 2.432303 | I20: =+C20/1000 -> -18.05 | J20: 2450353 | K20: 2335124.7 | L20: 2565581.3
A21: Ocupada | B21: 2102076 | C21: =B21-J21 -> 109722 | D21: =C21/J21*100 -> 5.5071538 | E21: =IF(B21<K21,-1,IF(B21>L21,1,0)) -> 1 | F21: =SUM(B21:B22) -> 2432303 | G21: =SUM(C21:C22) -> -18050 | H21: =+B21/1000000 -> 2.102076 | I21: =+C21/1000 -> 109.722 | J21: 1992354 | K21: 1899170.2 | L21: 2085537.8
A22: Desempleada | B22: 330227 | C22: =B22-J22 -> -127772 | D22: =C22/J22*100 -> -27.897878 | E22: =IF(B22<K22,-1,IF(B22>L22,1,0)) -> -1 | H22: =+B22/1000 -> 330.227 | I22: =+C22/1000 -> -127.772 | J22: 457999 | K22: 408212.31 | L22: 507785.69
A24: 2.2 Fuera de la fuerza de trabajo | B24: 1648655 | C24: =B24-J24 -> 68826 | D24: =C24/J24*100 -> 4.3565474 | E24: =IF(B24<K24,-1,IF(B24>L24,1,0)) -> 1 | H24: =+B24/1000000 -> 1.648655 | I24: =+C24/1000 -> 68.826 | J24: 1579829 | K24: 1512892.3 | L24: 1646765.7
A26: 3. Población ocupada1/ | B26: 2102076 | C26: =B26-J26 -> 109722 | D26: =C26/J26*100 -> 5.5071538 | E26: =IF(B26<K26,-1,IF(B26>L26,1,0)) -> 1 | J26: 1992354 | K26: 1899170.2 | L26: 2085537.8
A28: 3.1 Grupo de edad | B28: 2102076 | C28: =B28-J28 -> 109722 | D28: =C28/J28*100 -> 5.5071538 | E28: =IF(B28<K28,-1,IF(B28>L28,1,0)) -> 1 | F28: =+B28-F29 -> 0 | G28: =+C28-G29 -> 0 | J28: 1992354 | K28: 1899170.2 | L28: 2085537.8
A29: De 15 a 24 años | B29: 223795 | C29: =B29-J29 -> 3716 | D29: =C29/J29*100 -> 1.6884846 | E29: =IF(B29<K29,-1,IF(B29>L29,1,0)) -> 0 | F29: =SUM(B29:B34) -> 2102076 | G29: =SUM(C29:C34) -> 109722 | J29: 220079 | K29: 193950.1 | L29: 246207.9
A30: De 25 a 34 años | B30: 509113 | C30: =B30-J30 -> 22894 | D30: =C30/J30*100 -> 4.7085778 | E30: =IF(B30<K30,-1,IF(B30>L30,1,0)) -> 0 | J30: 486219 | K30: 447271.78 | L30: 525166.22
A31: De 35 a 44 años | B31: 537517 | C31: =B31-J31 -> 32485 | D31: =C31/J31*100 -> 6.4322657 | E31: =IF(B31<K31,-1,IF(B31>L31,1,0)) -> 0 | J31: 505032 | K31: 465679.28 | L31: 544384.72
A32: De 45 a 59 años | B32: 608791 | C32: =B32-J32 -> 15663 | D32: =C32/J32*100 -> 2.6407453 | E32: =IF(B32<K32,-1,IF(B32>L32,1,0)) -> 0 | J32: 593128 | K32: 553911.9 | L32: 632344.1
A33: De 60 años o más | B33: 222233 | C33: =B33-J33 -> 34795 | D33: =C33/J33*100 -> 18.563472 | E33: =IF(B33<K33,-1,IF(B33>L33,1,0)) -> 1 | J33: 187438 | K33: 164916.26 | L33: 209959.74
A34: No especificado | B34: 627 | C34: =B34-J34 -> 169 | D34: =C34/J34*100 -> 36.899563 | E34: =IF(B34<K34,-1,IF(B34>L34,1,0)) -> 0 | J34: 458 | K34: 0 | L34: 1030.8896
A36: 3.2 Condición de aseguramiento2/ | B36: 2102076 | C36: =B36-J36 -> 109722 | D36: =C36/J36*100 -> 5.5071538 | E36: =IF(B36<K36,-1,IF(B36>L36,1,0)) -> 1 | F36: =+B36-F37 -> 0 | G36: =+C36-G37 -> 0 | J36: 1992354 | K36: 1899170.2 | L36: 2085537.8
A37: No tiene seguro por trabajo | B37: 618977 | C37: =B37-J37 -> -20671 | D37: =C37/J37*100 -> -3.2316211 | E37: =IF(B37<K37,-1,IF(B37>L37,1,0)) -> 0 | F37: =SUM(B37:B38) -> 2102076 | G37: =SUM(C37:C38) -> 109722 | J37: 639648 | K37: 599321.23 | L37: 679974.77
A38: Tiene seguro por trabajo | B38: 1483099 | C38: =B38-J38 -> 130393 | D38: =C38/J38*100 -> 9.6394191 | E38: =IF(B38<K38,-1,IF(B38>L38,1,0)) -> 1 | J38: 1352706 | K38: 1276919.2 | L38: 1428492.8
A40: 3.3 Nivel de educación3/ | B40: 2102076 | C40: =B40-J40 -> 109722 | D40: =C40/J40*100 -> 5.5071538 | E40: =IF(B40<K40,-1,IF(B40>L40,1,0)) -> 1 | F40: =+B40-F41 -> 0 | G40: =+C40-G41 -> 0 | J40: 1992354 | K40: 1899170.2 | L40: 2085537.8
A41: Primaria incompleta o menos | B41: 170277 | C41: =B41-J41 -> -12067 | D41: =C41/J41*100 -> -6.6177116 | E41: =IF(B41<K41,-1,IF(B41>L41,1,0)) -> 0 | F41: =SUM(B41:B47) -> 2102076 | G41: =SUM(C41:C47) -> 109722 | J41: 182344 | K41: 160162.7 | L41: 204525.3
A42: Primaria completa | B42: 482433 | C42: =B42-J42 -> 26216 | D42: =C42/J42*100 -> 5.7463882 | E42: =IF(B42<K42,-1,IF(B42>L42,1,0)) -> 0 | J42: 456217 | K42: 422479.6 | L42: 489954.4
A43: Secundaria incompleta | B43: 456393 | C43: =B43-J43 -> -717 | D43: =C43/J43*100 -> -0.15685502 | E43: =IF(B43<K43,-1,IF(B43>L43,1,0)) -> 0 | J43: 457110 | K43: 417265.62 | L43: 496954.38
A44: Secundaria completa | B44: 392732 | C44: =B44-J44 -> 55120 | D44: =C44/J44*100 -> 16.326434 | E44: =IF(B44<K44,-1,IF(B44>L44,1,0)) -> 1 | J44: 337612 | K44: 302830.07 | L44: 372393.93
A45: Universitario sin título | B45: 115611 | C45: =B45-J45 -> 6153 | D45: =C45/J45*100 -> 5.6213342 | E45: =IF(B45<K45,-1,IF(B45>L45,1,0)) -> 0 | J45: 109458 | K45: 89505.284 | L45: 129410.72
A46: Universitario con título | B46: 483862 | C46: =B46-J46 -> 37562 | D46: =C46/J46*100 -> 8.4163119 | E46: =IF(B46<K46,-1,IF(B46>L46,1,0)) -> 0 | J46: 446300 | K46: 399494.21 | L46: 493105.79
A47: No especificado | B47: 768 | C47: =B47-J47 -> -2545 | D47: =C47/J47*100 -> -76.818593 | E47: =IF(B47<K47,-1,IF(B47>L47,1,0)) -> 0 | J47: 3313 | K47: 0 | L47: 7074.688
A49: 3.4 Búsqueda para cambiar de trabajo4/ | B49: 2102076 | C49: =B49-J49 -> 109722 | D49: =C49/J49*100 -> 5.5071538 | E49: =IF(B49<K49,-1,IF(B49>L49,1,0)) -> 1 | F49: =+B49-F50 -> 0 | G49: =+C49-G50 -> 0 | J49: 1992354 | K49: 1899170.2 | L49: 2085537.8
A50: Ocupado que no busca cambiar de trabajo | B50: 1922368 | C50: =B50-J50 -> 170575 | D50: =C50/J50*100 -> 9.7371664 | E50: =IF(B50<K50,-1,IF(B50>L50,1,0)) -> 1 | F50: =SUM(B50:B51) -> 2102076 | G50: =SUM(C50:C51) -> 109722 | J50: 1751793 | K50: 1664259.1 | L50: 1839326.9
A51: Ocupado que busca cambiar de trabajo | B51: 179708 | C51: =B51-J51 -> -60853 | D51: =C51/J51*100 -> -25.296287 | E51: =IF(B51<K51,-1,IF(B51>L51,1,0)) -> -1 | J51: 240561 | K51: 211788.4 | L51: 269333.6
A53: 3.5 Formalidad e informalidad | B53: 2102076 | C53: =B53-J53 -> 109722 | D53: =C53/J53*100 -> 5.5071538 | E53: =IF(B53<K53,-1,IF(B53>L53,1,0)) -> 1 | J53: 1992354 | K53: 1899170.2 | L53: 2085537.8
A54: Ocupado con empleo formal | B54: 1197430 | C54: =B54-J54 -> 134186 | D54: =C54/J54*100 -> 12.620433 | E54: =IF(B54<K54,-1,IF(B54>L54,1,0)) -> 1 | J54: 1063244 | K54: 993625 | L54: 1132863
A55: Ocupado con empleo informal | B55: 904646 | C55: =B55-J55 -> -24464 | D55: =C55/J55*100 -> -2.6330574 | E55: =IF(B55<K55,-1,IF(B55>L55,1,0)) -> 0 | J55: 929110 | K55: 880648.71 | L55: 977571.29
A57: 4. Población desempleada5/ | B57: 330227 | C57: =B57-J57 -> -127772 | D57: =C57/J57*100 -> -27.897878 | E57: =IF(B57<K57,-1,IF(B57>L57,1,0)) -> -1 | J57: 457999 | K57: 408212.31 | L57: 507785.69
A59: 4.1 Tipo desempleado | B59: 330227 | C59: =B59-J59 -> -127772 | D59: =C59/J59*100 -> -27.897878 | E59: =IF(B59<K59,-1,IF(B59>L59,1,0)) -> -1 | F59: =+B59-F61 -> 0 | G59: =+C59-G61 -> 0 | J59: 457999 | K59: 408212.31 | L59: 507785.69
A60: Con experiencia | B60: 275947 | C60: =B60-J60 -> -115571 | D60: =C60/J60*100 -> -29.518694 | E60: =IF(B60<K60,-1,IF(B60>L60,1,0)) -> -1 | F60: =+B60-F62 -> 0 | G60: =+C60-G62 -> 0 | J60: 391518 | K60: 354479.68 | L60: 428556.32
A61: Por razones del mercado y cierre de actividades propias6/ | B61: 229498 | C61: =B61-J61 -> -126105 | D61: =C61/J61*100 -> -35.462299 | E61: =IF(B61<K61,-1,IF(B61>L61,1,0)) -> -1 | F61: =+B60+B63 -> 330227 | G61: =+C60+C63 -> -127772 | J61: 355603 | K61: 324875.36 | L61: 386330.64
A62: Por razones personales7/ | B62: 46449 | C62: =B62-J62 -> 10534 | D62: =C62/J62*100 -> 29.330363 | E62: =IF(B62<K62,-1,IF(B62>L62,1,0)) -> 0 | F62: =+B62+B61 -> 275947 | G62: =+C62+C61 -> -115571 | J62: 35915 | K62: 24516.571 | L62: 47313.429
A63: Sin experiencia | B63: 54280 | C63: =B63-J63 -> -12201 | D63: =C63/J63*100 -> -18.352612 | E63: =IF(B63<K63,-1,IF(B63>L63,1,0)) -> 0 | J63: 66481 | K63: 48284.164 | L63: 84677.836
A65: 4.2 Grupo de edad | B65: 330227 | C65: =B65-J65 -> -127772 | D65: =C65/J65*100 -> -27.897878 | E65: =IF(B65<K65,-1,IF(B65>L65,1,0)) -> -1 | F65: =+B65-F66 -> 0 | G65: =+C65-G66 -> 0 | J65: 457999 | K65: 408212.31 | L65: 507785.69
A66: De 15 a 24 años | B66: 116096 | C66: =B66-J66 -> -55446 | D66: =C66/J66*100 -> -32.322114 | E66: =IF(B66<K66,-1,IF(B66>L66,1,0)) -> -1 | F66: =SUM(B66:B71) -> 330227 | G66: =SUM(C66:C71) -> -127772 | J66: 171542 | K66: 147175.9 | L66: 195908.1
A67: De 25 a 34 años | B67: 89907 | C67: =B67-J67 -> -22576 | D67: =C67/J67*100 -> -20.070588 | E67: =IF(B67<K67,-1,IF(B67>L67,1,0)) -> -1 | J67: 112483 | K67: 95480.471 | L67: 129485.53
A68: De 35 a 44 años | B68: 59550 | C68: =B68-J68 -> -30472 | D68: =C68/J68*100 -> -33.849503 | E68: =IF(B68<K68,-1,IF(B68>L68,1,0)) -> -1 | J68: 90022 | K68: 72126.022 | L68: 107917.98
A69: De 45 a 59 años | B69: 52208 | C69: =B69-J69 -> -9054 | D69: =C69/J69*100 -> -14.779145 | E69: =IF(B69<K69,-1,IF(B69>L69,1,0)) -> 0 | J69: 61262 | K69: 46533.568 | L69: 75990.432
A70: De 60 años o más | B70: 12252 | C70: =B70-J70 -> -10356 | D70: =C70/J70*100 -> -45.806794 | E70: =IF(B70<K70,-1,IF(B70>L70,1,0)) -> -1 | J70: 22608 | K70: 14823.046 | L70: 30392.954
A71: No especificado | B71: 214 | C71: =B71-J71 -> 132 | D71: =C71/J71*100 -> 160.97561 | E71: 0 | J71: 82 | K71: - | L71: -
A73: 4.3 Nivel de educación3/ | B73: 330227 | C73: =B73-J73 -> -127772 | D73: =C73/J73*100 -> -27.897878 | E73: =IF(B73<K73,-1,IF(B73>L73,1,0)) -> -1 | F73: =+B73-F74 -> 0 | G73: =+C73-G74 -> #VALUE! | J73: 457999 | K73: 408212.31 | L73: 507785.69
A74: Primaria incompleta o menos | B74: 28917 | C74: =B74-J74 -> 2255 | D74: =C74/J74*100 -> 8.4577301 | E74: =IF(B74<K74,-1,IF(B74>L74,1,0)) -> 0 | F74: =SUM(B74:B80) -> 330227 | G74: =SUM(C74:C80) -> #VALUE! | J74: 26662 | K74: 19157.093 | L74: 34166.907
A75: Primaria completa | B75: 51220 | C75: =B75-J75 -> -31411 | D75: =C75/J75*100 -> -38.013578 | E75: =IF(B75<K75,-1,IF(B75>L75,1,0)) -> -1 | J75: 82631 | K75: 66650.836 | L75: 98611.164
A76: Secundaria incompleta | B76: 92022 | C76: =B76-J76 -> -34802 | D76: =C76/J76*100 -> -27.441178 | E76: =IF(B76<K76,-1,IF(B76>L76,1,0)) -> -1 | J76: 126824 | K76: 103380.68 | L76: 150267.32
A77: Secundaria completa | B77: 92803 | C77: =B77-J77 -> -42060 | D77: =C77/J77*100 -> -31.187205 | E77: =IF(B77<K77,-1,IF(B77>L77,1,0)) -> -1 | J77: 134863 | K77: 115690.74 | L77: 154035.26
A78: Universitario sin título | B78: 28538 | C78: =B78-J78 -> -14309 | D78: =C78/J78*100 -> -33.39557 | E78: =IF(B78<K78,-1,IF(B78>L78,1,0)) -> -1 | J78: 42847 | K78: 31774.004 | L78: 53919.996
A79: Universitario con título | B79: 36727 | C79: =B79-J79 -> -7279 | D79: =C79/J79*100 -> -16.540926 | E79: =IF(B79<K79,-1,IF(B79>L79,1,0)) -> 0 | J79: 44006 | K79: 32714.122 | L79: 55297.878
A80: No especificado | B80: - | C80: =B80-J80 -> #VALUE! | D80: - | E80: 0 | J80: 166 | K80: - | L80: -
A82: 5. Población fuera de la fuerza de trabajo | B82: 1648655 | C82: =B82-J82 -> 68826 | D82: =C82/J82*100 -> 4.3565474 | E82: =IF(B82<K82,-1,IF(B82>L82,1,0)) -> 1 | J82: 1579829 | K82: 1512892.3 | L82: 1646765.7
A84: 5.1 Disponibilidad | B84: 1648655 | C84: =B84-J84 -> 68826 | D84: =C84/J84*100 -> 4.3565474 | E84: =IF(B84<K84,-1,IF(B84>L84,1,0)) -> 1 | F84: =+B84-F85 -> 0 | G84: =+C84-G85 -> 0 | J84: 1579829 | K84: 1512892.3 | L84: 1646765.7
A85: No disponible para trabajar8/ | B85: 1527436 | C85: =B85-J85 -> 68807 | D85: =C85/J85*100 -> 4.7172379 | E85: =IF(B85<K85,-1,IF(B85>L85,1,0)) -> 1 | F85: =SUM(B85:B87) -> 1648655 | G85: =SUM(C85:C87) -> 68826 | J85: 1458629 | K85: 1392584.3 | L85: 1524673.7
A86: Disponible con limitaciones9/ | B86: 91531 | C86: =B86-J86 -> 14145 | D86: =C86/J86*100 -> 18.2785 | E86: =IF(B86<K86,-1,IF(B86>L86,1,0)) -> 1 | J86: 77386 | K86: 67866.05 | L86: 86905.95
A87: Disponible desalentada10/ | B87: 29688 | C87: =B87-J87 -> -14126 | D87: =C87/J87*100 -> -32.240836 | E87: =IF(B87<K87,-1,IF(B87>L87,1,0)) -> -1 | J87: 43814 | K87: 34762.277 | L87: 52865.723
A89: 5.2 Grupo de edad | B89: 1648655 | C89: =B89-J89 -> 68826 | D89: =C89/J89*100 -> 4.3565474 | E89: =IF(B89<K89,-1,IF(B89>L89,1,0)) -> 1 | F89: =+B89-F90 -> 0 | G89: =+C89-G90 -> 0 | J89: 1579829 | K89: 1512892.3 | L89: 1646765.7
A90: De 15 a 24 años | B90: 442961 | C90: =B90-J90 -> 23238 | D90: =C90/J90*100 -> 5.5365086 | E90: =IF(B90<K90,-1,IF(B90>L90,1,0)) -> 0 | F90: =SUM(B90:B95) -> 1648655 | G90: =SUM(C90:C95) -> 68826 | J90: 419723 | K90: 387075.74 | L90: 452370.26
A91: De 25 a 34 años | B91: 123515 | C91: =B91-J91 -> -2891 | D91: =C91/J91*100 -> -2.287075 | E91: =IF(B91<K91,-1,IF(B91>L91,1,0)) -> 0 | J91: 126406 | K91: 111398.06 | L91: 141413.94
A92: De 35 a 44 años | B92: 125893 | C92: =B92-J92 -> 21547 | D92: =C92/J92*100 -> 20.64957 | E92: =IF(B92<K92,-1,IF(B92>L92,1,0)) -> 1 | J92: 104346 | K92: 90934.618 | L92: 117757.38
A93: De 45 a 59 años | B93: 243236 | C93: =B93-J93 -> -7008 | D93: =C93/J93*100 -> -2.8004667 | E93: =IF(B93<K93,-1,IF(B93>L93,1,0)) -> 0 | J93: 250244 | K93: 229036.66 | L93: 271451.34
A94: De 60 años o más | B94: 711794 | C94: =B94-J94 -> 34719 | D94: =C94/J94*100 -> 5.1277923 | E94: =IF(B94<K94,-1,IF(B94>L94,1,0)) -> 0 | J94: 677075 | K94: 623955.86 | L94: 730194.14
A95: No especificado | B95: 1256 | C95: =B95-J95 -> -779 | D95: =C95/J95*100 -> -38.280098 | E95: =IF(B95<K95,-1,IF(B95>L95,1,0)) -> 0 | J95: 2035 | K95: 0 | L95: 4454.7976
A97: 5.3 Nivel de educación3/ | B97: 1648655 | C97: =B97-J97 -> 68826 | D97: =C97/J97*100 -> 4.3565474 | E97: =IF(B97<K97,-1,IF(B97>L97,1,0)) -> 1 | F97: =+B97-F98 -> 0 | G97: =+C97-G98 -> 0 | J97: 1579829 | K97: 1512892.3 | L97: 1646765.7
A98: Primaria incompleta o menos | B98: 298974 | C98: =B98-J98 -> -11112 | D98: =C98/J98*100 -> -3.583522 | E98: =IF(B98<K98,-1,IF(B98>L98,1,0)) -> 0 | F98: =SUM(B98:B104) -> 1648655 | G98: =SUM(C98:C104) -> 68826 | J98: 310086 | K98: 285626.62 | L98: 334545.38
A99: Primaria completa | B99: 402671 | C99: =B99-J99 -> -6550 | D99: =C99/J99*100 -> -1.6006021 | E99: =IF(B99<K99,-1,IF(B99>L99,1,0)) -> 0 | J99: 409221 | K99: 374047.71 | L99: 444394.29
A100: Secundaria incompleta | B100: 457348 | C100: =B100-J100 -> 46245 | D100: =C100/J100*100 -> 11.249006 | E100: =IF(B100<K100,-1,IF(B100>L100,1,0)) -> 1 | J100: 411103 | K100: 379385.99 | L100: 442820.01
A101: Secundaria completa | B101: 214035 | C101: =B101-J101 -> -4684 | D101: =C101/J101*100 -> -2.1415606 | E101: =IF(B101<K101,-1,IF(B101>L101,1,0)) -> 0 | J101: 218719 | K101: 193904.14 | L101: 243533.86
A102: Universitario sin título | B102: 94380 | C102: =B102-J102 -> 7974 | D102: =C102/J102*100 -> 9.2285258 | E102: =IF(B102<K102,-1,IF(B102>L102,1,0)) -> 0 | J102: 86406 | K102: 73191.989 | L102: 99620.011
A103: Universitario con título | B103: 181068 | C103: =B103-J103 -> 37554 | D103: =C103/J103*100 -> 26.167482 | E103: =IF(B103<K103,-1,IF(B103>L103,1,0)) -> 1 | J103: 143514 | K103: 117794.81 | L103: 169233.19
A104: No especificado | B104: 179 | C104: =B104-J104 -> -601 | D104: =C104/J104*100 -> -77.051282 | E104: =IF(B104<K104,-1,IF(B104>L104,1,0)) -> -1 | J104: 780 | K104: 230.13787 | L104: 1329.8621
A106: 6. Porcentajes
A108: 6.1 Tasas de la población de 15 años o más
A109: Tasa neta de participación | B109: 59.601275 | C109: =B109-J109 -> -1.1987832 | D109: =C109/J109*100 -> -1.971681 | E109: =IF(B109<K109,-1,IF(B109>L109,1,0)) -> 0 | J109: 60.800058 | K109: 59.440417 | L109: 62.1597
A110: Tasa de ocupación11/ | B110: 51.509376 | C110: =B110-J110 -> 2.0735441 | D110: =C110/J110*100 -> 4.1944152 | E110: =IF(B110<K110,-1,IF(B110>L110,1,0)) -> 1 | J110: 49.435832 | K110: 48.203013 | L110: 50.668651
A111: Tasa de no participación | B111: 40.398725 | C111: =B111-J111 -> 1.1987832 | D111: =C111/J111*100 -> 3.0581249 | E111: =IF(B111<K111,-1,IF(B111>L111,1,0)) -> 0 | J111: 39.199942 | K111: 37.8403 | L111: 40.559583
A113: 6.2 Tasas de la fuerza de trabajo
A114: Tasa de desempleo12/ | B114: 13.576721 | C114: =B114-J114 -> -5.1144224 | D114: =C114/J114*100 -> -27.362811 | E114: =IF(B114<K114,-1,IF(B114>L114,1,0)) -> -1 | J114: 18.691144 | K114: 17.048278 | L114: 20.334009
A115: Tasa de presión general13/ | B115: 20.96511 | C115: =B115-J115 -> -7.5434355 | D115: =C115/J115*100 -> -26.460261 | E115: =IF(B115<K115,-1,IF(B115>L115,1,0)) -> -1 | J115: 28.508546 | K115: 26.618816 | L115: 30.398275
A117: 6.3 Porcentaje de la población ocupada
A118: Porcentaje de ocupados con seguro por trabajo14/ | B118: 70.554014 | C118: =B118-J118 -> 2.6591522 | D118: =C118/J118*100 -> 3.9165735 | E118: =IF(B118<K118,-1,IF(B118>L118,1,0)) -> 1 | J118: 67.894862 | K118: 66.264285 | L118: 69.525439
A119: Porcentaje de ocupados con subempleo | B119: 11.475655 | C119: =B119-J119 -> -4.9128979 | D119: =C119/J119*100 -> -29.977618 | E119: =IF(B119<K119,-1,IF(B119>L119,1,0)) -> -1 | J119: 16.388553 | K119: 15.068405 | L119: 17.708701
A120: Porcentaje de ocupados con empleo informal15/ | B120: 43.035837 | C120: =B120-J120 -> -3.597944 | D120: =C120/J120*100 -> -7.7153169 | E120: =IF(B120<K120,-1,IF(B120>L120,1,0)) -> -1 | J120: 46.633781 | K120: 44.787848 | L120: 48.479714
A122: 6.4 Otros indicadores complementarios
A123: Tasa de desempleo ampliado16/ | B123: 14.618859 | C123: =B123-J123 -> -5.5006034 | D123: =C123/J123*100 -> -27.339713 | E123: =IF(B123<K123,-1,IF(B123>L123,1,0)) -> -1 | J123: 20.119463 | K123: 18.470952 | L123: 21.767973
A124: 1/ Personas en la fuerza de trabajo que participaron en la producción de bienes y servicios económicos (trabajaron) por lo menos una hora en la semana de referencia. Incluye a las personas que pese a tener trabajo no lo realizaron en la semana de referencia, por alguna circunstancia especial pero tienen garantía de retornar al trabajo, siguen recibiendo sueldo por el trabajo y su periodo de ausencia no sobrepasa un mes.
...

Sheet C1 urbano
A1: Cuadro 1.1
A2: Costa Rica zona urbana: Población nacional según indicadores generales de la condición de actividad
A3: =+'C1 total'!A3:E3 -> I Trimestre 2022 | J3: Mismo trimestre año anterior
A4: Indicadores generales | B4: =+'C1 total'!B4 -> I 2022 | C4: Variación Interanual | E4: Resultado de la prueba de significancia | F4: Revisión totales y dif | H4: Para boletín | J4: Estimación | K4: Intervalo de confianza al 95%
B5: =+'C1 total'!B5 -> Ene - Mar | C5: Diferencia | D5: % | H5: Q | K5: Inferior | L5: Superior
A7: 1. Población total urbana | B7: 3765104 | C7: =B7-J7 -> 35017 | D7: =C7/J7*100 -> 0.93877167 | E7: =IF(B7<K7,-1,IF(B7>L7,1,0)) -> 0 | J7: 3730087 | K7: 3549187.3 | L7: 3910986.7
A9: 1.1 Grupo de edad | B9: 3765104 | C9: =B9-J9 -> 35017 | D9: =C9/J9*100 -> 0.93877167 | E9: =IF(B9<K9,-1,IF(B9>L9,1,0)) -> 0 | F9: =+B9-F10 -> 0 | G9: =+C9-G10 -> 0 | J9: 3730087 | K9: 3549187.3 | L9: 3910986.7
A10: De 0 a 14 años | B10: 768052 | C10: =B10-J10 -> -542 | D10: =C10/J10*100 -> -0.070518375 | E10: =IF(B10<K10,-1,IF(B10>L10,1,0)) -> 0 | F10: =SUM(B10:B16) -> 3765104 | G10: =SUM(C10:C16) -> 35017 | J10: 768594 | K10: 697431.48 | L10: 839756.52
A11: De 15 a 24 años | B11: 549879 | C11: =B11-J11 -> -28688 | D11: =C11/J11*100 -> -4.9584577 | E11: =IF(B11<K11,-1,IF(B11>L11,1,0)) -> 0 | J11: 578567 | K11: 519961.48 | L11: 637172.52
A12: De 25 a 34 años | B12: 535090 | C12: =B12-J12 -> 10415 | D12: =C12/J12*100 -> 1.9850384 | E12: =IF(B12<K12,-1,IF(B12>L12,1,0)) -> 0 | J12: 524675 | K12: 474775.87 | L12: 574574.13
A13: De 35 a 44 años | B13: 526877 | C13: =B13-J13 -> 15127 | D13: =C13/J13*100 -> 2.9559355 | E13: =IF(B13<K13,-1,IF(B13>L13,1,0)) -> 0 | J13: 511750 | K13: 465435.74 | L13: 558064.26
A14: De 45 a 59 años | B14: 660034 | C14: =B14-J14 -> 540 | D14: =C14/J14*100 -> 0.081880957 | E14: =IF(B14<K14,-1,IF(B14>L14,1,0)) -> 0 | J14: 659494 | K14: 616106.46 | L14: 702881.54
A15: De 60 años o más | B15: 724038 | C15: =B15-J15 -> 38726 | D15: =C15/J15*100 -> 5.6508568 | E15: =IF(B15<K15,-1,IF(B15>L15,1,0)) -> 0 | J15: 685312 | K15: 624115.35 | L15: 746508.65
A16: No especificado | B16: 1134 | C16: =B16-J16 -> -561 | D16: =C16/J16*100 -> -33.097345 | E16: 0 | J16: 1695 | K16: 0 | L16: 4060.9705
A18: 2. Población de 15 años y más | B18: 2997052 | C18: =B18-J18 -> 35559 | D18: =C18/J18*100 -> 1.2007119 | E18: =IF(B18<K18,-1,IF(B18>L18,1,0)) -> 0 | J18: 2961493 | K18: 2820872.2 | L18: 3102113.8
A20: 2.1 Fuerza de trabajo | B20: 1817490 | C20: =B20-J20 -> -15213 | D20: =C20/J20*100 -> -0.8300854 | E20: =IF(B20<K20,-1,IF(B20>L20,1,0)) -> 0 | F20: =+B20-F21 -> 0 | G20: =+C20-G21 -> 0 | H20: =+B20/1000000 -> 1.81749 | I20: =+C20/1000 -> -15.213 | J20: 1832703 | K20: 1719992.6 | L20: 1945413.4
A21: Ocupada | B21: 1566482 | C21: =B21-J21 -> 98346 | D21: =C21/J21*100 -> 6.6986982 | E21: =IF(B21<K21,-1,IF(B21>L21,1,0)) -> 1 | F21: =SUM(B21:B22) -> 1817490 | G21: =SUM(C21:C22) -> -15213 | H21: =+B21/1000000 -> 1.566482 | I21: =+C21/1000 -> 98.346 | J21: 1468136 | K21: 1377610.3 | L21: 1558661.7
A22: Desempleada | B22: 251008 | C22: =B22-J22 -> -113559 | D22: =C22/J22*100 -> -31.149007 | E22: =IF(B22<K22,-1,IF(B22>L22,1,0)) -> -1 | H22: =+B22/1000 -> 251.008 | I22: =+C22/1000 -> -113.559 | J22: 364567 | K22: 315441.1 | L22: 413692.9
A24: 2.2 Fuera de la fuerza de trabajo | B24: 1179562 | C24: =B24-J24 -> 50772 | D24: =C24/J24*100 -> 4.4979137 | E24: =IF(B24<K24,-1,IF(B24>L24,1,0)) -> 0 | H24: =+B24/1000000 -> 1.179562 | J24: 1128790 | K24: 1064216.4 | L24: 1193363.6
A26: 3. Población ocupada1/ | B26: 1566482 | C26: =B26-J26 -> 98346 | D26: =C26/J26*100 -> 6.6986982 | E26: =IF(B26<K26,-1,IF(B26>L26,1,0)) -> 1 | J26: 1468136 | K26: 1377610.3 | L26: 1558661.7
A28: 3.1 Grupo de edad | B28: 1566482 | C28: =B28-J28 -> 98346 | D28: =C28/J28*100 -> 6.6986982 | E28: =IF(B28<K28,-1,IF(B28>L28,1,0)) -> 1 | F28: =+B28-F29 -> 0 | G28: =+C28-G29 -> 0 | J28: 1468136 | K28: 1377610.3 | L28: 1558661.7
A29: De 15 a 24 años | B29: 161879 | C29: =B29-J29 -> 6111 | D29: =C29/J29*100 -> 3.9231421 | E29: =IF(B29<K29,-1,IF(B29>L29,1,0)) -> 0 | F29: =SUM(B29:B34) -> 1566482 | G29: =SUM(C29:C34) -> 98346 | J29: 155768 | K29: 130685.31 | L29: 180850.69
A30: De 25 a 34 años | B30: 385278 | C30: =B30-J30 -> 27938 | D30: =C30/J30*100 -> 7.8183243 | E30: =IF(B30<K30,-1,IF(B30>L30,1,0)) -> 0 | J30: 357340 | K30: 319572.64 | L30: 395107.36
A31: De 35 a 44 años | B31: 402290 | C31: =B31-J31 -> 21129 | D31: =C31/J31*100 -> 5.5433268 | E31: =IF(B31<K31,-1,IF(B31>L31,1,0)) -> 0 | J31: 381161 | K31: 342900.71 | L31: 419421.29
A32: De 45 a 59 años | B32: 455028 | C32: =B32-J32 -> 17398 | D32: =C32/J32*100 -> 3.9755044 | E32: =IF(B32<K32,-1,IF(B32>L32,1,0)) -> 0 | J32: 437630 | K32: 400187.88 | L32: 475072.12
A33: De 60 años o más | B33: 161944 | C33: =B33-J33 -> 25825 | D33: =C33/J33*100 -> 18.97237 | E33: =IF(B33<K33,-1,IF(B33>L33,1,0)) -> 1 | J33: 136119 | K33: 114567.42 | L33: 157670.58
A34: No especificado | B34: 63 | C34: =B34-J34 -> -55 | D34: =C34/J34*100 -> -46.610169 | E34: 0 | J34: 118 | K34: - | L34: -
A36: 3.2 Condición de aseguramiento2/ | B36: 1566482 | C36: =B36-J36 -> 98346 | D36: =C36/J36*100 -> 6.6986982 | E36: =IF(B36<K36,-1,IF(B36>L36,1,0)) -> 1 | F36: =+B36-F37 -> 0 | G36: =+C36-G37 -> 0 | J36: 1468136 | K36: 1377610.3 | L36: 1558661.7
A37: No tiene seguro por trabajo | B37: 423239 | C37: =B37-J37 -> -20060 | D37: =C37/J37*100 -> -4.5251625 | E37: =IF(B37<K37,-1,IF(B37>L37,1,0)) -> 0 | F37: =SUM(B37:B38) -> 1566482 | G37: =SUM(C37:C38) -> 98346 | J37: 443299 | K37: 405624.82 | L37: 480973.18
A38: Tiene seguro por trabajo | B38: 1143243 | C38: =B38-J38 -> 118406 | D38: =C38/J38*100 -> 11.553642 | E38: =IF(B38<K38,-1,IF(B38>L38,1,0)) -> 1 | J38: 1024837 | K38: 950575.5 | L38: 1099098.5
A40: 3.3 Nivel de educación3/ | B40: 1566482 | C40: =B40-J40 -> 98346 | D40: =C40/J40*100 -> 6.6986982 | E40: =IF(B40<K40,-1,IF(B40>L40,1,0)) -> 1 | F40: =+B40-F41 -> 0 | G40: =+C40-G41 -> 0 | J40: 1468136 | K40: 1377610.3 | L40: 1558661.7
A41: Primaria incompleta o menos | B41: 87678 | C41: =B41-J41 -> -15885 | D41: =C41/J41*100 -> -15.33849 | E41: =IF(B41<K41,-1,IF(B41>L41,1,0)) -> 0 | F41: =SUM(B41:B47) -> 1566482 | G41: =SUM(C41:C47) -> 98346 | J41: 103563 | K41: 83022.526 | L41: 124103.47
A42: Primaria completa | B42: 306135 | C42: =B42-J42 -> 37675 | D42: =C42/J42*100 -> 14.033748 | E42: =IF(B42<K42,-1,IF(B42>L42,1,0)) -> 1 | J42: 268460 | K42: 238326.42 | L42: 298593.58
A43: Secundaria incompleta | B43: 355414 | C43: =B43-J43 -> 9184 | D43: =C43/J43*100 -> 2.652572 | E43: =IF(B43<K43,-1,IF(B43>L43,1,0)) -> 0 | J43: 346230 | K43: 307380.14 | L43: 385079.86
A44: Secundaria completa | B44: 311489 | C44: =B44-J44 -> 45732 | D44: =C44/J44*100 -> 17.208201 | E44: =IF(B44<K44,-1,IF(B44>L44,1,0)) -> 1 | J44: 265757 | K44: 231927.55 | L44: 299586.45
A45: Universitario sin título | B45: 93515 | C45: =B45-J45 -> 3522 | D45: =C45/J45*100 -> 3.9136377 | E45: =IF(B45<K45,-1,IF(B45>L45,1,0)) -> 0 | J45: 89993 | K45: 70349.747 | L45: 109636.25
A46: Universitario con título | B46: 411483 | C46: =B46-J46 -> 20095 | D46: =C46/J46*100 -> 5.1342913 | E46: =IF(B46<K46,-1,IF(B46>L46,1,0)) -> 0 | J46: 391388 | K46: 345269.25 | L46: 437506.75
A47: No especificado | B47: 768 | C47: =B47-J47 -> -1977 | D47: =C47/J47*100 -> -72.021858 | E47: 0 | J47: 2745 | K47: 0 | L47: 6483.5336
A49: 3.4 Búsqueda para cambiar de trabajo4/ | B49: 1566482 | C49: =B49-J49 -> 98346 | D49: =C49/J49*100 -> 6.6986982 | E49: =IF(B49<K49,-1,IF(B49>L49,1,0)) -> 1 | F49: =+B49-F50 -> 0 | G49: =+C49-G50 -> 0 | J49: 1468136 | K49: 1377610.3 | L49: 1558661.7
A50: Ocupado que no busca cambiar de trabajo | B50: 1441109 | C50: =B50-J50 -> 154418 | D50: =C50/J50*100 -> 12.001172 | E50: =IF(B50<K50,-1,IF(B50>L50,1,0)) -> 1 | F50: =SUM(B50:B51) -> 1566482 | G50: =SUM(C50:C51) -> 98346 | J50: 1286691 | K50: 1201426.8 | L50: 1371955.2
A51: Ocupado que busca cambiar de trabajo | B51: 125373 | C51: =B51-J51 -> -56072 | D51: =C51/J51*100 -> -30.903028 | E51: =IF(B51<K51,-1,IF(B51>L51,1,0)) -> -1 | J51: 181445 | K51: 153614.56 | L51: 209275.44
A53: 3.5 Formalidad e informalidad | B53: 1566482 | C53: =B53-J53 -> 98346 | D53: =C53/J53*100 -> 6.6986982 | E53: =IF(B53<K53,-1,IF(B53>L53,1,0)) -> 1 | J53: 1468136 | K53: 1355761.8 | L53: 1560112.2
A54: Ocupado con empleo formal | B54: 944516 | C54: =B54-J54 -> 117689 | D54: =C54/J54*100 -> 14.233812 | E54: =IF(B54<K54,-1,IF(B54>L54,1,0)) -> 1 | J54: 826827
A55: Ocupado con empleo informal | B55: 621966 | C55: =B55-J55 -> -19343 | D55: =C55/J55*100 -> -3.0161747 | E55: =IF(B55<K55,-1,IF(B55>L55,1,0)) -> 0 | J55: 641309 | K55: 597331.77 | L55: 685286.23
A57: 4. Población desempleada5/ | B57: 251008 | C57: =B57-J57 -> -113559 | D57: =C57/J57*100 -> -31.149007 | E57: =IF(B57<K57,-1,IF(B57>L57,1,0)) -> -1 | J57: 364567 | K57: 315441.1 | L57: 413692.9
A59: 4.1 Tipo desempleado | B59: 251008 | C59: =B59-J59 -> -113559 | D59: =C59/J59*100 -> -31.149007 | E59: =IF(B59<K59,-1,IF(B59>L59,1,0)) -> -1 | F59: =+B59-F61 -> 0 | G59: =+C59-G61 -> 0 | J59: 364567 | K59: 315441.1 | L59: 413692.9
A60: Con experiencia | B60: 207573 | C60: =B60-J60 -> -102772 | D60: =C60/J60*100 -> -33.115404 | E60: =IF(B60<K60,-1,IF(B60>L60,1,0)) -> -1 | F60: =+B60-F62 -> 0 | G60: =+C60-G62 -> 0 | J60: 310345 | K60: 273763.46 | L60: 346926.54
A61: Por razones del mercado y cierre de actividades propias6/ | B61: 170042 | C61: =B61-J61 -> -111688 | D61: =C61/J61*100 -> -39.64363 | E61: =IF(B61<K61,-1,IF(B61>L61,1,0)) -> -1 | F61: =+B60+B63 -> 251008 | G61: =+C60+C63 -> -113559 | J61: 281730 | K61: 251469.61 | L61: 311990.39
A62: Por razones personales7/ | B62: 37531 | C62: =B62-J62 -> 8916 | D62: =C62/J62*100 -> 31.158483 | E62: =IF(B62<K62,-1,IF(B62>L62,1,0)) -> 0 | F62: =+B62+B61 -> 207573 | G62: =+C62+C61 -> -102772 | J62: 28615 | K62: 17485.365 | L62: 39744.635
A63: Sin experiencia | B63: 43435 | C63: =B63-J63 -> -10787 | D63: =C63/J63*100 -> -19.894139 | E63: =IF(B63<K63,-1,IF(B63>L63,1,0)) -> 0 | J63: 54222 | K63: 36225.299 | L63: 72218.701
A65: 4.2 Grupo de edad | B65: 251008 | C65: =B65-J65 -> -113559 | D65: =C65/J65*100 -> -31.149007 | E65: =IF(B65<K65,-1,IF(B65>L65,1,0)) -> -1 | F65: =+B65-F66 -> 0 | G65: =+C65-G66 -> #VALUE! | J65: 364567 | K65: 315441.1 | L65: 413692.9
A66: De 15 a 24 años | B66: 84811 | C66: =B66-J66 -> -51322 | D66: =C66/J66*100 -> -37.699896 | E66: =IF(B66<K66,-1,IF(B66>L66,1,0)) -> -1 | F66: =SUM(B66:B71) -> 251008 | G66: =SUM(C66:C71) -> #VALUE! | J66: 136133 | K66: 112228.2 | L66: 160037.8
A67: De 25 a 34 años | B67: 70513 | C67: =B67-J67 -> -16880 | D67: =C67/J67*100 -> -19.315048 | E67: =IF(B67<K67,-1,IF(B67>L67,1,0)) -> -1 | J67: 87393 | K67: 70793.94 | L67: 103992.06
A68: De 35 a 44 años | B68: 45775 | C68: =B68-J68 -> -27002 | D68: =C68/J68*100 -> -37.102381 | E68: =IF(B68<K68,-1,IF(B68>L68,1,0)) -> -1 | J68: 72777 | K68: 55102.995 | L68: 90451.005
A69: De 45 a 59 años | B69: 41064 | C69: =B69-J69 -> -8235 | D69: =C69/J69*100 -> -16.704193 | E69: =IF(B69<K69,-1,IF(B69>L69,1,0)) -> 0 | J69: 49299 | K69: 34754.613 | L69: 63843.387
A70: De 60 años o más | B70: 8845 | C70: =B70-J70 -> -10120 | D70: =C70/J70*100 -> -53.361455 | E70: =IF(B70<K70,-1,IF(B70>L70,1,0)) -> -1 | J70: 18965 | K70: 11310.99 | L70: 26619.01
A71: No especificado | B71: - | C71: =B71-J71 -> #VALUE! | D71: =C71/J71*100 -> #VALUE! | E71: 0 | J71: - | K71: - | L71: -
A73: 4.3 Nivel de educación3/ | B73: 251008 | C73: =B73-J73 -> -113559 | D73: =C73/J73*100 -> -31.149007 | E73: =IF(B73<K73,-1,IF(B73>L73,1,0)) -> -1 | F73: =+B73-F74 -> 0 | G73: =+C73-G74 -> #VALUE! | J73: 364567 | K73: 315441.1 | L73: 413692.9
A74: Primaria incompleta o menos | B74: 19341 | C74: =B74-J74 -> 2886 | D74: =C74/J74*100 -> 17.538742 | E74: =IF(B74<K74,-1,IF(B74>L74,1,0)) -> 0 | F74: =SUM(B74:B80) -> 251008 | G74: =SUM(C74:C80) -> #VALUE! | J74: 16455 | K74: 9332.1117 | L74: 23577.888
A75: Primaria completa | B75: 35619 | C75: =B75-J75 -> -24372 | D75: =C75/J75*100 -> -40.626094 | E75: =IF(B75<K75,-1,IF(B75>L75,1,0)) -> -1 | J75: 59991 | K75: 44342.256 | L75: 75639.744
A76: Secundaria incompleta | B76: 73109 | C76: =B76-J76 -> -32146 | D76: =C76/J76*100 -> -30.541067 | E76: =IF(B76<K76,-1,IF(B76>L76,1,0)) -> -1 | J76: 105255 | K76: 82048.463 | L76: 128461.54
A77: Secundaria completa | B77: 69256 | C77: =B77-J77 -> -42293 | D77: =C77/J77*100 -> -37.91428 | E77: =IF(B77<K77,-1,IF(B77>L77,1,0)) -> -1 | J77: 111549 | K77: 92710.045 | L77: 130387.96
A78: Universitario sin título | B78: 22568 | C78: =B78-J78 -> -11208 | D78: =C78/J78*100 -> -33.183325 | E78: =IF(B78<K78,-1,IF(B78>L78,1,0)) -> -1 | J78: 33776 | K78: 22975.586 | L78: 44576.414
A79: Universitario con título | B79: 31115 | C79: =B79-J79 -> -6260 | D79: =C79/J79*100 -> -16.749164 | E79: =IF(B79<K79,-1,IF(B79>L79,1,0)) -> 0 | J79: 37375 | K79: 26221.518 | L79: 48528.482
A80: No especificado | B80: - | C80: =B80-J80 -> #VALUE! | D80: =C80/J80*100 -> #VALUE! | E80: 0 | J80: 166 | K80: - | L80: -
A82: 5. Población fuera de la fuerza de trabajo | B82: 1179562 | C82: =B82-J82 -> 50772 | D82: =C82/J82*100 -> 4.4979137 | E82: =IF(B82<K82,-1,IF(B82>L82,1,0)) -> 0 | J82: 1128790 | K82: 1064216.4 | L82: 1193363.6
A84: 5.1 Disponibilidad | B84: 1179562 | C84: =B84-J84 -> 50772 | D84: =C84/J84*100 -> 4.4979137 | E84: =IF(B84<K84,-1,IF(B84>L84,1,0)) -> 0 | F84: =+B84-F85 -> 0 | G84: =+C84-G85 -> 0 | J84: 1128790 | K84: 1064216.4 | L84: 1193363.6
A85: No disponible para trabajar8/ | B85: 1103580 | C85: =B85-J85 -> 39954 | D85: =C85/J85*100 -> 3.7563956 | E85: =IF(B85<K85,-1,IF(B85>L85,1,0)) -> 0 | F85: =SUM(B85:B87) -> 1179562 | G85: =SUM(C85:C87) -> 50772 | J85: 1063626 | K85: 999537.5 | L85: 1127714.5
A86: Disponible con limitaciones9/ | B86: 58219 | C86: =B86-J86 -> 18686 | D86: =C86/J86*100 -> 47.26684 | E86: =IF(B86<K86,-1,IF(B86>L86,1,0)) -> 1 | J86: 39533 | K86: 31879.77 | L86: 47186.23
A87: Disponible desalentada10/ | B87: 17763 | C87: =B87-J87 -> -7868 | D87: =C87/J87*100 -> -30.697203 | E87: =IF(B87<K87,-1,IF(B87>L87,1,0)) -> 0 | J87: 25631 | K87: 17201.931 | L87: 34060.069
A89: 5.2 Grupo de edad | B89: 1179562 | C89: =B89-J89 -> 50772 | D89: =C89/J89*100 -> 4.4979137 | E89: =IF(B89<K89,-1,IF(B89>L89,1,0)) -> 0 | F89: =+B89-F90 -> 0 | G89: =+C89-G90 -> 0 | J89: 1128790 | K89: 1064216.4 | L89: 1193363.6
A90: De 15 a 24 años | B90: 303189 | C90: =B90-J90 -> 16523 | D90: =C90/J90*100 -> 5.7638506 | E90: =IF(B90<K90,-1,IF(B90>L90,1,0)) -> 0 | F90: =SUM(B90:B95) -> 1179562 | G90: =SUM(C90:C95) -> 50772 | J90: 286666 | K90: 255389.86 | L90: 317942.14
A91: De 25 a 34 años | B91: 79299 | C91: =B91-J91 -> -643 | D91: =C91/J91*100 -> -0.80433314 | E91: =IF(B91<K91,-1,IF(B91>L91,1,0)) -> 0 | J91: 79942 | K91: 65810.736 | L91: 94073.264
A92: De 35 a 44 años | B92: 78812 | C92: =B92-J92 -> 21000 | D92: =C92/J92*100 -> 36.324638 | E92: =IF(B92<K92,-1,IF(B92>L92,1,0)) -> 1 | J92: 57812 | K92: 45446.78 | L92: 70177.22
A93: De 45 a 59 años | B93: 163942 | C93: =B93-J93 -> -8623 | D93: =C93/J93*100 -> -4.9969577 | E93: =IF(B93<K93,-1,IF(B93>L93,1,0)) -> 0 | J93: 172565 | K93: 152481.98 | L93: 192648.02
A94: De 60 años o más | B94: 553249 | C94: =B94-J94 -> 23021 | D94: =C94/J94*100 -> 4.3417171 | E94: =IF(B94<K94,-1,IF(B94>L94,1,0)) -> 0 | J94: 530228 | K94: 478038.44 | L94: 582417.56
A95: No especificado | B95: 1071 | C95: =B95-J95 -> -506 | D95: =C95/J95*100 -> -32.08624 | E95: 0 | J95: 1577 | K95: 0 | L95: 3931.5768
A97: 5.3 Nivel de educación3/ | B97: 1179562 | C97: =B97-J97 -> 50772 | D97: =C97/J97*100 -> 4.4979137 | E97: =IF(B97<K97,-1,IF(B97>L97,1,0)) -> 0 | F97: =+B97-F98 -> 0 | G97: =+C97-G98 -> 0 | J97: 1128790 | K97: 1064216.4 | L97: 1193363.6
A98: Primaria incompleta o menos | B98: 177999 | C98: =B98-J98 -> -10483 | D98: =C98/J98*100 -> -5.5618043 | E98: =IF(B98<K98,-1,IF(B98>L98,1,0)) -> 0 | F98: =SUM(B98:B104) -> 1179562 | G98: =SUM(C98:C104) -> 50772 | J98: 188482 | K98: 165733.04 | L98: 211230.96
A99: Primaria completa | B99: 272307 | C99: =B99-J99 -> -951 | D99: =C99/J99*100 -> -0.34802275 | E99: =IF(B99<K99,-1,IF(B99>L99,1,0)) -> 0 | J99: 273258 | K99: 239390.15 | L99: 307125.85
A100: Secundaria incompleta | B100: 334812 | C100: =B100-J100 -> 34772 | D100: =C100/J100*100 -> 11.589121 | E100: =IF(B100<K100,-1,IF(B100>L100,1,0)) -> 1 | J100: 300040 | K100: 269407.09 | L100: 330672.91
A101: Secundaria completa | B101: 162352 | C101: =B101-J101 -> -9750 | D101: =C101/J101*100 -> -5.665245 | E101: =IF(B101<K101,-1,IF(B101>L101,1,0)) -> 0 | J101: 172102 | K101: 147790.91 | L101: 196413.09
A102: Universitario sin título | B102: 68114 | C102: =B102-J102 -> 1370 | D102: =C102/J102*100 -> 2.052619 | E102: =IF(B102<K102,-1,IF(B102>L102,1,0)) -> 0 | J102: 66744 | K102: 53953.402 | L102: 79534.598
A103: Universitario con título | B103: 163882 | C103: =B103-J103 -> 36276 | D103: =C103/J103*100 -> 28.42813 | E103: =IF(B103<K103,-1,IF(B103>L103,1,0)) -> 1 | J103: 127606 | K103: 102033.1 | L103: 153178.9
A104: No especificado | B104: 96 | C104: =B104-J104 -> -462 | D104: =C104/J104*100 -> -82.795699 | E104: 0 | J104: 558 | K104: 65.549865 | L104: 1050.4501
A106: 6. Porcentajes
A108: 6.1 Tasas de la población de 15 años o más
A109: Tasa neta de participación | B109: 60.642591 | C109: =B109-J109 -> -1.2418364 | D109: =C109/J109*100 -> -2.0067026 | E109: =IF(B109<K109,-1,IF(B109>L109,1,0)) -> 0 | J109: 61.884428 | K109: 60.108896 | L109: 63.65996
A110: Tasa de ocupación11/ | B110: 52.267428 | C110: =B110-J110 -> 2.6932438 | D110: =C110/J110*100 -> 5.4327545 | E110: =IF(B110<K110,-1,IF(B110>L110,1,0)) -> 1 | J110: 49.574184 | K110: 47.969121 | L110: 51.179247
A111: Tasa de no participación | B111: 39.357409 | C111: =B111-J111 -> 1.2418364 | D111: =C111/J111*100 -> 3.2580816 | E111: =IF(B111<K111,-1,IF(B111>L111,1,0)) -> 0 | J111: 38.115572 | K111: 36.34004 | L111: 39.891104
A113: 6.2 Tasas de la fuerza de trabajo
A114: Tasa de desempleo12/ | B114: 13.810695 | C114: =B114-J114 -> -6.0816171 | D114: =C114/J114*100 -> -30.572701 | E114: =IF(B114<K114,-1,IF(B114>L114,1,0)) -> -1 | J114: 19.892312 | K114: 17.749108 | L114: 22.035516
A115: Tasa de presión general13/ | B115: 20.708835 | C115: =B115-J115 -> -9.0838813 | D115: =C115/J115*100 -> -30.490276 | E115: =IF(B115<K115,-1,IF(B115>L115,1,0)) -> -1 | J115: 29.792716 | K115: 27.327057 | L115: 32.258375
A117: 6.3 Porcentaje de la población ocupada
A118: Porcentaje de ocupados con seguro por trabajo14/ | B118: 72.98156 | C118: =B118-J118 -> 3.1762422 | D118: =C118/J118*100 -> 4.5501436 | E118: =IF(B118<K118,-1,IF(B118>L118,1,0)) -> 1 | J118: 69.805318 | K118: 67.734301 | L118: 71.876335
A119: Porcentaje de ocupados con subempleo | B119: 10.666513 | C119: =B119-J119 -> -5.3869048 | D119: =C119/J119*100 -> -33.556125 | E119: =IF(B119<K119,-1,IF(B119>L119,1,0)) -> -1 | J119: 16.053417 | K119: 14.362939 | L119: 17.743895
A120: Porcentaje de ocupados con empleo informal15/ | B120: 39.704638 | C120: =B120-J120 -> -3.9772148 | D120: =C120/J120*100 -> -9.1049592 | E120: =IF(B120<K120,-1,IF(B120>L120,1,0)) -> -1 | J120: 43.681852 | K120: 41.42713 | L120: 45.936575
A122: 6.4 Otros indicadores complementarios
A123: Tasa de desempleo ampliado16/ | B123: 14.644902 | C123: =B123-J123 -> -6.3522924 | D123: =C123/J123*100 -> -30.253054 | E123: =IF(B123<K123,-1,IF(B123>L123,1,0)) -> -1 | J123: 20.997194 | K123: 18.835546 | L123: 23.158842
A124: 1/ Personas en la fuerza de trabajo que participaron en la producción de bienes y servicios económicos (trabajaron) por lo menos una hora en la semana de referencia. Incluye a las personas que pese a tener trabajo no lo realizaron en la semana de referencia, por alguna circunstancia especial pero tienen garantía de retornar al trabajo, siguen recibiendo sueldo por el trabajo y su periodo de ausencia no sobrepasa un mes.
...

Sheet C1 rural
A1: Cuadro 1.2
A2: Costa Rica zona rural: Población nacional según indicadores generales de la condición de actividad
A3: =+'C1 urbano'!A3:E3 -> I Trimestre 2022 | J3: Mismo trimestre año anterior
A4: Indicadores generales | B4: =+'C1 urbano'!B4 -> I 2022 | C4: Variación Interanual | E4: Resultado de la prueba de significancia | F4: Revisión totales y dif | H4: Para boletín | J4: Estimación | K4: Intervalo de confianza al 95%
B5: =+'C1 urbano'!B5 -> Ene - Mar | C5: Diferencia | D5: % | H5: Q | K5: Inferior | L5: Superior
A7: 1. Población total rural | B7: 1427439 | C7: =B7-J7 -> 15331 | D7: =C7/J7*100 -> 1.0856818 | E7: =IF(B7<K7,-1,IF(B7>L7,1,0)) -> 0 | J7: 1412108 | K7: 1369778.9 | L7: 1454437.1
A9: 1.1 Grupo de edad | B9: 1427439 | C9: =B9-J9 -> 15331 | D9: =C9/J9*100 -> 1.0856818 | E9: =IF(B9<K9,-1,IF(B9>L9,1,0)) -> 0 | F9: =+B9-F10 -> 0 | G9: =+C9-G10 -> 0 | J9: 1412108 | K9: 1369778.9 | L9: 1454437.1
A10: De 0 a 14 años | B10: 343533 | C10: =B10-J10 -> 114 | D10: =C10/J10*100 -> 0.033195601 | E10: =IF(B10<K10,-1,IF(B10>L10,1,0)) -> 0 | F10: =SUM(B10:B16) -> 1427439 | G10: =SUM(C10:C16) -> 15331 | J10: 343419 | K10: 322088.13 | L10: 364749.87
A11: De 15 a 24 años | B11: 232973 | C11: =B11-J11 -> 196 | D11: =C11/J11*100 -> 0.084200759 | E11: =IF(B11<K11,-1,IF(B11>L11,1,0)) -> 0 | J11: 232777 | K11: 218937.1 | L11: 246616.9
A12: De 25 a 34 años | B12: 187445 | C12: =B12-J12 -> -12988 | D12: =C12/J12*100 -> -6.4799709 | E12: =IF(B12<K12,-1,IF(B12>L12,1,0)) -> -1 | J12: 200433 | K12: 187744.52 | L12: 213121.48
A13: De 35 a 44 años | B13: 196083 | C13: =B13-J13 -> 8433 | D13: =C13/J13*100 -> 4.4940048 | E13: =IF(B13<K13,-1,IF(B13>L13,1,0)) -> 0 | J13: 187650 | K13: 176277.58 | L13: 199022.42
A14: De 45 a 59 años | B14: 244201 | C14: =B14-J14 -> -939 | D14: =C14/J14*100 -> -0.38304642 | E14: =IF(B14<K14,-1,IF(B14>L14,1,0)) -> 0 | J14: 245140 | K14: 230859.87 | L14: 259420.13
A15: De 60 años o más | B15: 222241 | C15: =B15-J15 -> 20432 | D15: =C15/J15*100 -> 10.124425 | E15: =IF(B15<K15,-1,IF(B15>L15,1,0)) -> 1 | J15: 201809 | K15: 189142.19 | L15: 214475.81
A16: No especificado | B16: 963 | C16: =B16-J16 -> 83 | D16: =C16/J16*100 -> 9.4318182 | E16: 0 | J16: 880 | K16: 0 | L16: 1937.88
A18: 2. Población de 15 años y más | B18: 1083906 | C18: =B18-J18 -> 15217 | D18: =C18/J18*100 -> 1.4238941 | E18: =IF(B18<K18,-1,IF(B18>L18,1,0)) -> 0 | J18: 1068689 | K18: 1038763 | L18: 1098615
A20: 2.1 Fuerza de trabajo | B20: 614813 | C20: =B20-J20 -> -2837 | D20: =C20/J20*100 -> -0.45932162 | E20: =IF(B20<K20,-1,IF(B20>L20,1,0)) -> 0 | F20: =+B20-F21 -> 0 | G20: =+C20-G21 -> 0 | H20: =+B20/1000 -> 614.813 | I20: =+C20/1000 -> -2.837 | J20: 617650 | K20: 593693.27 | L20: 641606.73
A21: Ocupada | B21: 535594 | C21: =B21-J21 -> 11376 | D21: =C21/J21*100 -> 2.1700895 | E21: =IF(B21<K21,-1,IF(B21>L21,1,0)) -> 0 | F21: =SUM(B21:B22) -> 614813 | G21: =SUM(C21:C22) -> -2837 | H21: =+B21/1000 -> 535.594 | I21: =+C21/1000 -> 11.376 | J21: 524218 | K21: 502120.18 | L21: 546315.82
A22: Desempleada | B22: 79219 | C22: =B22-J22 -> -14213 | D22: =C22/J22*100 -> -15.212133 | E22: =IF(B22<K22,-1,IF(B22>L22,1,0)) -> -1 | H22: =+B22/1000 -> 79.219 | I22: =+C22/1000 -> -14.213 | J22: 93432 | K22: 85347.437 | L22: 101516.56
A24: 2.2 Fuera de la fuerza de trabajo | B24: 469093 | C24: =B24-J24 -> 18054 | D24: =C24/J24*100 -> 4.0027581 | E24: =IF(B24<K24,-1,IF(B24>L24,1,0)) -> 1 | H24: =+B24/1000 -> 469.093 | J24: 451039 | K24: 433410.17 | L24: 468667.83
A26: 3. Población ocupada1/ | B26: 535594 | C26: =B26-J26 -> 11376 | D26: =C26/J26*100 -> 2.1700895 | E26: =IF(B26<K26,-1,IF(B26>L26,1,0)) -> 0 | J26: 524218 | K26: 502120.18 | L26: 546315.82
A28: 3.1 Grupo de edad | B28: 535594 | C28: =B28-J28 -> 11376 | D28: =C28/J28*100 -> 2.1700895 | E28: =IF(B28<K28,-1,IF(B28>L28,1,0)) -> 0 | F28: =+B28-F29 -> 0 | G28: =+C28-G29 -> 0 | J28: 524218 | K28: 502120.18 | L28: 546315.82
A29: De 15 a 24 años | B29: 61916 | C29: =B29-J29 -> -2395 | D29: =C29/J29*100 -> -3.7240907 | E29: =IF(B29<K29,-1,IF(B29>L29,1,0)) -> 0 | F29: =SUM(B29:B34) -> 535594 | G29: =SUM(C29:C34) -> 11376 | J29: 64311 | K29: 56873.417 | L29: 71748.583
A30: De 25 a 34 años | B30: 123835 | C30: =B30-J30 -> -5044 | D30: =C30/J30*100 -> -3.9137486 | E30: =IF(B30<K30,-1,IF(B30>L30,1,0)) -> 0 | J30: 128879 | K30: 119166.6 | L30: 138591.4
A31: De 35 a 44 años | B31: 135227 | C31: =B31-J31 -> 11356 | D31: =C31/J31*100 -> 9.1676018 | E31: =IF(B31<K31,-1,IF(B31>L31,1,0)) -> 1 | J31: 123871 | K31: 114454.36 | L31: 133287.64
A32: De 45 a 59 años | B32: 153763 | C32: =B32-J32 -> -1735 | D32: =C32/J32*100 -> -1.11577 | E32: =IF(B32<K32,-1,IF(B32>L32,1,0)) -> 0 | J32: 155498 | K32: 143668.74 | L32: 167327.26
A33: De 60 años o más | B33: 60289 | C33: =B33-J33 -> 8970 | D33: =C33/J33*100 -> 17.478906 | E33: =IF(B33<K33,-1,IF(B33>L33,1,0)) -> 1 | J33: 51319 | K33: 44681.594 | L33: 57956.406
A34: No especificado | B34: 564 | C34: =B34-J34 -> 224 | D34: =C34/J34*100 -> 65.882353 | E34: 0 | J34: 340 | K34: - | L34: -
A36: 3.2 Condición de aseguramiento2/ | B36: 535594 | C36: =B36-J36 -> 11376 | D36: =C36/J36*100 -> 2.1700895 | E36: =IF(B36<K36,-1,IF(B36>L36,1,0)) -> 0 | F36: =+B36-F37 -> 0 | G36: =+C36-G37 -> 0 | J36: 524218 | K36: 502120.18 | L36: 546315.82
A37: No tiene seguro por trabajo | B37: 195738 | C37: =B37-J37 -> -611 | D37: =C37/J37*100 -> -0.3111806 | E37: =IF(B37<K37,-1,IF(B37>L37,1,0)) -> 0 | F37: =SUM(B37:B38) -> 535594 | G37: =SUM(C37:C38) -> 11376 | J37: 196349 | K37: 181817.2 | L37: 210880.8
A38: Tiene seguro por trabajo | B38: 339856 | C38: =B38-J38 -> 11987 | D38: =C38/J38*100 -> 3.6560334 | E38: =IF(B38<K38,-1,IF(B38>L38,1,0)) -> 0 | J38: 327869 | K38: 312275.79 | L38: 343462.21
A40: 3.3 Nivel de educación3/ | B40: 535594 | C40: =B40-J40 -> 11376 | D40: =C40/J40*100 -> 2.1700895 | E40: =IF(B40<K40,-1,IF(B40>L40,1,0)) -> 0 | F40: =+B40-F41 -> 0 | G40: =+C40-G41 -> #VALUE! | J40: 524218 | K40: 502120.18 | L40: 546315.82
A41: Primaria incompleta o menos | B41: 82599 | C41: =B41-J41 -> 3818 | D41: =C41/J41*100 -> 4.8463462 | E41: =IF(B41<K41,-1,IF(B41>L41,1,0)) -> 0 | F41: =SUM(B41:B47) -> 535594 | G41: =SUM(C41:C47) -> #VALUE! | J41: 78781 | K41: 70330.999 | L41: 87231.001
A42: Primaria completa | B42: 176298 | C42: =B42-J42 -> -11459 | D42: =C42/J42*100 -> -6.1031013 | E42: =IF(B42<K42,-1,IF(B42>L42,1,0)) -> 0 | J42: 187757 | K42: 172482.74 | L42: 203031.26
A43: Secundaria incompleta | B43: 100979 | C43: =B43-J43 -> -9901 | D43: =C43/J43*100 -> -8.9294733 | E43: =IF(B43<K43,-1,IF(B43>L43,1,0)) -> -1 | J43: 110880 | K43: 101811.77 | L43: 119948.23
A44: Secundaria completa | B44: 81243 | C44: =B44-J44 -> 9388 | D44: =C44/J44*100 -> 13.065201 | E44: =IF(B44<K44,-1,IF(B44>L44,1,0)) -> 1 | J44: 71855 | K44: 63585.451 | L44: 80124.549
A45: Universitario sin título | B45: 22096 | C45: =B45-J45 -> 2631 | D45: =C45/J45*100 -> 13.516568 | E45: =IF(B45<K45,-1,IF(B45>L45,1,0)) -> 0 | J45: 19465 | K45: 15826.678 | L45: 23103.322
A46: Universitario con título | B46: 72379 | C46: =B46-J46 -> 17467 | D46: =C46/J46*100 -> 31.809076 | E46: =IF(B46<K46,-1,IF(B46>L46,1,0)) -> 1 | J46: 54912 | K46: 46590.227 | L46: 63233.773
A47: No especificado | B47: - | C47: =B47-J47 -> #VALUE! | D47: =C47/J47*100 -> #VALUE! | E47: 0 | J47: 568 | K47: 111.69031 | L47: 1024.3097
A49: 3.4 Búsqueda para cambiar de trabajo4/ | B49: 535594 | C49: =B49-J49 -> 11376 | D49: =C49/J49*100 -> 2.1700895 | E49: =IF(B49<K49,-1,IF(B49>L49,1,0)) -> 0 | F49: =+B49-F50 -> 0 | G49: =+C49-G50 -> 0 | J49: 524218 | K49: 502120.18 | L49: 546315.82
A50: Ocupado que no busca cambiar de trabajo | B50: 481259 | C50: =B50-J50 -> 16157 | D50: =C50/J50*100 -> 3.4738616 | E50: =IF(B50<K50,-1,IF(B50>L50,1,0)) -> 0 | F50: =SUM(B50:B51) -> 535594 | G50: =SUM(C50:C51) -> 11376 | J50: 465102 | K50: 444819.57 | L50: 485384.43
A51: Ocupado que busca cambiar de trabajo | B51: 54335 | C51: =B51-J51 -> -4781 | D51: =C51/J51*100 -> -8.087489 | E51: =IF(B51<K51,-1,IF(B51>L51,1,0)) -> 0 | J51: 59116 | K51: 51671.582 | L51: 66560.418
A53: 3.5 Formalidad e informalidad | B53: 535594 | C53: =B53-J53 -> 11376 | D53: =C53/J53*100 -> 2.1700895 | E53: =IF(B53<K53,-1,IF(B53>L53,1,0)) -> 1 | J53: 524218 | K53: 475178.67 | L53: 515249.33
A54: Ocupado con empleo formal | B54: 252914 | C54: =B54-J54 -> 16497 | D54: =C54/J54*100 -> 6.9779246 | E54: =IF(B54<K54,-1,IF(B54>L54,1,0)) -> 1 | J54: 236417
A55: Ocupado con empleo informal | B55: 282680 | C55: =B55-J55 -> -5121 | D55: =C55/J55*100 -> -1.7793545 | E55: =IF(B55<K55,-1,IF(B55>L55,1,0)) -> 0 | J55: 287801 | K55: 267441.74 | L55: 308160.26
A57: 4. Población desempleada5/ | B57: 79219 | C57: =B57-J57 -> -14213 | D57: =C57/J57*100 -> -15.212133 | E57: =IF(B57<K57,-1,IF(B57>L57,1,0)) -> -1 | J57: 93432 | K57: 85347.437 | L57: 101516.56
A59: 4.1 Tipo desempleado | B59: 79219 | C59: =B59-J59 -> -14213 | D59: =C59/J59*100 -> -15.212133 | E59: =IF(B59<K59,-1,IF(B59>L59,1,0)) -> -1 | F59: =+B59-F61 -> 0 | G59: =+C59-G61 -> 0 | J59: 93432 | K59: 85347.437 | L59: 101516.56
A60: Con experiencia | B60: 68374 | C60: =B60-J60 -> -12799 | D60: =C60/J60*100 -> -15.767558 | E60: =IF(B60<K60,-1,IF(B60>L60,1,0)) -> -1 | F60: =+B60-F62 -> 0 | G60: =+C60-G62 -> 0 | J60: 81173 | K60: 75014.402 | L60: 87331.598
A61: Por razones del mercado y cierre de actividades propias6/ | B61: 59456 | C61: =B61-J61 -> -14417 | D61: =C61/J61*100 -> -19.515926 | E61: =IF(B61<K61,-1,IF(B61>L61,1,0)) -> -1 | F61: =+B60+B63 -> 79219 | G61: =+C60+C63 -> -14213 | J61: 73873 | K61: 68244.813 | L61: 79501.187
A62: Por razones personales7/ | B62: 8918 | C62: =B62-J62 -> 1618 | D62: =C62/J62*100 -> 22.164384 | E62: =IF(B62<K62,-1,IF(B62>L62,1,0)) -> 0 | F62: =+B62+B61 -> 68374 | G62: =+C62+C61 -> -12799 | J62: 7300 | K62: 4751.1417 | L62: 9848.8583
A63: Sin experiencia | B63: 10845 | C63: =B63-J63 -> -1414 | D63: =C63/J63*100 -> -11.534383 | E63: =IF(B63<K63,-1,IF(B63>L63,1,0)) -> 0 | J63: 12259 | K63: 9381.5237 | L63: 15136.476
A65: 4.2 Grupo de edad | B65: 79219 | C65: =B65-J65 -> -14213 | D65: =C65/J65*100 -> -15.212133 | E65: =IF(B65<K65,-1,IF(B65>L65,1,0)) -> -1 | F65: =+B65-F66 -> 0 | G65: =+C65-G66 -> 0 | J65: 93432 | K65: 85347.437 | L65: 101516.56
A66: De 15 a 24 años | B66: 31285 | C66: =B66-J66 -> -4124 | D66: =C66/J66*100 -> -11.646756 | E66: =IF(B66<K66,-1,IF(B66>L66,1,0)) -> 0 | F66: =SUM(B66:B71) -> 79219 | G66: =SUM(C66:C71) -> -14213 | J66: 35409 | K66: 30495.502 | L66: 40322.498
A67: De 25 a 34 años | B67: 19394 | C67: =B67-J67 -> -5696 | D67: =C67/J67*100 -> -22.702272 | E67: =IF(B67<K67,-1,IF(B67>L67,1,0)) -> -1 | J67: 25090 | K67: 21285.351 | L67: 28894.649
A68: De 35 a 44 años | B68: 13775 | C68: =B68-J68 -> -3470 | D68: =C68/J68*100 -> -20.121774 | E68: =IF(B68<K68,-1,IF(B68>L68,1,0)) -> -1 | J68: 17245 | K68: 14261.79 | L68: 20228.21
A69: De 45 a 59 años | B69: 11144 | C69: =B69-J69 -> -819 | D69: =C69/J69*100 -> -6.8461088 | E69: =IF(B69<K69,-1,IF(B69>L69,1,0)) -> 0 | J69: 11963 | K69: 9499.7509 | L69: 14426.249
A70: De 60 años o más | B70: 3407 | C70: =B70-J70 -> -236 | D70: =C70/J70*100 -> -6.4781773 | E70: =IF(B70<K70,-1,IF(B70>L70,1,0)) -> 0 | J70: 3643 | K70: 2155.5174 | L70: 5130.4826
A71: No especificado | B71: 214 | C71: =B71-J71 -> 132 | D71: =C71/J71*100 -> 160.97561 | E71: 0 | J71: 82 | K71: - | L71: -
A73: 4.3 Nivel de educación3/ | B73: 79219 | C73: =B73-J73 -> -14213 | D73: =C73/J73*100 -> -15.212133 | E73: =IF(B73<K73,-1,IF(B73>L73,1,0)) -> -1 | F73: =+B73-F74 -> 0 | G73: =+C73-G74 -> #VALUE! | J73: 93432 | K73: 85347.437 | L73: 101516.56
A74: Primaria incompleta o menos | B74: 9576 | C74: =B74-J74 -> -631 | D74: =C74/J74*100 -> -6.1820319 | E74: =IF(B74<K74,-1,IF(B74>L74,1,0)) -> 0 | F74: =SUM(B74:B80) -> 79219 | G74: =SUM(C74:C80) -> #VALUE! | J74: 10207 | K74: 7804.4103 | L74: 12609.59
A75: Primaria completa | B75: 15601 | C75: =B75-J75 -> -7039 | D75: =C75/J75*100 -> -31.090989 | E75: =IF(B75<K75,-1,IF(B75>L75,1,0)) -> -1 | J75: 22640 | K75: 19279.829 | L75: 26000.171
A76: Secundaria incompleta | B76: 18913 | C76: =B76-J76 -> -2656 | D76: =C76/J76*100 -> -12.313969 | E76: =IF(B76<K76,-1,IF(B76>L76,1,0)) -> 0 | J76: 21569 | K76: 17996.345 | L76: 25141.655
A77: Secundaria completa | B77: 23547 | C77: =B77-J77 -> 233 | D77: =C77/J77*100 -> 0.9993995 | E77: =IF(B77<K77,-1,IF(B77>L77,1,0)) -> 0 | J77: 23314 | K77: 19595.37 | L77: 27032.63
A78: Universitario sin título | B78: 5970 | C78: =B78-J78 -> -3101 | D78: =C78/J78*100 -> -34.185867 | E78: =IF(B78<K78,-1,IF(B78>L78,1,0)) -> -1 | J78: 9071 | K78: 6550.6617 | L78: 11591.338
A79: Universitario con título | B79: 5612 | C79: =B79-J79 -> -1019 | D79: =C79/J79*100 -> -15.367215 | E79: =IF(B79<K79,-1,IF(B79>L79,1,0)) -> 0 | J79: 6631 | K79: 4758.57 | L79: 8503.43
A80: No especificado | B80: - | C80: =B80-J80 -> #VALUE! | D80: =C80/J80*100 -> #VALUE! | E80: 0 | J80: - | K80: - | L80: -
A82: 5. Población fuera de la fuerza de trabajo | B82: 469093 | C82: =B82-J82 -> 18054 | D82: =C82/J82*100 -> 4.0027581 | E82: =IF(B82<K82,-1,IF(B82>L82,1,0)) -> 1 | J82: 451039 | K82: 433410.17 | L82: 468667.83
A84: 5.1 Disponibilidad | B84: 469093 | C84: =B84-J84 -> 18054 | D84: =C84/J84*100 -> 4.0027581 | E84: =IF(B84<K84,-1,IF(B84>L84,1,0)) -> 1 | F84: =+B84-F85 -> 0 | G84: =+C84-G85 -> 0 | J84: 451039 | K84: 433410.17 | L84: 468667.83
A85: No disponible para trabajar8/ | B85: 423856 | C85: =B85-J85 -> 28853 | D85: =C85/J85*100 -> 7.3045015 | E85: =IF(B85<K85,-1,IF(B85>L85,1,0)) -> 1 | F85: =SUM(B85:B87) -> 469093 | G85: =SUM(C85:C87) -> 18054 | J85: 395003 | K85: 378707.51 | L85: 411298.49
A86: Disponible con limitaciones9/ | B86: 33312 | C86: =B86-J86 -> -4541 | D86: =C86/J86*100 -> -11.996407 | E86: =IF(B86<K86,-1,IF(B86>L86,1,0)) -> 0 | J86: 37853 | K86: 32167.222 | L86: 43538.778
A87: Disponible desalentada10/ | B87: 11925 | C87: =B87-J87 -> -6258 | D87: =C87/J87*100 -> -34.416763 | E87: =IF(B87<K87,-1,IF(B87>L87,1,0)) -> -1 | J87: 18183 | K87: 14851.29 | L87: 21514.71
A89: 5.2 Grupo de edad | B89: 469093 | C89: =B89-J89 -> 18054 | D89: =C89/J89*100 -> 4.0027581 | E89: =IF(B89<K89,-1,IF(B89>L89,1,0)) -> 1 | F89: =+B89-F90 -> 0 | G89: =+C89-G90 -> 0 | J89: 451039 | K89: 433410.17 | L89: 468667.83
A90: De 15 a 24 años | B90: 139772 | C90: =B90-J90 -> 6715 | D90: =C90/J90*100 -> 5.0467093 | E90: =IF(B90<K90,-1,IF(B90>L90,1,0)) -> 0 | F90: =SUM(B90:B95) -> 469093 | G90: =SUM(C90:C95) -> 18054 | J90: 133057 | K90: 123550.79 | L90: 142563.21
A91: De 25 a 34 años | B91: 44216 | C91: =B91-J91 -> -2248 | D91: =C91/J91*100 -> -4.8381543 | E91: =IF(B91<K91,-1,IF(B91>L91,1,0)) -> 0 | J91: 46464 | K91: 41352.058 | L91: 51575.942
A92: De 35 a 44 años | B92: 47081 | C92: =B92-J92 -> 547 | D92: =C92/J92*100 -> 1.1754846 | E92: =IF(B92<K92,-1,IF(B92>L92,1,0)) -> 0 | J92: 46534 | K92: 41295.192 | L92: 51772.808
A93: De 45 a 59 años | B93: 79294 | C93: =B93-J93 -> 1615 | D93: =C93/J93*100 -> 2.079069 | E93: =IF(B93<K93,-1,IF(B93>L93,1,0)) -> 0 | J93: 77679 | K93: 70780.656 | L93: 84577.344
A94: De 60 años o más | B94: 158545 | C94: =B94-J94 -> 11698 | D94: =C94/J94*100 -> 7.9661144 | E94: =IF(B94<K94,-1,IF(B94>L94,1,0)) -> 1 | J94: 146847 | K94: 136605.71 | L94: 157088.29
A95: No especificado | B95: 185 | C95: =B95-J95 -> -273 | D95: =C95/J95*100 -> -59.606987 | E95: 0 | J95: 458 | K95: 0 | L95: 1029.0241
A97: 5.3 Nivel de educación3/ | B97: 469093 | C97: =B97-J97 -> 18054 | D97: =C97/J97*100 -> 4.0027581 | E97: =IF(B97<K97,-1,IF(B97>L97,1,0)) -> 1 | F97: =+B97-F98 -> 0 | G97: =+C97-G98 -> 0 | J97: 451039 | K97: 433410.17 | L97: 468667.83
A98: Primaria incompleta o menos | B98: 120975 | C98: =B98-J98 -> -629 | D98: =C98/J98*100 -> -0.51725272 | E98: =IF(B98<K98,-1,IF(B98>L98,1,0)) -> 0 | F98: =SUM(B98:B104) -> 469093 | G98: =SUM(C98:C104) -> 18054 | J98: 121604 | K98: 112530.75 | L98: 130677.25
A99: Primaria completa | B99: 130364 | C99: =B99-J99 -> -5599 | D99: =C99/J99*100 -> -4.1180321 | E99: =IF(B99<K99,-1,IF(B99>L99,1,0)) -> 0 | J99: 135963 | K99: 126305.4 | L99: 145620.6
A100: Secundaria incompleta | B100: 122536 | C100: =B100-J100 -> 11473 | D100: =C100/J100*100 -> 10.330173 | E100: =IF(B100<K100,-1,IF(B100>L100,1,0)) -> 1 | J100: 111063 | K100: 102688.15 | L100: 119437.85
A101: Secundaria completa | B101: 51683 | C101: =B101-J101 -> 5066 | D101: =C101/J101*100 -> 10.86728 | E101: =IF(B101<K101,-1,IF(B101>L101,1,0)) -> 0 | J101: 46617 | K101: 41490.68 | L101: 51743.32
A102: Universitario sin título | B102: 26266 | C102: =B102-J102 -> 6604 | D102: =C102/J102*100 -> 33.587631 | E102: =IF(B102<K102,-1,IF(B102>L102,1,0)) -> 1 | J102: 19662 | K102: 16278.038 | L102: 23045.962
A103: Universitario con título | B103: 17186 | C103: =B103-J103 -> 1278 | D103: =C103/J103*100 -> 8.0336937 | E103: =IF(B103<K103,-1,IF(B103>L103,1,0)) -> 0 | J103: 15908 | K103: 12888.422 | L103: 18927.578
A104: No especificado | B104: 83 | C104: =B104-J104 -> -139 | D104: =C104/J104*100 -> -62.612613 | E104: 0 | J104: 222 | K104: 0 | L104: 468.31048
A106: 6. Porcentajes
A108: 6.1 Tasas de la población de 15 años o más
A109: Tasa neta de participación | B109: 56.721985 | C109: =B109-J109 -> -1.0731265 | D109: =C109/J109*100 -> -1.8567772 | E109: =IF(B109<K109,-1,IF(B109>L109,1,0)) -> 0 | J109: 57.795112 | K109: 56.457959 | L109: 59.132264
A110: Tasa de ocupación11/ | B110: 49.413326 | C110: =B110-J110 -> 0.36088836 | D110: =C110/J110*100 -> 0.73571954 | E110: =IF(B110<K110,-1,IF(B110>L110,1,0)) -> 0 | J110: 49.052437 | K110: 47.687342 | L110: 50.417532
A111: Tasa de no participación | B111: 43.278015 | C111: =B111-J111 -> 1.0731265 | D111: =C111/J111*100 -> 2.5426592 | E111: =IF(B111<K111,-1,IF(B111>L111,1,0)) -> 0 | J111: 42.204888 | K111: 40.867736 | L111: 43.542041
A113: 6.2 Tasas de la fuerza de trabajo
A114: Tasa de desempleo12/ | B114: 12.885056 | C114: =B114-J114 -> -2.2419576 | D114: =C114/J114*100 -> -14.820887 | E114: =IF(B114<K114,-1,IF(B114>L114,1,0)) -> -1 | J114: 15.127014 | K114: 13.916745 | L114: 16.337283
A115: Tasa de presión general13/ | B115: 21.722703 | C115: =B115-J115 -> -2.9754273 | D115: =C115/J115*100 -> -12.047177 | E115: =IF(B115<K115,-1,IF(B115>L115,1,0)) -> -1 | J115: 24.69813 | K115: 23.201712 | L115: 26.194548
A117: 6.3 Porcentaje de la población ocupada
A118: Porcentaje de ocupados con seguro por trabajo14/ | B118: 63.454034 | C118: =B118-J118 -> 0.90963475 | D118: =C118/J118*100 -> 1.4543824 | E118: =IF(B118<K118,-1,IF(B118>L118,1,0)) -> 0 | J118: 62.544399 | K118: 60.559242 | L118: 64.529557
A119: Porcentaje de ocupados con subempleo | B119: 13.842201 | C119: =B119-J119 -> -3.4849412 | D119: =C119/J119*100 -> -20.112613 | E119: =IF(B119<K119,-1,IF(B119>L119,1,0)) -> -1 | J119: 17.327143 | K119: 15.635877 | L119: 19.018408
A120: Porcentaje de ocupados con empleo informal15/ | B120: 52.778784 | C120: =B120-J120 -> -2.1222305 | D120: =C120/J120*100 -> -3.865558 | E120: =IF(B120<K120,-1,IF(B120>L120,1,0)) -> 0 | J120: 54.901014 | K120: 52.278613 | L120: 57.523416
A122: 6.4 Otros indicadores complementarios
A123: Tasa de desempleo ampliado16/ | B123: 14.5426 | C123: =B123-J123 -> -3.0115377 | D123: =C123/J123*100 -> -17.155714 | E123: =IF(B123<K123,-1,IF(B123>L123,1,0)) -> -1 | J123: 17.554138 | K123: 16.271417 | L123: 18.836858
A124: 1/ Personas en la fuerza de trabajo que participaron en la producción de bienes y servicios económicos (trabajaron) por lo menos una hora en la semana de referencia. Incluye a las personas que pese a tener trabajo no lo realizaron en la semana de referencia, por alguna circunstancia especial pero tienen garantía de retornar al trabajo, siguen recibiendo sueldo por el trabajo y su periodo de ausencia no sobrepasa un mes.
...

Sheet C1 hombre
A1: Cuadro 1
A2: Costa Rica hombres: Población nacional según indicadores generales de la condición de actividad
A3: =+'C1 total'!A3:E3 -> I Trimestre 2022 | J3: Mismo trimestre año anterior
A4: Indicadores generales | B4: =+'C1 total'!B4 -> I 2022 | C4: Variación Interanual | E4: Resultado de la prueba de significancia | F4: Revisión totales y dif | H4: Para boletín | J4: Estimación | K4: Intervalo de confianza al 95%
B5: =+'C1 total'!B5 -> Ene - Mar | C5: Diferencia | D5: % | H5: Q | K5: Inferior | L5: Superior
A7: 1. Población total | B7: 2615004 | C7: =B7-J7 -> 24585 | D7: =C7/J7*100 -> 0.94907426 | E7: =IF(B7<K7,-1,IF(B7>L7,1,0)) -> 0 | J7: 2590419 | K7: 2486291.6 | L7: 2694546.4
A9: 1.1 Grupo de edad | B9: 2615004 | C9: =B9-J9 -> 24585 | D9: =C9/J9*100 -> 0.94907426 | E9: =IF(B9<K9,-1,IF(B9>L9,1,0)) -> 0 | F9: =+B9-F10 -> 0 | G9: =+C9-G10 -> 0 | J9: 2590419 | K9: 2486291.6 | L9: 2694546.4
A10: De 0 a 14 años | B10: 569161 | C10: =B10-J10 -> -453 | D10: =C10/J10*100 -> -0.07952754 | E10: =IF(B10<K10,-1,IF(B10>L10,1,0)) -> 0 | F10: =SUM(B10:B16) -> 2615004 | G10: =SUM(C10:C16) -> 24585 | J10: 569614 | K10: 528961.89 | L10: 610266.11
A11: De 15 a 24 años | B11: 424241 | C11: =B11-J11 -> -23805 | D11: =C11/J11*100 -> -5.3130705 | E11: =IF(B11<K11,-1,IF(B11>L11,1,0)) -> 0 | J11: 448046 | K11: 408106.02 | L11: 487985.98
A12: De 25 a 34 años | B12: 374191 | C12: =B12-J12 -> -1508 | D12: =C12/J12*100 -> -0.40138515 | E12: =IF(B12<K12,-1,IF(B12>L12,1,0)) -> 0 | J12: 375699 | K12: 342692.52 | L12: 408705.48
A13: De 35 a 44 años | B13: 326046 | C13: =B13-J13 -> -15236 | D13: =C13/J13*100 -> -4.4643433 | E13: =IF(B13<K13,-1,IF(B13>L13,1,0)) -> 0 | J13: 341282 | K13: 314411.12 | L13: 368152.88
A14: De 45 a 59 años | B14: 450614 | C14: =B14-J14 -> 11762 | D14: =C14/J14*100 -> 2.6801746 | E14: =IF(B14<K14,-1,IF(B14>L14,1,0)) -> 0 | J14: 438852 | K14: 408476.89 | L14: 469227.11
A15: De 60 años o más | B15: 469919 | C15: =B15-J15 -> 53899 | D15: =C15/J15*100 -> 12.955868 | E15: 0 | J15: 416020 | K15: 383903.81 | L15: 448136.19
A16: No especificado | B16: 832 | C16: =B16-J16 -> -74 | D16: =C16/J16*100 -> -8.1677704 | E16: 0 | J16: 906 | K16: 0 | L16: 2008.5687
A18: 2. Población de 15 años y más | B18: 2045843 | C18: =B18-J18 -> 25038 | D18: =C18/J18*100 -> 1.2390112 | E18: =IF(B18<K18,-1,IF(B18>L18,1,0)) -> 0 | J18: 2020805 | K18: 1934639.7 | L18: 2106970.3
A20: 2.1 Fuerza de trabajo | B20: 1447673 | C20: =B20-J20 -> -12615 | D20: =C20/J20*100 -> -0.86387069 | E20: =IF(B20<K20,-1,IF(B20>L20,1,0)) -> 0 | F20: =+B20-F21 -> 0 | G20: =+C20-G21 -> 0 | H20: =+B20/1000000 -> 1.447673 | I20: =+C20/1000 -> -12.615 | J20: 1460288 | K20: 1386099 | L20: 1534477
A21: Ocupada | B21: 1289944 | C21: =B21-J21 -> 29005 | D21: =C21/J21*100 -> 2.3002699 | E21: =IF(B21<K21,-1,IF(B21>L21,1,0)) -> 0 | F21: =SUM(B21:B22) -> 1447673 | G21: =SUM(C21:C22) -> -12615 | H21: =+B21/1000000 -> 1.289944 | I21: =+C21/1000 -> 29.005 | J21: 1260939 | K21: 1196044.5 | L21: 1325833.5
A22: Desempleada | B22: 157729 | C22: =B22-J22 -> -41620 | D22: =C22/J22*100 -> -20.877958 | E22: =IF(B22<K22,-1,IF(B22>L22,1,0)) -> -1 | H22: =+B22/1000 -> 157.729 | I22: =+C22/1000 -> -41.62 | J22: 199349 | K22: 171038.45 | L22: 227659.55
A24: 2.2 Fuera de la fuerza de trabajo | B24: 598170 | C24: =B24-J24 -> 37653 | D24: =C24/J24*100 -> 6.7175483 | E24: =IF(B24<K24,-1,IF(B24>L24,1,0)) -> 1 | H24: =+B24/1000000 -> 0.59817 | I24: =+C24/1000 -> 37.653 | J24: 560517 | K24: 524679.74 | L24: 596354.26
A26: 3. Población ocupada1/ | B26: 1289944 | C26: =B26-J26 -> 29005 | D26: =C26/J26*100 -> 2.3002699 | E26: =IF(B26<K26,-1,IF(B26>L26,1,0)) -> 0 | J26: 1260939 | K26: 1196044.5 | L26: 1325833.5
A28: 3.1 Grupo de edad | B28: 1289944 | C28: =B28-J28 -> 29005 | D28: =C28/J28*100 -> 2.3002699 | E28: =IF(B28<K28,-1,IF(B28>L28,1,0)) -> 0 | F28: =+B28-F29 -> 0 | G28: =+C28-G29 -> 0 | J28: 1260939 | K28: 1196044.5 | L28: 1325833.5
A29: De 15 a 24 años | B29: 143205 | C29: =B29-J29 -> -10209 | D29: =C29/J29*100 -> -6.6545426 | E29: =IF(B29<K29,-1,IF(B29>L29,1,0)) -> 0 | F29: =SUM(B29:B34) -> 1289944 | G29: =SUM(C29:C34) -> 29005 | J29: 153414 | K29: 130522.02 | L29: 176305.98
A30: De 25 a 34 años | B30: 303483 | C30: =B30-J30 -> -2768 | D30: =C30/J30*100 -> -0.90383378 | E30: =IF(B30<K30,-1,IF(B30>L30,1,0)) -> 0 | J30: 306251 | K30: 277938.88 | L30: 334563.12
A31: De 35 a 44 años | B31: 297778 | C31: =B31-J31 -> 3018 | D31: =C31/J31*100 -> 1.0238838 | E31: =IF(B31<K31,-1,IF(B31>L31,1,0)) -> 0 | J31: 294760 | K31: 270668.55 | L31: 318851.45
A32: De 45 a 59 años | B32: 386733 | C32: =B32-J32 -> 15065 | D32: =C32/J32*100 -> 4.0533487 | E32: =IF(B32<K32,-1,IF(B32>L32,1,0)) -> 0 | J32: 371668 | K32: 343403.66 | L32: 399932.34
A33: De 60 años o más | B33: 158296 | C33: =B33-J33 -> 23790 | D33: =C33/J33*100 -> 17.686943 | E33: =IF(B33<K33,-1,IF(B33>L33,1,0)) -> 1 | J33: 134506 | K33: 115918.2 | L33: 153093.8
A34: No especificado | B34: 449 | C34: =B34-J34 -> 109 | D34: =C34/J34*100 -> 32.058824 | E34: 0 | J34: 340 | K34: - | L34: -
A36: 3.2 Condición de aseguramiento2/ | B36: 1289944 | C36: =B36-J36 -> 29005 | D36: =C36/J36*100 -> 2.3002699 | E36: =IF(B36<K36,-1,IF(B36>L36,1,0)) -> 0 | F36: =+B36-F37 -> 0 | G36: =+C36-G37 -> 0 | J36: 1260939 | K36: 1196044.5 | L36: 1325833.5
A37: No tiene seguro por trabajo | B37: 363763 | C37: =B37-J37 -> -6784 | D37: =C37/J37*100 -> -1.8308069 | E37: =IF(B37<K37,-1,IF(B37>L37,1,0)) -> 0 | F37: =SUM(B37:B38) -> 1289944 | G37: =SUM(C37:C38) -> 29005 | J37: 370547 | K37: 338739.02 | L37: 402354.98
A38: Tiene seguro por trabajo | B38: 926181 | C38: =B38-J38 -> 35789 | D38: =C38/J38*100 -> 4.0194656 | E38: =IF(B38<K38,-1,IF(B38>L38,1,0)) -> 0 | J38: 890392 | K38: 834121.24 | L38: 946662.76
A40: 3.3 Nivel de educación3/ | B40: 1289944 | C40: =B40-J40 -> 29005 | D40: =C40/J40*100 -> 2.3002699 | E40: =IF(B40<K40,-1,IF(B40>L40,1,0)) -> 0 | F40: =+B40-F41 -> 0 | G40: =+C40-G41 -> 0 | J40: 1260939 | K40: 1196044.5 | L40: 1325833.5
A41: Primaria incompleta o menos | B41: 123034 | C41: =B41-J41 -> -11697 | D41: =C41/J41*100 -> -8.6817436 | E41: =IF(B41<K41,-1,IF(B41>L41,1,0)) -> 0 | F41: =SUM(B41:B47) -> 1289944 | G41: =SUM(C41:C47) -> 29005 | J41: 134731 | K41: 116475.65 | L41: 152986.35
A42: Primaria completa | B42: 335513 | C42: =B42-J42 -> 9158 | D42: =C42/J42*100 -> 2.8061467 | E42: =IF(B42<K42,-1,IF(B42>L42,1,0)) -> 0 | J42: 326355 | K42: 298085.85 | L42: 354624.15
A43: Secundaria incompleta | B43: 313380 | C43: =B43-J43 -> 12521 | D43: =C43/J43*100 -> 4.1617502 | E43: =IF(B43<K43,-1,IF(B43>L43,1,0)) -> 0 | J43: 300859 | K43: 269829.27 | L43: 331888.73
A44: Secundaria completa | B44: 236502 | C44: =B44-J44 -> 27618 | D44: =C44/J44*100 -> 13.221692 | E44: =IF(B44<K44,-1,IF(B44>L44,1,0)) -> 1 | J44: 208884 | K44: 182952.72 | L44: 234815.28
A45: Universitario sin título | B45: 65603 | C45: =B45-J45 -> 7596 | D45: =C45/J45*100 -> 13.094971 | E45: =IF(B45<K45,-1,IF(B45>L45,1,0)) -> 0 | J45: 58007 | K45: 44018.118 | L45: 71995.882
A46: Universitario con título | B46: 215272 | C46: =B46-J46 -> -14879 | D46: =C46/J46*100 -> -6.4648861 | E46: =IF(B46<K46,-1,IF(B46>L46,1,0)) -> 0 | J46: 230151 | K46: 202039.31 | L46: 258262.69
A47: No especificado | B47: 640 | C47: =B47-J47 -> -1312 | D47: =C47/J47*100 -> -67.213115 | E47: 0 | J47: 1952 | K47: 0 | L47: 3954.2358
A49: 3.4 Búsqueda para cambiar de trabajo4/ | B49: 1289944 | C49: =B49-J49 -> 29005 | D49: =C49/J49*100 -> 2.3002699 | E49: =IF(B49<K49,-1,IF(B49>L49,1,0)) -> 0 | F49: =+B49-F50 -> 0 | G49: =+C49-G50 -> 0 | J49: 1260939 | K49: 1196044.5 | L49: 1325833.5
A50: Ocupado que no busca cambiar de trabajo | B50: 1177442 | C50: =B50-J50 -> 79688 | D50: =C50/J50*100 -> 7.2591856 | E50: =IF(B50<K50,-1,IF(B50>L50,1,0)) -> 1 | F50: =SUM(B50:B51) -> 1289944 | G50: =SUM(C50:C51) -> 29005 | J50: 1097754 | K50: 1037372.2 | L50: 1158135.8
A51: Ocupado que busca cambiar de trabajo | B51: 112502 | C51: =B51-J51 -> -50683 | D51: =C51/J51*100 -> -31.058614 | E51: =IF(B51<K51,-1,IF(B51>L51,1,0)) -> -1 | J51: 163185 | K51: 139588.88 | L51: 186781.12
A53: 3.5 Formalidad e informalidad | B53: 1289944 | C53: =B53-J53 -> 29005 | D53: =C53/J53*100 -> 2.3002699 | E53: =IF(B53<K53,-1,IF(B53>L53,1,0)) -> 0 | J53: 1260939 | K53: 1188237.9 | L53: 1313240.1
A54: Ocupado con empleo formal | B54: 738720 | C54: =B54-J54 -> 61187 | D54: =C54/J54*100 -> 9.0308516 | E54: =IF(B54<K54,-1,IF(B54>L54,1,0)) -> 1 | J54: 677533 | K54: 626799.48 | L54: 728266.52
A55: Ocupado con empleo informal | B55: 551224 | C55: =B55-J55 -> -32182 | D55: =C55/J55*100 -> -5.5162271 | E55: =IF(B55<K55,-1,IF(B55>L55,1,0)) -> 0 | J55: 583406 | K55: 546717.86 | L55: 620094.14
A57: 4. Población desempleada5/ | B57: 157729 | C57: =B57-J57 -> -41620 | D57: =C57/J57*100 -> -20.877958 | E57: =IF(B57<K57,-1,IF(B57>L57,1,0)) -> -1 | J57: 199349 | K57: 171038.45 | L57: 227659.55
A59: 4.1 Tipo desempleado | B59: 157729 | C59: =B59-J59 -> -41620 | D59: =C59/J59*100 -> -20.877958 | E59: =IF(B59<K59,-1,IF(B59>L59,1,0)) -> -1 | F59: =+B59-F61 -> 0 | G59: =+C59-G61 -> 0 | J59: 199349 | K59: 171038.45 | L59: 227659.55
A60: Con experiencia | B60: 133166 | C60: =B60-J60 -> -39215 | D60: =C60/J60*100 -> -22.749027 | E60: =IF(B60<K60,-1,IF(B60>L60,1,0)) -> -1 | F60: =+B60-F62 -> 0 | G60: =+C60-G62 -> 0 | J60: 172381 | K60: 150847.8 | L60: 193914.2
A61: Por razones del mercado y cierre de actividades propias6/ | B61: 117848 | C61: =B61-J61 -> -44374 | D61: =C61/J61*100 -> -27.353873 | E61: =IF(B61<K61,-1,IF(B61>L61,1,0)) -> -1 | F61: =+B60+B63 -> 157729 | G61: =+C60+C63 -> -41620 | J61: 162222 | K61: 141326.49 | L61: 183117.51
A62: Por razones personales7/ | B62: 15318 | C62: =B62-J62 -> 5159 | D62: =C62/J62*100 -> 50.782557 | E62: =IF(B62<K62,-1,IF(B62>L62,1,0)) -> 1 | F62: =+B62+B61 -> 133166 | G62: =+C62+C61 -> -39215 | J62: 10159 | K62: 5066.8543 | L62: 15251.146
A63: Sin experiencia | B63: 24563 | C63: =B63-J63 -> -2405 | D63: =C63/J63*100 -> -8.9179769 | E63: =IF(B63<K63,-1,IF(B63>L63,1,0)) -> 0 | J63: 26968 | K63: 15792.501 | L63: 38143.499
A65: 4.2 Grupo de edad | B65: 157729 | C65: =B65-J65 -> -41620 | D65: =C65/J65*100 -> -20.877958 | E65: =IF(B65<K65,-1,IF(B65>L65,1,0)) -> -1 | F65: =+B65-F66 -> 0 | G65: =+C65-G66 -> #VALUE! | J65: 199349 | K65: 171038.45 | L65: 227659.55
A66: De 15 a 24 años | B66: 63481 | C66: =B66-J66 -> -12962 | D66: =C66/J66*100 -> -16.956425 | E66: =IF(B66<K66,-1,IF(B66>L66,1,0)) -> 0 | F66: =SUM(B66:B71) -> 157729 | G66: =SUM(C66:C71) -> #VALUE! | J66: 76443 | K66: 61451.867 | L66: 91434.133
A67: De 25 a 34 años | B67: 44370 | C67: =B67-J67 -> -3460 | D67: =C67/J67*100 -> -7.2339536 | E67: =IF(B67<K67,-1,IF(B67>L67,1,0)) -> 0 | J67: 47830 | K67: 36843.196 | L67: 58816.804
A68: De 35 a 44 años | B68: 14942 | C68: =B68-J68 -> -18177 | D68: =C68/J68*100 -> -54.883903 | E68: =IF(B68<K68,-1,IF(B68>L68,1,0)) -> -1 | J68: 33119 | K68: 22234.05 | L68: 44003.95
A69: De 45 a 59 años | B69: 24383 | C69: =B69-J69 -> -3484 | D69: =C69/J69*100 -> -12.502243 | E69: =IF(B69<K69,-1,IF(B69>L69,1,0)) -> 0 | J69: 27867 | K69: 19555.862 | L69: 36178.138
A70: De 60 años o más | B70: 10339 | C70: =B70-J70 -> -3751 | D70: =C70/J70*100 -> -26.621718 | E70: =IF(B70<K70,-1,IF(B70>L70,1,0)) -> 0 | J70: 14090 | K70: 7816.1587 | L70: 20363.841
A71: No especificado | B71: 214 | C71: =B71-J71 -> #VALUE! | D71: =C71/J71*100 -> #VALUE! | E71: 0 | J71: - | K71: - | L71: -
A73: 4.3 Nivel de educación3/ | B73: 157729 | C73: =B73-J73 -> -41620 | D73: =C73/J73*100 -> -20.877958 | E73: =IF(B73<K73,-1,IF(B73>L73,1,0)) -> -1 | F73: =+B73-F74 -> 0 | G73: =+C73-G74 -> #VALUE! | J73: 199349 | K73: 171038.45 | L73: 227659.55
A74: Primaria incompleta o menos | B74: 15281 | C74: =B74-J74 -> 24 | D74: =C74/J74*100 -> 0.15730484 | E74: =IF(B74<K74,-1,IF(B74>L74,1,0)) -> 0 | F74: =SUM(B74:B80) -> 157729 | G74: =SUM(C74:C80) -> #VALUE! | J74: 15257 | K74: 8694.3477 | L74: 21819.652
A75: Primaria completa | B75: 23497 | C75: =B75-J75 -> -9941 | D75: =C75/J75*100 -> -29.729649 | E75: =IF(B75<K75,-1,IF(B75>L75,1,0)) -> -1 | J75: 33438 | K75: 23950.49 | L75: 42925.51
A76: Secundaria incompleta | B76: 45024 | C76: =B76-J76 -> -12873 | D76: =C76/J76*100 -> -22.234313 | E76: =IF(B76<K76,-1,IF(B76>L76,1,0)) -> -1 | J76: 57897 | K76: 45251.757 | L76: 70542.243
A77: Secundaria completa | B77: 42666 | C77: =B77-J77 -> -13446 | D77: =C77/J77*100 -> -23.962789 | E77: =IF(B77<K77,-1,IF(B77>L77,1,0)) -> -1 | J77: 56112 | K77: 44750.878 | L77: 67473.122
A78: Universitario sin título | B78: 15811 | C78: =B78-J78 -> -1784 | D78: =C78/J78*100 -> -10.139244 | E78: =IF(B78<K78,-1,IF(B78>L78,1,0)) -> 0 | J78: 17595 | K78: 10799.621 | L78: 24390.379
A79: Universitario con título | B79: 15450 | C79: =B79-J79 -> -3434 | D79: =C79/J79*100 -> -18.184707 | E79: =IF(B79<K79,-1,IF(B79>L79,1,0)) -> 0 | J79: 18884 | K79: 11061.207 | L79: 26706.793
A80: No especificado | B80: - | C80: =B80-J80 -> #VALUE! | D80: - | E80: 0 | J80: 166 | K80: - | L80: -
A82: 5. Población fuera de la fuerza de trabajo | B82: 598170 | C82: =B82-J82 -> 37653 | D82: =C82/J82*100 -> 6.7175483 | E82: =IF(B82<K82,-1,IF(B82>L82,1,0)) -> 1 | J82: 560517 | K82: 524679.74 | L82: 596354.26
A84: 5.1 Disponibilidad | B84: 598170 | C84: =B84-J84 -> 37653 | D84: =C84/J84*100 -> 6.7175483 | E84: =IF(B84<K84,-1,IF(B84>L84,1,0)) -> 1 | F84: =+B84-F85 -> 0 | G84: =+C84-G85 -> 0 | J84: 560517 | K84: 524679.74 | L84: 596354.26
A85: No disponible para trabajar8/ | B85: 564280 | C85: =B85-J85 -> 45773 | D85: =C85/J85*100 -> 8.8278461 | E85: =IF(B85<K85,-1,IF(B85>L85,1,0)) -> 1 | F85: =SUM(B85:B87) -> 598170 | G85: =SUM(C85:C87) -> 37653 | J85: 518507 | K85: 485087.81 | L85: 551926.19
A86: Disponible con limitaciones9/ | B86: 21632 | C86: =B86-J86 -> -3956 | D86: =C86/J86*100 -> -15.460372 | E86: =IF(B86<K86,-1,IF(B86>L86,1,0)) -> 0 | J86: 25588 | K86: 20719.331 | L86: 30456.669
A87: Disponible desalentada10/ | B87: 12258 | C87: =B87-J87 -> -4164 | D87: =C87/J87*100 -> -25.356229 | E87: =IF(B87<K87,-1,IF(B87>L87,1,0)) -> 0 | J87: 16422 | K87: 10296.989 | L87: 22547.011
A89: 5.2 Grupo de edad | B89: 598170 | C89: =B89-J89 -> 37653 | D89: =C89/J89*100 -> 6.7175483 | E89: =IF(B89<K89,-1,IF(B89>L89,1,0)) -> 1 | F89: =+B89-F90 -> 0 | G89: =+C89-G90 -> 0 | J89: 560517 | K89: 524679.74 | L89: 596354.26
A90: De 15 a 24 años | B90: 217555 | C90: =B90-J90 -> -634 | D90: =C90/J90*100 -> -0.29057377 | E90: =IF(B90<K90,-1,IF(B90>L90,1,0)) -> 0 | F90: =SUM(B90:B95) -> 598170 | G90: =SUM(C90:C95) -> 37653 | J90: 218189 | K90: 195200.62 | L90: 241177.38
A91: De 25 a 34 años | B91: 26338 | C91: =B91-J91 -> 4720 | D91: =C91/J91*100 -> 21.833657 | E91: =IF(B91<K91,-1,IF(B91>L91,1,0)) -> 0 | J91: 21618 | K91: 13505.522 | L91: 29730.478
A92: De 35 a 44 años | B92: 13326 | C92: =B92-J92 -> -77 | D92: =C92/J92*100 -> -0.57449825 | E92: =IF(B92<K92,-1,IF(B92>L92,1,0)) -> 0 | J92: 13403 | K92: 8466.8708 | L92: 18339.129
A93: De 45 a 59 años | B93: 39498 | C93: =B93-J93 -> 181 | D93: =C93/J93*100 -> 0.46036066 | E93: =IF(B93<K93,-1,IF(B93>L93,1,0)) -> 0 | J93: 39317 | K93: 31203.945 | L93: 47430.055
A94: De 60 años o más | B94: 301284 | C94: =B94-J94 -> 33860 | D94: =C94/J94*100 -> 12.661541 | E94: =IF(B94<K94,-1,IF(B94>L94,1,0)) -> 1 | J94: 267424 | K94: 242908.19 | L94: 291939.81
A95: No especificado | B95: 169 | C95: =B95-J95 -> -397 | D95: =C95/J95*100 -> -70.141343 | E95: 0 | J95: 566 | K95: 0 | L95: 1238.1284
A97: 5.3 Nivel de educación3/ | B97: 598170 | C97: =B97-J97 -> 37653 | D97: =C97/J97*100 -> 6.7175483 | E97: =IF(B97<K97,-1,IF(B97>L97,1,0)) -> 1 | F97: =+B97-F98 -> 0 | G97: =+C97-G98 -> 0 | J97: 560517 | K97: 524679.74 | L97: 596354.26
A98: Primaria incompleta o menos | B98: 105817 | C98: =B98-J98 -> -2575 | D98: =C98/J98*100 -> -2.3756366 | E98: =IF(B98<K98,-1,IF(B98>L98,1,0)) -> 0 | F98: =SUM(B98:B104) -> 598170 | G98: =SUM(C98:C104) -> 37653 | J98: 108392 | K98: 95009.753 | L98: 121774.25
A99: Primaria completa | B99: 119491 | C99: =B99-J99 -> 13548 | D99: =C99/J99*100 -> 12.788009 | E99: =IF(B99<K99,-1,IF(B99>L99,1,0)) -> 0 | J99: 105943 | K99: 91155.135 | L99: 120730.86
A100: Secundaria incompleta | B100: 195748 | C100: =B100-J100 -> 16626 | D100: =C100/J100*100 -> 9.2819419 | E100: =IF(B100<K100,-1,IF(B100>L100,1,0)) -> 0 | J100: 179122 | K100: 158051.38 | L100: 200192.62
A101: Secundaria completa | B101: 75187 | C101: =B101-J101 -> 335 | D101: =C101/J101*100 -> 0.44754983 | E101: =IF(B101<K101,-1,IF(B101>L101,1,0)) -> 0 | J101: 74852 | K101: 60861.38 | L101: 88842.62
A102: Universitario sin título | B102: 38759 | C102: =B102-J102 -> 6086 | D102: =C102/J102*100 -> 18.627001 | E102: =IF(B102<K102,-1,IF(B102>L102,1,0)) -> 0 | J102: 32673 | K102: 24799.106 | L102: 40546.894
A103: Universitario con título | B103: 63085 | C103: =B103-J103 -> 3886 | D103: =C103/J103*100 -> 6.5643001 | E103: =IF(B103<K103,-1,IF(B103>L103,1,0)) -> 0 | J103: 59199 | K103: 45260.318 | L103: 73137.682
A104: No especificado | B104: 83 | C104: =B104-J104 -> -253 | D104: =C104/J104*100 -> -75.297619 | E104: 0 | J104: 336 | K104: 0 | L104: 731.78569
A106: 6. Porcentajes
A108: 6.1 Tasas de la población de 15 años o más
A109: Tasa neta de participación | B109: 70.761686 | C109: =B109-J109 -> -1.5010014 | D109: =C109/J109*100 -> -2.0771458 | E109: =IF(B109<K109,-1,IF(B109>L109,1,0)) -> 0 | J109: 72.262687 | K109: 70.724184 | L109: 73.801191
A110: Tasa de ocupación11/ | B110: 63.051955 | C110: =B110-J110 -> 0.65409832 | D110: =C110/J110*100 -> 1.0482705 | E110: =IF(B110<K110,-1,IF(B110>L110,1,0)) -> 0 | J110: 62.397856 | K110: 60.69205 | L110: 64.103663
A111: Tasa de no participación | B111: 29.238314 | C111: =B111-J111 -> 1.5010014 | D111: =C111/J111*100 -> 5.4114881 | E111: =IF(B111<K111,-1,IF(B111>L111,1,0)) -> 0 | J111: 27.737313 | K111: 26.198809 | L111: 29.275816
A113: 6.2 Tasas de la fuerza de trabajo
A114: Tasa de desempleo12/ | B114: 10.895347 | C114: =B114-J114 -> -2.756001 | D114: =C114/J114*100 -> -20.18849 | E114: =IF(B114<K114,-1,IF(B114>L114,1,0)) -> -1 | J114: 13.651348 | K114: 11.948731 | L114: 15.353965
A115: Tasa de presión general13/ | B115: 18.666577 | C115: =B115-J115 -> -6.1596213 | D115: =C115/J115*100 -> -24.810973 | E115: =IF(B115<K115,-1,IF(B115>L115,1,0)) -> -1 | J115: 24.826199 | K115: 22.529519 | L115: 27.122879
A117: 6.3 Porcentaje de la población ocupada
A118: Porcentaje de ocupados con seguro por trabajo14/ | B118: 71.800094 | C118: =B118-J118 -> 1.1866857 | D118: =C118/J118*100 -> 1.6805388 | E118: =IF(B118<K118,-1,IF(B118>L118,1,0)) -> 0 | J118: 70.613408 | K118: 68.346627 | L118: 72.880189
A119: Porcentaje de ocupados con subempleo | B119: 9.0316324 | C119: =B119-J119 -> -5.2442366 | D119: =C119/J119*100 -> -36.734973 | E119: =IF(B119<K119,-1,IF(B119>L119,1,0)) -> -1 | J119: 14.275869 | K119: 12.567556 | L119: 15.984182
A120: Porcentaje de ocupados con empleo informal15/ | B120: 42.732398 | C120: =B120-J120 -> -3.5351854 | D120: =C120/J120*100 -> -7.6407394 | E120: =IF(B120<K120,-1,IF(B120>L120,1,0)) -> -1 | J120: 46.267583 | K120: 43.932204 | L120: 48.602962
A122: 6.4 Otros indicadores complementarios
A123: Tasa de desempleo ampliado16/ | B123: 11.643495 | C123: =B123-J123 -> -2.9681073 | D123: =C123/J123*100 -> -20.313359 | E123: =IF(B123<K123,-1,IF(B123>L123,1,0)) -> -1 | J123: 14.611603 | K123: 12.870685 | L123: 16.352521
A124: 1/ Personas en la fuerza de trabajo que participaron en la producción de bienes y servicios económicos (trabajaron) por lo menos una hora en la semana de referencia. Incluye a las personas que pese a tener trabajo no lo realizaron en la semana de referencia, por alguna circunstancia especial pero tienen garantía de retornar al trabajo, siguen recibiendo sueldo por el trabajo y su periodo de ausencia no sobrepasa un mes.
...

Sheet C1 mujer
A1: Cuadro 1
A2: Costa Rica mujeres: Población nacional según indicadores generales de la condición de actividad
A3: =+'C1 total'!A3:E3 -> I Trimestre 2022 | J3: Mismo trimestre año anterior
A4: Indicadores generales | B4: =+'C1 total'!B4 -> I 2022 | C4: Variación Interanual | E4: Resultado de la prueba de significancia | F4: Revisión totales y dif | H4: Para boletín | J4: Estimación | K4: Intervalo de confianza al 95%
B5: =+'C1 total'!B5 -> Ene - Mar | C5: Diferencia | D5: % | H5: Q | K5: Inferior | L5: Superior
A7: 1. Población total | B7: 2577539 | C7: =B7-J7 -> 25763 | D7: =C7/J7*100 -> 1.0096106 | E7: =IF(B7<K7,-1,IF(B7>L7,1,0)) -> 0 | J7: 2551776 | K7: 2450344 | L7: 2653208
A9: 1.1 Grupo de edad | B9: 2577539 | C9: =B9-J9 -> 25763 | D9: =C9/J9*100 -> 1.0096106 | E9: =IF(B9<K9,-1,IF(B9>L9,1,0)) -> 0 | F9: =+B9-F10 -> 0 | G9: =+C9-G10 -> 0 | J9: 2551776 | K9: 2450344 | L9: 2653208
A10: De 0 a 14 años | B10: 542424 | C10: =B10-J10 -> 25 | D10: =C10/J10*100 -> 0.004609153 | E10: =IF(B10<K10,-1,IF(B10>L10,1,0)) -> 0 | F10: =SUM(B10:B16) -> 2577539 | G10: =SUM(C10:C16) -> 25763 | J10: 542399 | K10: 496016.41 | L10: 588781.59
A11: De 15 a 24 años | B11: 358611 | C11: =B11-J11 -> -4687 | D11: =C11/J11*100 -> -1.2901255 | E11: =IF(B11<K11,-1,IF(B11>L11,1,0)) -> 0 | J11: 363298 | K11: 330216.18 | L11: 396379.82
A12: De 25 a 34 años | B12: 348344 | C12: =B12-J12 -> -1065 | D12: =C12/J12*100 -> -0.30480039 | E12: =IF(B12<K12,-1,IF(B12>L12,1,0)) -> 0 | J12: 349409 | K12: 321786.78 | L12: 377031.22
A13: De 35 a 44 años | B13: 396914 | C13: =B13-J13 -> 38796 | D13: =C13/J13*100 -> 10.833301 | E13: =IF(B13<K13,-1,IF(B13>L13,1,0)) -> 1 | J13: 358118 | K13: 327786.46 | L13: 388449.54
A14: De 45 a 59 años | B14: 453621 | C14: =B14-J14 -> -12161 | D14: =C14/J14*100 -> -2.6108781 | E14: =IF(B14<K14,-1,IF(B14>L14,1,0)) -> 0 | J14: 465782 | K14: 439452.76 | L14: 492111.24
A15: De 60 años o más | B15: 476360 | C15: =B15-J15 -> 5259 | D15: =C15/J15*100 -> 1.1163211 | E15: 0 | J15: 471101 | K15: 431901.8 | L15: 510300.2
A16: No especificado | B16: 1265 | C16: =B16-J16 -> -404 | D16: =C16/J16*100 -> -24.206111 | E16: 0 | J16: 1669 | K16: 0 | L16: 4010.9038
A18: 2. Población de 15 años y más | B18: 2035115 | C18: =B18-J18 -> 25738 | D18: =C18/J18*100 -> 1.2808945 | E18: =IF(B18<K18,-1,IF(B18>L18,1,0)) -> 0 | J18: 2009377 | K18: 1932409.9 | L18: 2086344.1
A20: 2.1 Fuerza de trabajo | B20: 984630 | C20: =B20-J20 -> -5435 | D20: =C20/J20*100 -> -0.54895386 | E20: =IF(B20<K20,-1,IF(B20>L20,1,0)) -> 0 | F20: =+B20-F21 -> 0 | G20: =+C20-G21 -> 0 | H20: =+B20/1000000 -> 0.98463 | I20: =+C20/1000 -> -5.435 | J20: 990065 | K20: 928728.31 | L20: 1051401.7
A21: Ocupada | B21: 812132 | C21: =B21-J21 -> 80717 | D21: =C21/J21*100 -> 11.035732 | E21: =IF(B21<K21,-1,IF(B21>L21,1,0)) -> 1 | F21: =SUM(B21:B22) -> 984630 | G21: =SUM(C21:C22) -> -5435 | H21: =+B21/1000000 -> 0.812132 | I21: =+C21/1000 -> 80.717 | J21: 731415 | K21: 686045.91 | L21: 776784.09
A22: Desempleada | B22: 172498 | C22: =B22-J22 -> -86152 | D22: =C22/J22*100 -> -33.308332 | E22: =IF(B22<K22,-1,IF(B22>L22,1,0)) -> -1 | H22: =+B22/1000 -> 172.498 | I22: =+C22/1000 -> -86.152 | J22: 258650 | K22: 222523.38 | L22: 294776.62
A24: 2.2 Fuera de la fuerza de trabajo | B24: 1050485 | C24: =B24-J24 -> 31173 | D24: =C24/J24*100 -> 3.0582393 | E24: =IF(B24<K24,-1,IF(B24>L24,1,0)) -> 0 | H24: =+B24/1000000 -> 1.050485 | I24: =+C24/1000 -> 31.173 | J24: 1019312 | K24: 971816.9 | L24: 1066807.1
A26: 3. Población ocupada1/ | B26: 812132 | C26: =B26-J26 -> 80717 | D26: =C26/J26*100 -> 11.035732 | E26: =IF(B26<K26,-1,IF(B26>L26,1,0)) -> 1 | J26: 731415 | K26: 686045.91 | L26: 776784.09
A28: 3.1 Grupo de edad | B28: 812132 | C28: =B28-J28 -> 80717 | D28: =C28/J28*100 -> 11.035732 | E28: =IF(B28<K28,-1,IF(B28>L28,1,0)) -> 1 | F28: =+B28-F29 -> 0 | G28: =+C28-G29 -> 0 | J28: 731415 | K28: 686045.91 | L28: 776784.09
A29: De 15 a 24 años | B29: 80590 | C29: =B29-J29 -> 13925 | D29: =C29/J29*100 -> 20.888022 | E29: =IF(B29<K29,-1,IF(B29>L29,1,0)) -> 0 | F29: =SUM(B29:B34) -> 812132 | G29: =SUM(C29:C34) -> 80717 | J29: 66665 | K29: 52144.622 | L29: 81185.378
A30: De 25 a 34 años | B30: 205630 | C30: =B30-J30 -> 25662 | D30: =C30/J30*100 -> 14.259202 | E30: =IF(B30<K30,-1,IF(B30>L30,1,0)) -> 1 | J30: 179968 | K30: 158729.47 | L30: 201206.53
A31: De 35 a 44 años | B31: 239739 | C31: =B31-J31 -> 29467 | D31: =C31/J31*100 -> 14.013754 | E31: =IF(B31<K31,-1,IF(B31>L31,1,0)) -> 1 | J31: 210272 | K31: 187882.84 | L31: 232661.16
A32: De 45 a 59 años | B32: 222058 | C32: =B32-J32 -> 598 | D32: =C32/J32*100 -> 0.27002619 | E32: =IF(B32<K32,-1,IF(B32>L32,1,0)) -> 0 | J32: 221460 | K32: 200212.51 | L32: 242707.49
A33: De 60 años o más | B33: 63937 | C33: =B33-J33 -> 11005 | D33: =C33/J33*100 -> 20.790826 | E33: =IF(B33<K33,-1,IF(B33>L33,1,0)) -> 0 | J33: 52932 | K33: 41619.283 | L33: 64244.717
A34: No especificado | B34: 178 | C34: =B34-J34 -> 60 | D34: =C34/J34*100 -> 50.847458 | E34: 0 | J34: 118 | K34: - | L34: -
A36: 3.2 Condición de aseguramiento2/ | B36: 812132 | C36: =B36-J36 -> 80717 | D36: =C36/J36*100 -> 11.035732 | E36: =IF(B36<K36,-1,IF(B36>L36,1,0)) -> 1 | F36: =+B36-F37 -> 0 | G36: =+C36-G37 -> 0 | J36: 731415 | K36: 686045.91 | L36: 776784.09
A37: No tiene seguro por trabajo | B37: 255214 | C37: =B37-J37 -> -13887 | D37: =C37/J37*100 -> -5.1605159 | E37: =IF(B37<K37,-1,IF(B37>L37,1,0)) -> 0 | F37: =SUM(B37:B38) -> 812132 | G37: =SUM(C37:C38) -> 80717 | J37: 269101 | K37: 246454.62 | L37: 291747.38
A38: Tiene seguro por trabajo | B38: 556918 | C38: =B38-J38 -> 94604 | D38: =C38/J38*100 -> 20.463148 | E38: =IF(B38<K38,-1,IF(B38>L38,1,0)) -> 1 | J38: 462314 | K38: 428837.46 | L38: 495790.54
A40: 3.3 Nivel de educación3/ | B40: 812132 | C40: =B40-J40 -> 80717 | D40: =C40/J40*100 -> 11.035732 | E40: =IF(B40<K40,-1,IF(B40>L40,1,0)) -> 1 | F40: =+B40-F41 -> 0 | G40: =+C40-G41 -> 0 | J40: 731415 | K40: 686045.91 | L40: 776784.09
A41: Primaria incompleta o menos | B41: 47243 | C41: =B41-J41 -> -370 | D41: =C41/J41*100 -> -0.77709869 | E41: =IF(B41<K41,-1,IF(B41>L41,1,0)) -> 0 | F41: =SUM(B41:B47) -> 812132 | G41: =SUM(C41:C47) -> 80717 | J41: 47613 | K41: 39035.586 | L41: 56190.414
A42: Primaria completa | B42: 146920 | C42: =B42-J42 -> 17058 | D42: =C42/J42*100 -> 13.135482 | E42: =IF(B42<K42,-1,IF(B42>L42,1,0)) -> 1 | J42: 129862 | K42: 113031.01 | L42: 146692.99
A43: Secundaria incompleta | B43: 143013 | C43: =B43-J43 -> -13238 | D43: =C43/J43*100 -> -8.4722658 | E43: =IF(B43<K43,-1,IF(B43>L43,1,0)) -> 0 | J43: 156251 | K43: 135988.05 | L43: 176513.95
A44: Secundaria completa | B44: 156230 | C44: =B44-J44 -> 27502 | D44: =C44/J44*100 -> 21.364427 | E44: =IF(B44<K44,-1,IF(B44>L44,1,0)) -> 1 | J44: 128728 | K44: 107776.67 | L44: 149679.33
A45: Universitario sin título | B45: 50008 | C45: =B45-J45 -> -1443 | D45: =C45/J45*100 -> -2.8046102 | E45: =IF(B45<K45,-1,IF(B45>L45,1,0)) -> 0 | J45: 51451 | K45: 38627.503 | L45: 64274.497
A46: Universitario con título | B46: 268590 | C46: =B46-J46 -> 52441 | D46: =C46/J46*100 -> 24.261505 | E46: =IF(B46<K46,-1,IF(B46>L46,1,0)) -> 1 | J46: 216149 | K46: 189357 | L46: 242941
A47: No especificado | B47: 128 | C47: =B47-J47 -> -1233 | D47: =C47/J47*100 -> -90.595151 | E47: 0 | J47: 1361 | K47: 0 | L47: 3202.4825
A49: 3.4 Búsqueda para cambiar de trabajo4/ | B49: 812132 | C49: =B49-J49 -> 80717 | D49: =C49/J49*100 -> 11.035732 | E49: =IF(B49<K49,-1,IF(B49>L49,1,0)) -> 1 | F49: =+B49-F50 -> 0 | G49: =+C49-G50 -> 0 | J49: 731415 | K49: 686045.91 | L49: 776784.09
A50: Ocupado que no busca cambiar de trabajo | B50: 744926 | C50: =B50-J50 -> 90887 | D50: =C50/J50*100 -> 13.896266 | E50: =IF(B50<K50,-1,IF(B50>L50,1,0)) -> 1 | F50: =SUM(B50:B51) -> 812132 | G50: =SUM(C50:C51) -> 80717 | J50: 654039 | K50: 611498.3 | L50: 696579.7
A51: Ocupado que busca cambiar de trabajo | B51: 67206 | C51: =B51-J51 -> -10170 | D51: =C51/J51*100 -> -13.14361 | E51: =IF(B51<K51,-1,IF(B51>L51,1,0)) -> 0 | J51: 77376 | K51: 63728.34 | L51: 91023.66
A53: 3.5 Formalidad e informalidad | B53: 812132 | C53: =B53-J53 -> 80717 | D53: =C53/J53*100 -> 11.035732 | E53: =IF(B53<K53,-1,IF(B53>L53,1,0)) -> 1 | J53: 731415 | K53: 694663.6 | L53: 788464.4
A54: Ocupado con empleo formal | B54: 458710 | C54: =B54-J54 -> 72999 | D54: =C54/J54*100 -> 18.925828 | E54: =IF(B54<K54,-1,IF(B54>L54,1,0)) -> 1 | J54: 385711 | K54: 352775.3 | L54: 418646.7
A55: Ocupado con empleo informal | B55: 353422 | C55: =B55-J55 -> 7718 | D55: =C55/J55*100 -> 2.2325458 | E55: =IF(B55<K55,-1,IF(B55>L55,1,0)) -> 0 | J55: 345704 | K55: 317227.31 | L55: 374180.69
A57: 4. Población desempleada5/ | B57: 172498 | C57: =B57-J57 -> -86152 | D57: =C57/J57*100 -> -33.308332 | E57: =IF(B57<K57,-1,IF(B57>L57,1,0)) -> -1 | J57: 258650 | K57: 222523.38 | L57: 294776.62
A59: 4.1 Tipo desempleado | B59: 172498 | C59: =B59-J59 -> -86152 | D59: =C59/J59*100 -> -33.308332 | E59: =IF(B59<K59,-1,IF(B59>L59,1,0)) -> -1 | F59: =+B59-F61 -> 0 | G59: =+C59-G61 -> 0 | J59: 258650 | K59: 222523.38 | L59: 294776.62
A60: Con experiencia | B60: 142781 | C60: =B60-J60 -> -76356 | D60: =C60/J60*100 -> -34.843956 | E60: =IF(B60<K60,-1,IF(B60>L60,1,0)) -> -1 | F60: =+B60-F62 -> 0 | G60: =+C60-G62 -> 0 | J60: 219137 | K60: 193255.71 | L60: 245018.29
A61: Por razones del mercado y cierre de actividades propias6/ | B61: 111650 | C61: =B61-J61 -> -81731 | D61: =C61/J61*100 -> -42.264235 | E61: =IF(B61<K61,-1,IF(B61>L61,1,0)) -> -1 | F61: =+B60+B63 -> 172498 | G61: =+C60+C63 -> -86152 | J61: 193381 | K61: 170722.86 | L61: 216039.14
A62: Por razones personales7/ | B62: 31131 | C62: =B62-J62 -> 5375 | D62: =C62/J62*100 -> 20.868924 | E62: =IF(B62<K62,-1,IF(B62>L62,1,0)) -> 0 | F62: =+B62+B61 -> 142781 | G62: =+C62+C61 -> -76356 | J62: 25756 | K62: 16059.836 | L62: 35452.164
A63: Sin experiencia | B63: 29717 | C63: =B63-J63 -> -9796 | D63: =C63/J63*100 -> -24.791841 | E63: =IF(B63<K63,-1,IF(B63>L63,1,0)) -> 0 | J63: 39513 | K63: 27715.626 | L63: 51310.374
A65: 4.2 Grupo de edad | B65: 172498 | C65: =B65-J65 -> -86152 | D65: =C65/J65*100 -> -33.308332 | E65: =IF(B65<K65,-1,IF(B65>L65,1,0)) -> -1 | F65: =+B65-F66 -> 0 | G65: =+C65-G66 -> #VALUE! | J65: 258650 | K65: 222523.38 | L65: 294776.62
A66: De 15 a 24 años | B66: 52615 | C66: =B66-J66 -> -42484 | D66: =C66/J66*100 -> -44.673446 | E66: =IF(B66<K66,-1,IF(B66>L66,1,0)) -> -1 | F66: =SUM(B66:B71) -> 172498 | G66: =SUM(C66:C71) -> #VALUE! | J66: 95099 | K66: 78766.937 | L66: 111431.06
A67: De 25 a 34 años | B67: 45537 | C67: =B67-J67 -> -19116 | D67: =C67/J67*100 -> -29.567073 | E67: =IF(B67<K67,-1,IF(B67>L67,1,0)) -> -1 | J67: 64653 | K67: 52772.046 | L67: 76533.954
A68: De 35 a 44 años | B68: 44608 | C68: =B68-J68 -> -12295 | D68: =C68/J68*100 -> -21.606945 | E68: =IF(B68<K68,-1,IF(B68>L68,1,0)) -> 0 | J68: 56903 | K68: 41613.342 | L68: 72192.658
A69: De 45 a 59 años | B69: 27825 | C69: =B69-J69 -> -5570 | D69: =C69/J69*100 -> -16.679144 | E69: =IF(B69<K69,-1,IF(B69>L69,1,0)) -> 0 | J69: 33395 | K69: 22878.541 | L69: 43911.459
A70: De 60 años o más | B70: 1913 | C70: =B70-J70 -> -6605 | D70: =C70/J70*100 -> -77.541676 | E70: =IF(B70<K70,-1,IF(B70>L70,1,0)) -> -1 | J70: 8518 | K70: 3382.689 | L70: 13653.311
A71: No especificado | B71: - | C71: =B71-J71 -> #VALUE! | D71: =C71/J71*100 -> #VALUE! | E71: 0 | J71: 82 | K71: - | L71: -
A73: 4.3 Nivel de educación3/ | B73: 172498 | C73: =B73-J73 -> -86152 | D73: =C73/J73*100 -> -33.308332 | E73: =IF(B73<K73,-1,IF(B73>L73,1,0)) -> -1 | F73: =+B73-F74 -> 0 | G73: =+C73-G74 -> #VALUE! | J73: 258650 | K73: 222523.38 | L73: 294776.62
A74: Primaria incompleta o menos | B74: 13636 | C74: =B74-J74 -> 2231 | D74: =C74/J74*100 -> 19.561596 | E74: =IF(B74<K74,-1,IF(B74>L74,1,0)) -> 0 | F74: =SUM(B74:B80) -> 172498 | G74: =SUM(C74:C80) -> #VALUE! | J74: 11405 | K74: 6906.2477 | L74: 15903.752
A75: Primaria completa | B75: 27723 | C75: =B75-J75 -> -21470 | D75: =C75/J75*100 -> -43.644421 | E75: =IF(B75<K75,-1,IF(B75>L75,1,0)) -> -1 | J75: 49193 | K75: 36880.477 | L75: 61505.523
A76: Secundaria incompleta | B76: 46998 | C76: =B76-J76 -> -21929 | D76: =C76/J76*100 -> -31.814819 | E76: =IF(B76<K76,-1,IF(B76>L76,1,0)) -> -1 | J76: 68927 | K76: 52044.001 | L76: 85809.999
A77: Secundaria completa | B77: 50137 | C77: =B77-J77 -> -28614 | D77: =C77/J77*100 -> -36.334777 | E77: =IF(B77<K77,-1,IF(B77>L77,1,0)) -> -1 | J77: 78751 | K77: 63492.366 | L77: 94009.634
A78: Universitario sin título | B78: 12727 | C78: =B78-J78 -> -12525 | D78: =C78/J78*100 -> -49.600032 | E78: =IF(B78<K78,-1,IF(B78>L78,1,0)) -> -1 | J78: 25252 | K78: 17097.549 | L78: 33406.451
A79: Universitario con título | B79: 21277 | C79: =B79-J79 -> -3845 | D79: =C79/J79*100 -> -15.30531 | E79: =IF(B79<K79,-1,IF(B79>L79,1,0)) -> 0 | J79: 25122 | K79: 18171.857 | L79: 32072.143
A80: No especificado | B80: - | C80: =B80-J80 -> #VALUE! | D80: - | E80: 0 | J80: - | K80: - | L80: -
A82: 5. Población fuera de la fuerza de trabajo | B82: 1050485 | C82: =B82-J82 -> 31173 | D82: =C82/J82*100 -> 3.0582393 | E82: =IF(B82<K82,-1,IF(B82>L82,1,0)) -> 0 | J82: 1019312 | K82: 971816.9 | L82: 1066807.1
A84: 5.1 Disponibilidad | B84: 1050485 | C84: =B84-J84 -> 31173 | D84: =C84/J84*100 -> 3.0582393 | E84: =IF(B84<K84,-1,IF(B84>L84,1,0)) -> 0 | F84: =+B84-F85 -> 0 | G84: =+C84-G85 -> 0 | J84: 1019312 | K84: 971816.9 | L84: 1066807.1
A85: No disponible para trabajar8/ | B85: 963156 | C85: =B85-J85 -> 23034 | D85: =C85/J85*100 -> 2.4501075 | E85: =IF(B85<K85,-1,IF(B85>L85,1,0)) -> 0 | F85: =SUM(B85:B87) -> 1050485 | G85: =SUM(C85:C87) -> 31173 | J85: 940122 | K85: 893932.52 | L85: 986311.48
A86: Disponible con limitaciones9/ | B86: 69899 | C86: =B86-J86 -> 18101 | D86: =C86/J86*100 -> 34.945365 | E86: =IF(B86<K86,-1,IF(B86>L86,1,0)) -> 1 | J86: 51798 | K86: 44045.594 | L86: 59550.406
A87: Disponible desalentada10/ | B87: 17430 | C87: =B87-J87 -> -9962 | D87: =C87/J87*100 -> -36.368283 | E87: =IF(B87<K87,-1,IF(B87>L87,1,0)) -> -1 | J87: 27392 | K87: 21015.516 | L87: 33768.484
A89: 5.2 Grupo de edad | B89: 1050485 | C89: =B89-J89 -> 31173 | D89: =C89/J89*100 -> 3.0582393 | E89: =IF(B89<K89,-1,IF(B89>L89,1,0)) -> 0 | F89: =+B89-F90 -> 0 | G89: =+C89-G90 -> 0 | J89: 1019312 | K89: 971816.9 | L89: 1066807.1
A90: De 15 a 24 años | B90: 225406 | C90: =B90-J90 -> 23872 | D90: =C90/J90*100 -> 11.845148 | E90: =IF(B90<K90,-1,IF(B90>L90,1,0)) -> 1 | F90: =SUM(B90:B95) -> 1050485 | G90: =SUM(C90:C95) -> 31173 | J90: 201534 | K90: 181715.5 | L90: 221352.5
A91: De 25 a 34 años | B91: 97177 | C91: =B91-J91 -> -7611 | D91: =C91/J91*100 -> -7.2632362 | E91: =IF(B91<K91,-1,IF(B91>L91,1,0)) -> 0 | J91: 104788 | K91: 90838.98 | L91: 118737.02
A92: De 35 a 44 años | B92: 112567 | C92: =B92-J92 -> 21624 | D92: =C92/J92*100 -> 23.777531 | E92: =IF(B92<K92,-1,IF(B92>L92,1,0)) -> 1 | J92: 90943 | K92: 79146.425 | L92: 102739.57
A93: De 45 a 59 años | B93: 203738 | C93: =B93-J93 -> -7189 | D93: =C93/J93*100 -> -3.4082882 | E93: =IF(B93<K93,-1,IF(B93>L93,1,0)) -> 0 | J93: 210927 | K93: 191595.05 | L93: 230258.95
A94: De 60 años o más | B94: 410510 | C94: =B94-J94 -> 859 | D94: =C94/J94*100 -> 0.20969069 | E94: =IF(B94<K94,-1,IF(B94>L94,1,0)) -> 0 | J94: 409651 | K94: 373863.56 | L94: 445438.44
A95: No especificado | B95: 1087 | C95: =B95-J95 -> -382 | D95: =C95/J95*100 -> -26.004084 | E95: 0 | J95: 1469 | K95: 0 | L95: 3793.8591
A97: 5.3 Nivel de educación3/ | B97: 1050485 | C97: =B97-J97 -> 31173 | D97: =C97/J97*100 -> 3.0582393 | E97: =IF(B97<K97,-1,IF(B97>L97,1,0)) -> 0 | F97: =+B97-F98 -> 0 | G97: =+C97-G98 -> 0 | J97: 1019312 | K97: 971816.9 | L97: 1066807.1
A98: Primaria incompleta o menos | B98: 193157 | C98: =B98-J98 -> -8537 | D98: =C98/J98*100 -> -4.2326495 | E98: =IF(B98<K98,-1,IF(B98>L98,1,0)) -> 0 | F98: =SUM(B98:B104) -> 1050485 | G98: =SUM(C98:C104) -> 31173 | J98: 201694 | K98: 184003.53 | L98: 219384.47
A99: Primaria completa | B99: 283180 | C99: =B99-J99 -> -20098 | D99: =C99/J99*100 -> -6.6269232 | E99: =IF(B99<K99,-1,IF(B99>L99,1,0)) -> 0 | J99: 303278 | K99: 274435.56 | L99: 332120.44
A100: Secundaria incompleta | B100: 261600 | C100: =B100-J100 -> 29619 | D100: =C100/J100*100 -> 12.767856 | E100: =IF(B100<K100,-1,IF(B100>L100,1,0)) -> 1 | J100: 231981 | K100: 210776.35 | L100: 253185.65
A101: Secundaria completa | B101: 138848 | C101: =B101-J101 -> -5019 | D101: =C101/J101*100 -> -3.4886388 | E101: =IF(B101<K101,-1,IF(B101>L101,1,0)) -> 0 | J101: 143867 | K101: 124551.44 | L101: 163182.56
A102: Universitario sin título | B102: 55621 | C102: =B102-J102 -> 1888 | D102: =C102/J102*100 -> 3.5136694 | E102: =IF(B102<K102,-1,IF(B102>L102,1,0)) -> 0 | J102: 53733 | K102: 43579.08 | L102: 63886.92
A103: Universitario con título | B103: 117983 | C103: =B103-J103 -> 33668 | D103: =C103/J103*100 -> 39.93121 | E103: =IF(B103<K103,-1,IF(B103>L103,1,0)) -> 1 | J103: 84315 | K103: 68385.234 | L103: 100244.77
A104: No especificado | B104: 96 | C104: =B104-J104 -> -348 | D104: =C104/J104*100 -> -78.378378 | E104: 0 | J104: 444 | K104: 51.519835 | L104: 836.48017
A106: 6. Porcentajes
A108: 6.1 Tasas de la población de 15 años o más
A109: Tasa neta de participación | B109: 48.382032 | C109: =B109-J109 -> -0.89020465 | D109: =C109/J109*100 -> -1.8067064 | E109: =IF(B109<K109,-1,IF(B109>L109,1,0)) -> 0 | J109: 49.272237 | K109: 47.319709 | L109: 51.224765
A110: Tasa de ocupación11/ | B110: 39.905951 | C110: =B110-J110 -> 3.5058631 | D110: =C110/J110*100 -> 9.6314686 | E110: =IF(B110<K110,-1,IF(B110>L110,1,0)) -> 1 | J110: 36.400088 | K110: 34.717232 | L110: 38.082944
A111: Tasa de no participación | B111: 51.617968 | C111: =B111-J111 -> 0.89020465 | D111: =C111/J111*100 -> 1.7548668 | E111: =IF(B111<K111,-1,IF(B111>L111,1,0)) -> 0 | J111: 50.727763 | K111: 48.775235 | L111: 52.680291
A113: 6.2 Tasas de la fuerza de trabajo
A114: Tasa de desempleo12/ | B114: 17.519068 | C114: =B114-J114 -> -8.6054793 | D114: =C114/J114*100 -> -32.940204 | E114: =IF(B114<K114,-1,IF(B114>L114,1,0)) -> -1 | J114: 26.124547 | K114: 23.311243 | L114: 28.937852
A115: Tasa de presión general13/ | B115: 24.344576 | C115: =B115-J115 -> -9.5952157 | D115: =C115/J115*100 -> -28.271286 | E115: =IF(B115<K115,-1,IF(B115>L115,1,0)) -> -1 | J115: 33.939792 | K115: 31.165136 | L115: 36.714447
A117: 6.3 Porcentaje de la población ocupada
A118: Porcentaje de ocupados con seguro por trabajo14/ | B118: 68.574813 | C118: =B118-J118 -> 5.366648 | D118: =C118/J118*100 -> 8.4904347 | E118: =IF(B118<K118,-1,IF(B118>L118,1,0)) -> 1 | J118: 63.208165 | K118: 60.918423 | L118: 65.497907
A119: Porcentaje de ocupados con subempleo | B119: 15.357602 | C119: =B119-J119 -> -4.6731603 | D119: =C119/J119*100 -> -23.329918 | E119: =IF(B119<K119,-1,IF(B119>L119,1,0)) -> -1 | J119: 20.030762 | K119: 17.799213 | L119: 22.262312
A120: Porcentaje de ocupados con empleo informal15/ | B120: 43.517803 | C120: =B120-J120 -> -3.7472932 | D120: =C120/J120*100 -> -7.9282463 | E120: =IF(B120<K120,-1,IF(B120>L120,1,0)) -> -1 | J120: 47.265096 | K120: 44.438888 | L120: 50.091303
A122: 6.4 Otros indicadores complementarios
A123: Tasa de desempleo ampliado16/ | B123: 18.953755 | C123: =B123-J123 -> -9.1596687 | D123: =C123/J123*100 -> -32.581121 | E123: =IF(B123<K123,-1,IF(B123>L123,1,0)) -> -1 | J123: 28.113424 | K123: 25.368218 | L123: 30.85863
A124: 1/ Personas en la fuerza de trabajo que participaron en la producción de bienes y servicios económicos (trabajaron) por lo menos una hora en la semana de referencia. Incluye a las personas que pese a tener trabajo no lo realizaron en la semana de referencia, por alguna circunstancia especial pero tienen garantía de retornar al trabajo, siguen recibiendo sueldo por el trabajo y su periodo de ausencia no sobrepasa un mes.
...

Sheet C2 total
A1: Cuadro 2
A2: Costa Rica: Población ocupada según características del empleo
A3: ='C1 total'!A3:E3 -> I Trimestre 2022 | H3: Mismo trimestre año anterior
A4: Características del empleo | B4: =+'C1 total'!B4 -> I 2022 | C4: Variación Interanual | E4: Resultado de la prueba de significancia | F4: Para boletín | H4: Estimación | I4: Intervalo de confianza al 95%
B5: =+'C1 total'!B5 -> Ene - Mar | C5: Diferencia | D5: % | F5: Q | I5: Inferior | J5: Superior
A7: 1. Rama de actividad | B7: 2102076 | C7: =B7-H7 -> 109722 | D7: =C7/H7*100 -> 5.5071538 | E7: =IF(B7<I7,-1,IF(B7>J7,1,0)) -> 1 | F7: =+B7/1000000 -> 2.102076 | G7: =+C7/1000 -> 109.722 | H7: 1992354 | I7: 1899170.2 | J7: 2085537.8
A9: 1.1 Sector primario | B9: 224462 | C9: =B9-H9 -> -41849 | D9: =C9/H9*100 -> -15.714334 | E9: =IF(B9<I9,-1,IF(B9>J9,1,0)) -> -1 | F9: =+B9/1000 -> 224.462 | G9: =+C9/1000 -> -41.849 | H9: 266311 | I9: 237588.73 | J9: 295033.27
A10: Agricultura, ganadería y pesca | B10: 224462 | C10: =B10-H10 -> -41849 | D10: =C10/H10*100 -> -15.714334 | E10: =IF(B10<I10,-1,IF(B10>J10,1,0)) -> -1 | H10: 266311 | I10: 237588.73 | J10: 295033.27
A12: 1.2 Sector secundario | B12: 381845 | C12: =B12-H12 -> 17049 | D12: =C12/H12*100 -> 4.673571 | E12: =IF(B12<I12,-1,IF(B12>J12,1,0)) -> 0 | F12: =+B12/1000 -> 381.845 | G12: =+C12/1000 -> 17.049 | H12: 364796 | I12: 322409.09 | J12: 407182.91
A13: Industria manufacturera | B13: 228199 | C13: =B13-H13 -> 25299 | D13: =C13/H13*100 -> 12.468704 | E13: =IF(B13<I13,-1,IF(B13>J13,1,0)) -> 0 | H13: 202900 | I13: 174538.61 | J13: 231261.39
A14: Construcción | B14: 127693 | C14: =B14-H14 -> -7383 | D14: =C14/H14*100 -> -5.4658118 | E14: =IF(B14<I14,-1,IF(B14>J14,1,0)) -> 0 | H14: 135076 | I14: 109944.88 | J14: 160207.12
A15: Otros1/ | B15: 25953 | C15: =B15-H15 -> -867 | D15: =C15/H15*100 -> -3.2326622 | E15: =IF(B15<I15,-1,IF(B15>J15,1,0)) -> 0 | H15: 26820 | I15: 19203.242 | J15: 34436.758
A17: 1.3 Sector comercio y servicios | B17: 1484935 | C17: =B17-H17 -> 142713 | D17: =C17/H17*100 -> 10.632593 | E17: =IF(B17<I17,-1,IF(B17>J17,1,0)) -> 1 | F17: =+B17/1000000 -> 1.484935 | G17: =+C17/1000 -> 142.713 | H17: 1342222 | I17: 1271638.5 | J17: 1412805.5
A18: Comercio y reparación | B18: 353476 | C18: =B18-H18 -> 18441 | D18: =C18/H18*100 -> 5.5042011 | E18: =IF(B18<I18,-1,IF(B18>J18,1,0)) -> 0 | F18: =+B18/1000 -> 353.476 | G18: =+C18/1000 -> 18.441 | H18: 335035 | I18: 295930.95 | J18: 374139.05
A19: Transporte y almacenamiento | B19: 110539 | C19: =B19-H19 -> 5395 | D19: =C19/H19*100 -> 5.1310584 | E19: =IF(B19<I19,-1,IF(B19>J19,1,0)) -> 0 | F19: =+B19/1000 -> 110.539 | G19: =+C19/1000 -> 5.395 | H19: 105144 | I19: 87029.19 | J19: 123258.81
A20: Hoteles y restaurantes | B20: 138060 | C20: =B20-H20 -> 22698 | D20: =C20/H20*100 -> 19.675456 | E20: =IF(B20<I20,-1,IF(B20>J20,1,0)) -> 1 | F20: =+B20/1000 -> 138.06 | G20: =+C20/1000 -> 22.698 | H20: 115362 | I20: 98137.105 | J20: 132586.89
A21: Intermediación financiera y de seguros | B21: 41445 | C21: =B21-H21 -> 5715 | D21: =C21/H21*100 -> 15.994962 | E21: =IF(B21<I21,-1,IF(B21>J21,1,0)) -> 0 | F21: =+B21/1000 -> 41.445 | G21: =+C21/1000 -> 5.715 | H21: 35730 | I21: 25092.411 | J21: 46367.589
A22: Actividades profesionales y administrativas de apoyo | B22: 195326 | C22: =B22-H22 -> 21742 | D22: =C22/H22*100 -> 12.525348 | E22: =IF(B22<I22,-1,IF(B22>J22,1,0)) -> 0 | F22: =+B22/1000 -> 195.326 | G22: =+C22/1000 -> 21.742 | H22: 173584 | I22: 145591.7 | J22: 201576.3
A23: Administración pública | B23: 85290 | C23: =B23-H23 -> 7485 | D23: =C23/H23*100 -> 9.6202044 | E23: =IF(B23<I23,-1,IF(B23>J23,1,0)) -> 0 | F23: =+B23/1000 -> 85.29 | G23: =+C23/1000 -> 7.485 | H23: 77805 | I23: 63242.339 | J23: 92367.661
A24: Enseñanza y salud | B24: 226764 | C24: =B24-H24 -> 20408 | D24: =C24/H24*100 -> 9.8897052 | E24: =IF(B24<I24,-1,IF(B24>J24,1,0)) -> 0 | F24: =+B24/1000 -> 226.764 | G24: =+C24/1000 -> 20.408 | H24: 206356 | I24: 181026.05 | J24: 231685.95
A25: Comunicación y otros servicios2/ | B25: 194214 | C25: =B25-H25 -> 17163 | D25: =C25/H25*100 -> 9.693817 | E25: =IF(B25<I25,-1,IF(B25>J25,1,0)) -> 0 | F25: =+B25/1000 -> 194.214 | G25: =+C25/1000 -> 17.163 | H25: 177051 | I25: 152174.66 | J25: 201927.34
A26: Hogares como empleadores | B26: 139821 | C26: =B26-H26 -> 23666 | D26: =C26/H26*100 -> 20.3745 | E26: =IF(B26<I26,-1,IF(B26>J26,1,0)) -> 1 | F26: =+B26/1000 -> 139.821 | G26: =+C26/1000 -> 23.666 | H26: 116155 | I26: 97794.628 | J26: 134515.37
A28: 1.4 No especificado | B28: 10834 | C28: =B28-H28 -> -8191 | D28: =C28/H28*100 -> -43.053876 | E28: 0 | H28: 19025 | I28: 10043.656 | J28: 28006.344
A30: 2. Grupo ocupacional | B30: 2102076 | C30: =B30-H30 -> 109722 | D30: =C30/H30*100 -> 5.5071538 | E30: =IF(B30<I30,-1,IF(B30>J30,1,0)) -> 1 | H30: 1992354 | I30: 1899170.2 | J30: 2085537.8
A32: Directores y Gerentes | B32: 23139 | C32: =B32-H32 -> 6246 | D32: =C32/H32*100 -> 36.973895 | E32: =IF(B32<I32,-1,IF(B32>J32,1,0)) -> 0 | H32: 16893 | I32: 10180.687 | J32: 23605.313
A33: Profesionales, científicos e intelectuales | B33: 241940 | C33: =B33-H33 -> 18299 | D33: =C33/H33*100 -> 8.18231 | E33: =IF(B33<I33,-1,IF(B33>J33,1,0)) -> 0 | H33: 223641 | I33: 195551.77 | J33: 251730.23
A34: Técnicos y profesionales de nivel medio | B34: 240186 | C34: =B34-H34 -> 56198 | D34: =C34/H34*100 -> 30.544383 | E34: =IF(B34<I34,-1,IF(B34>J34,1,0)) -> 1 | H34: 183988 | I34: 158516.55 | J34: 209459.45
A35: Personal de apoyo administrativo | B35: 135129 | C35: =B35-H35 -> 5843 | D35: =C35/H35*100 -> 4.5194375 | E35: =IF(B35<I35,-1,IF(B35>J35,1,0)) -> 0 | H35: 129286 | I35: 106385.02 | J35: 152186.98
A36: Trabajadores de los servicios y vendedores de comercios y mercados | B36: 435471 | C36: =B36-H36 -> 23589 | D36: =C36/H36*100 -> 5.7271257 | E36: =IF(B36<I36,-1,IF(B36>J36,1,0)) -> 0 | H36: 411882 | I36: 377391.85 | J36: 446372.15
A37: Agricultores y trabajadores calificados agropecuarios, forestales y pesqueros | B37: 66071 | C37: =B37-H37 -> -4158 | D37: =C37/H37*100 -> -5.9206311 | E37: =IF(B37<I37,-1,IF(B37>J37,1,0)) -> 0 | H37: 70229 | I37: 57704.692 | J37: 82753.308
A38: Oficiales, operarios y artesanos de artes mecánicas y de otros oficios | B38: 253806 | C38: =B38-H38 -> 10737 | D38: =C38/H38*100 -> 4.4172642 | E38: =IF(B38<I38,-1,IF(B38>J38,1,0)) -> 0 | H38: 243069 | I38: 214300.37 | J38: 271837.63
A39: Operadores de instalaciones y máquinas y ensambladores | B39: 171235 | C39: =B39-H39 -> 18332 | D39: =C39/H39*100 -> 11.9893 | E39: =IF(B39<I39,-1,IF(B39>J39,1,0)) -> 0 | H39: 152903 | I39: 131135.45 | J39: 174670.55
A40: Ocupaciones elementales | B40: 513723 | C40: =B40-H40 -> -18832 | D40: =C40/H40*100 -> -3.5361606 | E40: =IF(B40<I40,-1,IF(B40>J40,1,0)) -> 0 | H40: 532555 | I40: 489621 | J40: 575489
A41: No especificado | B41: 21376 | C41: =B41-H41 -> -6532 | D41: =C41/H41*100 -> -23.405475 | E41: 0 | H41: 27908 | I41: 17063.437 | J41: 38752.563
A43: 3. Calificación del grupo ocupacional | B43: 2102076 | C43: =B43-H43 -> 109722 | D43: =C43/H43*100 -> 5.5071538 | E43: =IF(B43<I43,-1,IF(B43>J43,1,0)) -> 1 | H43: 1992354 | I43: 1899170.2 | J43: 2085537.8
A45: Ocupación calificada alta3/ | B45: 505265 | C45: =B45-H45 -> 80743 | D45: =C45/H45*100 -> 19.019745 | E45: =IF(B45<I45,-1,IF(B45>J45,1,0)) -> 1 | F45: =+B45/1000 -> 505.265 | G45: =+C45/1000 -> 80.743 | H45: 424522 | I45: 382658.33 | J45: 466385.67
A46: Ocupación calificada media4/ | B46: 1061712 | C46: =B46-H46 -> 54343 | D46: =C46/H46*100 -> 5.3945476 | E46: =IF(B46<I46,-1,IF(B46>J46,1,0)) -> 0 | F46: =+B46/1000 -> 1061.712 | G46: =+C46/1000 -> 54.343 | H46: 1007369 | I46: 947488.54 | J46: 1067249.5
A47: Ocupación no calificada | B47: 513723 | C47: =B47-H47 -> -18832 | D47: =C47/H47*100 -> -3.5361606 | E47: =IF(B47<I47,-1,IF(B47>J47,1,0)) -> 0 | F47: =+B47/1000 -> 513.723 | G47: =+C47/1000 -> -18.832 | H47: 532555 | I47: 489621 | J47: 575489
A48: No especificado | B48: 21376 | C48: =B48-H48 -> -6532 | D48: =C48/H48*100 -> -23.405475 | E48: 0 | H48: 27908 | I48: 17063.437 | J48: 38752.563
A50: 4. Sector institucional | B50: 2102076 | C50: =B50-H50 -> 109722 | D50: =C50/H50*100 -> 5.5071538 | E50: =IF(B50<I50,-1,IF(B50>J50,1,0)) -> 1 | H50: 1992354 | I50: 1899170.2 | J50: 2085537.8
A52: Público | B52: 280992 | C52: =B52-H52 -> 15887 | D52: =C52/H52*100 -> 5.9927199 | E52: =IF(B52<I52,-1,IF(B52>J52,1,0)) -> 0 | H52: 265105 | I52: 234575.99 | J52: 295634.01
A53: Privado | B53: 1821084 | C53: =B53-H53 -> 93835 | D53: =C53/H53*100 -> 5.4326273 | E53: =IF(B53<I53,-1,IF(B53>J53,1,0)) -> 1 | H53: 1727249 | I53: 1640431.8 | J53: 1814066.2
A54: No especificado | B54: 0 | C54: 0 | D54: - | E54: 0 | H54: - | I54: - | J54: -
A56: 5. Posición en el empleo principal | B56: 2102076 | C56: =B56-H56 -> 109722 | D56: =C56/H56*100 -> 5.5071538 | E56: =IF(B56<I56,-1,IF(B56>J56,1,0)) -> 1 | H56: 1992354 | I56: 1899170.2 | J56: 2085537.8
A58: Asalariada | B58: 1532234 | C58: =B58-H58 -> 95703 | D58: =C58/H58*100 -> 6.6620908 | E58: =IF(B58<I58,-1,IF(B58>J58,1,0)) -> 1 | F58: =+B58/1000 -> 1532.234 | G58: =+C58/1000 -> 95.703 | H58: 1436531 | I58: 1358847.5 | J58: 1514214.5
A59: Cuenta propia | B59: 470425 | C59: =B59-H59 -> 12464 | D59: =C59/H59*100 -> 2.7216291 | E59: =IF(B59<I59,-1,IF(B59>J59,1,0)) -> 0 | F59: =+B59/1000 -> 470.425 | G59: =+C59/1000 -> 12.464 | H59: 457961 | I59: 423277.83 | J59: 492644.17
A60: Empleadora | B60: 67571 | C60: =B60-H60 -> 3862 | D60: =C60/H60*100 -> 6.0619379 | E60: =IF(B60<I60,-1,IF(B60>J60,1,0)) -> 0 | F60: =+B60/1000 -> 67.571 | G60: =+C60/1000 -> 3.862 | H60: 63709 | I60: 49208.268 | J60: 78209.732
A61: Auxiliar no remunerado5/ | B61: 31846 | C61: =B61-H61 -> -2307 | D61: =C61/H61*100 -> -6.7548971 | E61: =IF(B61<I61,-1,IF(B61>J61,1,0)) -> 0 | F61: =+B61/1000 -> 31.846 | G61: =+C61/1000 -> -2.307 | H61: 34153 | I61: 26202.797 | J61: 42103.203
A62: 1/ Incluye explotación de minas y canteras, suministros de electricidad, gas, vapor y aire acondicionado, suministros de agua, evacuación de aguas residuales y gestión de desechos y contaminación.
A63: 2/ Incluye información y comunicaciones, actividades inmobiliarias, actividades artísticas, de entretenimiento y recreativas, actividades de organizaciones y órganos extraterritoriales y otras actividades de servicios.
A64: 3/ Incluye directores y gerentes, nivel profesional, científico e intelectual, nivel técnico y profesional medio.
A65: 4/ Incluye apoyo administrativo, ventas en locales y prestación de servicios directos a personas, agropecuario, agrícolas y pesqueras calificadas, producción artesanal, construcción, mecánica, artes gráficas y manufacturas calificadas y montaje y operación de instalaciones y máquinas.
A66: 5/ Personas con trabajo, familiares o no familiares, que participan de alguna actividad económica utilizando su propia fuerza de trabajo en la unidad económica del hogar (ayuda a un cuenta propia) o como auxilio a una persona que a su vez es empleada (ayuda a un asalariado), esto sin recibir ningún tipo de pago, ni en dinero ni en especie.
A67: * Coeficiente de variación mayor al 20%. El coeficiente de variación es una medida relativa del error estándar y es la más utilizada para medir el nivel de precisión, ya que permite comparar niveles de precisión de estimaciones con diferentes unidades de medida. Estimaciones con coeficientes de variación menores al 5% se consideran muy precisas, hasta un 10% precisas, entre un 10% y 15% regularmente precisas, entre 15% y 20% aceptables, y estimaciones con coeficientes de variación mayores al 20% no son precisas y se deben utilizar con precaución.
A68: Fuente: INEC-Costa Rica. Encuesta Continua de Empleo (ECE), 2022.
A69: 1 | B69: -1 | C69: 0

Sheet C2 urbano
A1: Cuadro 2.1
A2: Costa Rica zona urbana: Población ocupada según características del empleo
A3: =+'C2 total'!A3:E3 -> I Trimestre 2022 | H3: Mismo trimestre año anterior
A4: Características del empleo | B4: =+'C2 total'!B4 -> I 2022 | C4: Variación Interanual | E4: Resultado de la prueba de significancia | F4: Para boletín | H4: Estimación | I4: Intervalo de confianza al 95%
B5: =+'C2 total'!B5 -> Ene - Mar | C5: Diferencia | D5: % | F5: Q | I5: Inferior | J5: Superior
A7: 1. Rama de actividad | B7: 1566482 | C7: =B7-H7 -> 98346 | D7: =C7/H7*100 -> 6.6986982 | E7: =IF(B7<I7,-1,IF(B7>J7,1,0)) -> 1 | F7: =+B7/1000000 -> 1.566482 | G7: =+C7/1000 -> 98.346 | H7: 1468136 | I7: 1377610.3 | J7: 1558661.7
A9: 1.1 Sector primario | B9: 63504 | C9: =B9-H9 -> -15345 | D9: =C9/H9*100 -> -19.461249 | E9: =IF(B9<I9,-1,IF(B9>J9,1,0)) -> 0 | F9: =+B9/1000 -> 63.504 | G9: =+C9/1000 -> -15.345 | H9: 78849 | I9: 59474.237 | J9: 98223.763
A10: Agricultura, ganadería y pesca | B10: 63504 | C10: =B10-H10 -> -15345 | D10: =C10/H10*100 -> -19.461249 | E10: =IF(B10<I10,-1,IF(B10>J10,1,0)) -> 0 | H10: 78849 | I10: 59474.237 | J10: 98223.763
A12: 1.2 Sector secundario | B12: 303438 | C12: =B12-H12 -> 15112 | D12: =C12/H12*100 -> 5.2412894 | E12: =IF(B12<I12,-1,IF(B12>J12,1,0)) -> 0 | F12: =+B12/1000 -> 303.438 | G12: =+C12/1000 -> 15.112 | H12: 288326 | I12: 246889.36 | J12: 329762.64
A13: Industria manufacturera | B13: 190723 | C13: =B13-H13 -> 29233 | D13: =C13/H13*100 -> 18.10205 | E13: =IF(B13<I13,-1,IF(B13>J13,1,0)) -> 1 | H13: 161490 | I13: 134009.67 | J13: 188970.33
A14: Construcción | B14: 95191 | C14: =B14-H14 -> -12192 | D14: =C14/H14*100 -> -11.353752 | E14: =IF(B14<I14,-1,IF(B14>J14,1,0)) -> 0 | H14: 107383 | I14: 82678.752 | J14: 132087.25
A15: Otros1/ | B15: 17524 | C15: =B15-H15 -> -1929 | D15: =C15/H15*100 -> -9.9162083 | E15: =IF(B15<I15,-1,IF(B15>J15,1,0)) -> 0 | H15: 19453 | I15: 12132.31 | J15: 26773.69
A17: 1.3 Sector comercio y servicios | B17: 1188957 | C17: =B17-H17 -> 105907 | D17: =C17/H17*100 -> 9.7785882 | E17: =IF(B17<I17,-1,IF(B17>J17,1,0)) -> 1 | F17: =+B17/1000000 -> 1.188957 | G17: =+C17/1000 -> 105.907 | H17: 1083050 | I17: 1014367.9 | J17: 1151732.1
A18: Comercio y reparación | B18: 284165 | C18: =B18-H18 -> 9657 | D18: =C18/H18*100 -> 3.5179303 | E18: =IF(B18<I18,-1,IF(B18>J18,1,0)) -> 0 | F18: =+B18/1000 -> 284.165 | G18: =+C18/1000 -> 9.657 | H18: 274508 | I18: 236057.94 | J18: 312958.06
A19: Transporte y almacenamiento | B19: 91677 | C19: =B19-H19 -> 7991 | D19: =C19/H19*100 -> 9.5487895 | E19: =IF(B19<I19,-1,IF(B19>J19,1,0)) -> 0 | F19: =+B19/1000 -> 91.677 | G19: =+C19/1000 -> 7.991 | H19: 83686 | I19: 65973.309 | J19: 101398.69
A20: Hoteles y restaurantes | B20: 104714 | C20: =B20-H20 -> 21606 | D20: =C20/H20*100 -> 25.997497 | E20: =IF(B20<I20,-1,IF(B20>J20,1,0)) -> 1 | F20: =+B20/1000 -> 104.714 | G20: =+C20/1000 -> 21.606 | H20: 83108 | I20: 66658.472 | J20: 99557.528
A21: Intermediación financiera y de seguros | B21: 36228 | C21: =B21-H21 -> 3915 | D21: =C21/H21*100 -> 12.115867 | E21: =IF(B21<I21,-1,IF(B21>J21,1,0)) -> 0 | F21: =+B21/1000 -> 36.228 | G21: =+C21/1000 -> 3.915 | H21: 32313 | I21: 21769.958 | J21: 42856.042
A22: Actividades profesionales y administrativas de apoyo | B22: 161988 | C22: =B22-H22 -> 12948 | D22: =C22/H22*100 -> 8.6876006 | E22: =IF(B22<I22,-1,IF(B22>J22,1,0)) -> 0 | F22: =+B22/1000 -> 161.988 | G22: =+C22/1000 -> 12.948 | H22: 149040 | I22: 121295.83 | J22: 176784.17
A23: Administración pública | B23: 68319 | C23: =B23-H23 -> 8076 | D23: =C23/H23*100 -> 13.405707 | E23: =IF(B23<I23,-1,IF(B23>J23,1,0)) -> 0 | F23: =+B23/1000 -> 68.319 | G23: =+C23/1000 -> 8.076 | H23: 60243 | I23: 46136.092 | J23: 74349.908
A24: Enseñanza y salud | B24: 181086 | C24: =B24-H24 -> 11161 | D24: =C24/H24*100 -> 6.5681918 | E24: =IF(B24<I24,-1,IF(B24>J24,1,0)) -> 0 | F24: =+B24/1000 -> 181.086 | G24: =+C24/1000 -> 11.161 | H24: 169925 | I24: 145113.1 | J24: 194736.9
A25: Comunicación y otros servicios2/ | B25: 159365 | C25: =B25-H25 -> 12477 | D25: =C25/H25*100 -> 8.4942269 | E25: =IF(B25<I25,-1,IF(B25>J25,1,0)) -> 0 | F25: =+B25/1000 -> 159.365 | G25: =+C25/1000 -> 12.477 | H25: 146888 | I25: 122569.84 | J25: 171206.16
A26: Hogares como empleadores | B26: 101415 | C26: =B26-H26 -> 18076 | D26: =C26/H26*100 -> 21.689725 | E26: =IF(B26<I26,-1,IF(B26>J26,1,0)) -> 1 | F26: =+B26/1000 -> 101.415 | G26: =+C26/1000 -> 18.076 | H26: 83339 | I26: 65632.729 | J26: 101045.27
A28: 1.4 No especificado | B28: 10583 | C28: =B28-H28 -> -7328 | D28: =C28/H28*100 -> -40.913405 | E28: 0 | H28: 17911 | I28: 8969.5992 | J28: 26852.401
A30: 2. Grupo ocupacional | B30: 1566482 | C30: =B30-H30 -> 98346 | D30: =C30/H30*100 -> 6.6986982 | E30: =IF(B30<I30,-1,IF(B30>J30,1,0)) -> 1 | H30: 1468136 | I30: 1377610.3 | J30: 1558661.7
A32: Directores y Gerentes | B32: 21772 | C32: =B32-H32 -> 6661 | D32: =C32/H32*100 -> 44.080471 | E32: =IF(B32<I32,-1,IF(B32>J32,1,0)) -> 1 | H32: 15111 | I32: 8462.9848 | J32: 21759.015
A33: Profesionales, científicos e intelectuales | B33: 203933 | C33: =B33-H33 -> 8160 | D33: =C33/H33*100 -> 4.1680926 | E33: =IF(B33<I33,-1,IF(B33>J33,1,0)) -> 0 | H33: 195773 | I33: 168012.39 | J33: 223533.61
A34: Técnicos y profesionales de nivel medio | B34: 206566 | C34: =B34-H34 -> 47454 | D34: =C34/H34*100 -> 29.824275 | E34: =IF(B34<I34,-1,IF(B34>J34,1,0)) -> 1 | H34: 159112 | I34: 134040.11 | J34: 184183.89
A35: Personal de apoyo administrativo | B35: 113327 | C35: =B35-H35 -> 6545 | D35: =C35/H35*100 -> 6.1293102 | E35: =IF(B35<I35,-1,IF(B35>J35,1,0)) -> 0 | H35: 106782 | I35: 84241.24 | J35: 129322.76
A36: Trabajadores de los servicios y vendedores de comercios y mercados | B36: 335291 | C36: =B36-H36 -> 5729 | D36: =C36/H36*100 -> 1.7383679 | E36: =IF(B36<I36,-1,IF(B36>J36,1,0)) -> 0 | H36: 329562 | I36: 295846.4 | J36: 363277.6
A37: Agricultores y trabajadores calificados agropecuarios, forestales y pesqueros | B37: 18249 | C37: =B37-H37 -> 940 | D37: =C37/H37*100 -> 5.4307008 | E37: =IF(B37<I37,-1,IF(B37>J37,1,0)) -> 0 | H37: 17309 | I37: 7683.2343 | J37: 26934.766
A38: Oficiales, operarios y artesanos de artes mecánicas y de otros oficios | B38: 202232 | C38: =B38-H38 -> 17574 | D38: =C38/H38*100 -> 9.5170531 | E38: =IF(B38<I38,-1,IF(B38>J38,1,0)) -> 0 | H38: 184658 | I38: 156601.58 | J38: 212714.42
A39: Operadores de instalaciones y máquinas y ensambladores | B39: 135600 | C39: =B39-H39 -> 21689 | D39: =C39/H39*100 -> 19.040303 | E39: =IF(B39<I39,-1,IF(B39>J39,1,0)) -> 1 | H39: 113911 | I39: 92829.809 | J39: 134992.19
A40: Ocupaciones elementales | B40: 309671 | C40: =B40-H40 -> -10522 | D40: =C40/H40*100 -> -3.286143 | E40: =IF(B40<I40,-1,IF(B40>J40,1,0)) -> 0 | H40: 320193 | I40: 281251.5 | J40: 359134.5
A41: No especificado | B41: 19841 | C41: =B41-H41 -> -5884 | D41: =C41/H41*100 -> -22.872692 | E41: 0 | H41: 25725 | I41: 14987.379 | J41: 36462.621
A43: 3. Calificación del grupo ocupacional | B43: 1566482 | C43: =B43-H43 -> 98346 | D43: =C43/H43*100 -> 6.6986982 | E43: =IF(B43<I43,-1,IF(B43>J43,1,0)) -> 1 | H43: 1468136 | I43: 1377610.3 | J43: 1558661.7
A45: Ocupación calificada alta3/ | B45: 432271 | C45: =B45-H45 -> 62275 | D45: =C45/H45*100 -> 16.831263 | E45: =IF(B45<I45,-1,IF(B45>J45,1,0)) -> 1 | F45: =+B45/1000 -> 432.271 | G45: =+C45/1000 -> 62.275 | H45: 369996 | I45: 328695.54 | J45: 411296.46
A46: Ocupación calificada media4/ | B46: 804699 | C46: =B46-H46 -> 52477 | D46: =C46/H46*100 -> 6.976265 | E46: =IF(B46<I46,-1,IF(B46>J46,1,0)) -> 0 | F46: =+B46/1000 -> 804.699 | G46: =+C46/1000 -> 52.477 | H46: 752222 | I46: 693874.41 | J46: 810569.59
A47: Ocupación no calificada | B47: 309671 | C47: =B47-H47 -> -10522 | D47: =C47/H47*100 -> -3.286143 | E47: =IF(B47<I47,-1,IF(B47>J47,1,0)) -> 0 | F47: =+B47/1000 -> 309.671 | G47: =+C47/1000 -> -10.522 | H47: 320193 | I47: 281251.5 | J47: 359134.5
A48: No especificado | B48: 19841 | C48: =B48-H48 -> -5884 | D48: =C48/H48*100 -> -22.872692 | E48: 0 | H48: 25725 | I48: 14987.379 | J48: 36462.621
A50: 4. Sector institucional | B50: 1566482 | C50: =B50-H50 -> 98346 | D50: =C50/H50*100 -> 6.6986982 | E50: =IF(B50<I50,-1,IF(B50>J50,1,0)) -> 1 | H50: 1468136 | I50: 1377610.3 | J50: 1558661.7
A52: Público | B52: 215557 | C52: =B52-H52 -> 7530 | D52: =C52/H52*100 -> 3.6197224 | E52: =IF(B52<I52,-1,IF(B52>J52,1,0)) -> 0 | H52: 208027 | I52: 178222.02 | J52: 237831.98
A53: Privado | B53: 1350925 | C53: =B53-H53 -> 90816 | D53: =C53/H53*100 -> 7.2069956 | E53: =IF(B53<I53,-1,IF(B53>J53,1,0)) -> 1 | H53: 1260109 | I53: 1175949.5 | J53: 1344268.5
A54: No especificado | B54: 0 | C54: 0 | D54: - | E54: 0 | H54: - | I54: - | J54: -
A56: 5. Posición en el empleo principal | B56: 1566482 | C56: =B56-H56 -> 98346 | D56: =C56/H56*100 -> 6.6986982 | E56: =IF(B56<I56,-1,IF(B56>J56,1,0)) -> 1 | H56: 1468136 | I56: 1377610.3 | J56: 1558661.7
A58: Asalariada | B58: 1157836 | C58: =B58-H58 -> 84402 | D58: =C58/H58*100 -> 7.8628029 | E58: =IF(B58<I58,-1,IF(B58>J58,1,0)) -> 1 | F58: =+B58/1000 -> 1157.836 | G58: =+C58/1000 -> 84.402 | H58: 1073434 | I58: 998070 | J58: 1148798
A59: Cuenta propia | B59: 336525 | C59: =B59-H59 -> 11820 | D59: =C59/H59*100 -> 3.6402273 | E59: =IF(B59<I59,-1,IF(B59>J59,1,0)) -> 0 | F59: =+B59/1000 -> 336.525 | G59: =+C59/1000 -> 11.82 | H59: 324705 | I59: 291282.23 | J59: 358127.77
A60: Empleadora | B60: 52762 | C60: =B60-H60 -> 2787 | D60: =C60/H60*100 -> 5.5767884 | E60: =IF(B60<I60,-1,IF(B60>J60,1,0)) -> 0 | F60: =+B60/1000 -> 52.762 | G60: =+C60/1000 -> 2.787 | H60: 49975 | I60: 35820.105 | J60: 64129.895
A61: Auxiliar no remunerado5/ | B61: 19359 | C61: =B61-H61 -> -663 | D61: =C61/H61*100 -> -3.3113575 | E61: =IF(B61<I61,-1,IF(B61>J61,1,0)) -> 0 | F61: =+B61/1000 -> 19.359 | G61: =+C61/1000 -> -0.663 | H61: 20022 | I61: 12832.642 | J61: 27211.358
A62: 1/ Incluye explotación de minas y canteras, suministros de electricidad, gas, vapor y aire acondicionado, suministros de agua, evacuación de aguas residuales y gestión de desechos y contaminación.
A63: 2/ Incluye información y comunicaciones, actividades inmobiliarias, actividades artísticas, de entretenimiento y recreativas, actividades de organizaciones y órganos extraterritoriales y otras actividades de servicios.
A64: 3/ Incluye directores y gerentes, nivel profesional, científico e intelectual, nivel técnico y profesional medio.
A65: 4/ Incluye apoyo administrativo, ventas en locales y prestación de servicios directos a personas, agropecuario, agrícolas y pesqueras calificadas, producción artesanal, construcción, mecánica, artes gráficas y manufacturas calificadas y montaje y operación de instalaciones y máquinas.
A66: 5/ Personas con trabajo, familiares o no familiares, que participan de alguna actividad económica utilizando su propia fuerza de trabajo en la unidad económica del hogar (ayuda a un cuenta propia) o como auxilio a una persona que a su vez es empleada (ayuda a un asalariado), esto sin recibir ningún tipo de pago, ni en dinero ni en especie.
A67: * Coeficiente de variación mayor al 20%. El coeficiente de variación es una medida relativa del error estándar y es la más utilizada para medir el nivel de precisión, ya que permite comparar niveles de precisión de estimaciones con diferentes unidades de medida. Estimaciones con coeficientes de variación menores al 5% se consideran muy precisas, hasta un 10% precisas, entre un 10% y 15% regularmente precisas, entre 15% y 20% aceptables, y estimaciones con coeficientes de variación mayores al 20% no son precisas y se deben utilizar con precaución.
A68: Fuente: INEC-Costa Rica. Encuesta Continua de Empleo (ECE), 2022.
A69: 1 | B69: -1 | C69: 0

Sheet C2 rural
A1: Cuadro 2.2
A2: Costa Rica zona rural: Población ocupada según características del empleo
A3: =+'C2 urbano'!A3:E3 -> I Trimestre 2022 | H3: Mismo trimestre año anterior
A4: Características del empleo | B4: =+'C2 urbano'!B4 -> I 2022 | C4: Variación Interanual | E4: Resultado de la prueba de significancia | F4: Para boletín | H4: Estimación | I4: Intervalo de confianza al 95%
B5: =+'C2 urbano'!B5 -> Ene - Mar | C5: Diferencia | D5: % | F5: Q | I5: Inferior | J5: Superior
A7: 1. Rama de actividad | B7: 535594 | C7: =B7-H7 -> 11376 | D7: =C7/H7*100 -> 2.1700895 | E7: =IF(B7<I7,-1,IF(B7>J7,1,0)) -> 0 | F7: =+B7/1000 -> 535.594 | G7: =+C7/1000 -> 11.376 | H7: 524218 | I7: 502120.18 | J7: 546315.82
A9: 1.1 Sector primario | B9: 160958 | C9: =B9-H9 -> -26504 | D9: =C9/H9*100 -> -14.138332 | E9: =IF(B9<I9,-1,IF(B9>J9,1,0)) -> -1 | F9: =+B9/1000 -> 160.958 | G9: =+C9/1000 -> -26.504 | H9: 187462 | I9: 166194.63 | J9: 208729.37
A10: Agricultura, ganadería y pesca | B10: 160958 | C10: =B10-H10 -> -26504 | D10: =C10/H10*100 -> -14.138332 | E10: =IF(B10<I10,-1,IF(B10>J10,1,0)) -> -1 | H10: 187462 | I10: 166194.63 | J10: 208729.37
A12: 1.2 Sector secundario | B12: 78407 | C12: =B12-H12 -> 1937 | D12: =C12/H12*100 -> 2.5330195 | E12: =IF(B12<I12,-1,IF(B12>J12,1,0)) -> 0 | F12: =+B12/1000 -> 78.407 | G12: =+C12/1000 -> 1.937 | H12: 76470 | I12: 67297.51 | J12: 85642.49
A13: Industria manufacturera | B13: 37476 | C13: =B13-H13 -> -3934 | D13: =C13/H13*100 -> -9.5001207 | E13: =IF(B13<I13,-1,IF(B13>J13,1,0)) -> 0 | H13: 41410 | I13: 34252.705 | J13: 48567.295
A14: Construcción | B14: 32502 | C14: =B14-H14 -> 4809 | D14: =C14/H14*100 -> 17.365399 | E14: =IF(B14<I14,-1,IF(B14>J14,1,0)) -> 1 | H14: 27693 | I14: 22914.188 | J14: 32471.812
A15: Otros1/ | B15: 8429 | C15: =B15-H15 -> 1062 | D15: =C15/H15*100 -> 14.415637 | E15: =IF(B15<I15,-1,IF(B15>J15,1,0)) -> 0 | H15: 7367 | I15: 5229.2262 | J15: 9504.7738
A17: 1.3 Sector comercio y servicios | B17: 295978 | C17: =B17-H17 -> 36806 | D17: =C17/H17*100 -> 14.20138 | E17: =IF(B17<I17,-1,IF(B17>J17,1,0)) -> 1 | F17: =+B17/1000 -> 295.978 | G17: =+C17/1000 -> 36.806 | H17: 259172 | I17: 242520.33 | J17: 275823.67
A18: Comercio y reparación | B18: 69311 | C18: =B18-H18 -> 8784 | D18: =C18/H18*100 -> 14.512532 | E18: =IF(B18<I18,-1,IF(B18>J18,1,0)) -> 1 | F18: =+B18/1000 -> 69.311 | G18: =+C18/1000 -> 8.784 | H18: 60527 | I18: 53144.232 | J18: 67909.768
A19: Transporte y almacenamiento | B19: 18862 | C19: =B19-H19 -> -2596 | D19: =C19/H19*100 -> -12.098052 | E19: =IF(B19<I19,-1,IF(B19>J19,1,0)) -> 0 | F19: =+B19/1000 -> 18.862 | G19: =+C19/1000 -> -2.596 | H19: 21458 | I19: 17556.109 | J19: 25359.891
A20: Hoteles y restaurantes | B20: 33346 | C20: =B20-H20 -> 1092 | D20: =C20/H20*100 -> 3.3856266 | E20: =IF(B20<I20,-1,IF(B20>J20,1,0)) -> 0 | F20: =+B20/1000 -> 33.346 | G20: =+C20/1000 -> 1.092 | H20: 32254 | I20: 27070.344 | J20: 37437.656
A21: Intermediación financiera y de seguros | B21: 5217 | C21: =B21-H21 -> 1800 | D21: =C21/H21*100 -> 52.677788 | E21: =IF(B21<I21,-1,IF(B21>J21,1,0)) -> 1 | F21: =+B21/1000 -> 5.217 | G21: =+C21/1000 -> 1.8 | H21: 3417 | I21: 1907.0732 | J21: 4926.9268
A22: Actividades profesionales y administrativas de apoyo | B22: 33338 | C22: =B22-H22 -> 8794 | D22: =C22/H22*100 -> 35.829531 | E22: =IF(B22<I22,-1,IF(B22>J22,1,0)) -> 1 | F22: =+B22/1000 -> 33.338 | G22: =+C22/1000 -> 8.794 | H22: 24544 | I22: 20575.353 | J22: 28512.647
A23: Administración pública | B23: 16971 | C23: =B23-H23 -> -591 | D23: =C23/H23*100 -> -3.3652204 | E23: =IF(B23<I23,-1,IF(B23>J23,1,0)) -> 0 | F23: =+B23/1000 -> 16.971 | G23: =+C23/1000 -> -0.591 | H23: 17562 | I23: 13874.08 | J23: 21249.92
A24: Enseñanza y salud | B24: 45678 | C24: =B24-H24 -> 9247 | D24: =C24/H24*100 -> 25.382229 | E24: =IF(B24<I24,-1,IF(B24>J24,1,0)) -> 1 | F24: =+B24/1000 -> 45.678 | G24: =+C24/1000 -> 9.247 | H24: 36431 | I24: 31180.146 | J24: 41681.854
A25: Comunicación y otros servicios2/ | B25: 34849 | C25: =B25-H25 -> 4686 | D25: =C25/H25*100 -> 15.53559 | E25: =IF(B25<I25,-1,IF(B25>J25,1,0)) -> 0 | F25: =+B25/1000 -> 34.849 | G25: =+C25/1000 -> 4.686 | H25: 30163 | I25: 24777.607 | J25: 35548.393
A26: Hogares como empleadores | B26: 38406 | C26: =B26-H26 -> 5590 | D26: =C26/H26*100 -> 17.034373 | E26: =IF(B26<I26,-1,IF(B26>J26,1,0)) -> 1 | F26: =+B26/1000 -> 38.406 | G26: =+C26/1000 -> 5.59 | H26: 32816 | I26: 27871.772 | J26: 37760.228
A28: 1.4 No especificado | B28: 251 | C28: =B28-H28 -> -863 | D28: =C28/H28*100 -> -77.468582 | E28: 0 | H28: 1114 | I28: 158.78431 | J28: 2069.2157
A30: 2. Grupo ocupacional | B30: 535594 | C30: =B30-H30 -> 11376 | D30: =C30/H30*100 -> 2.1700895 | E30: =IF(B30<I30,-1,IF(B30>J30,1,0)) -> 0 | H30: 524218 | I30: 502120.18 | J30: 546315.82
A32: Directores y Gerentes | B32: 1367 | C32: =B32-H32 -> -415 | D32: =C32/H32*100 -> -23.28844 | E32: =IF(B32<I32,-1,IF(B32>J32,1,0)) -> 0 | H32: 1782 | I32: 797.34506 | J32: 2766.6549
A33: Profesionales, científicos e intelectuales | B33: 38007 | C33: =B33-H33 -> 10139 | D33: =C33/H33*100 -> 36.382231 | E33: =IF(B33<I33,-1,IF(B33>J33,1,0)) -> 1 | H33: 27868 | I33: 23363.096 | J33: 32372.904
A34: Técnicos y profesionales de nivel medio | B34: 33620 | C34: =B34-H34 -> 8744 | D34: =C34/H34*100 -> 35.150346 | E34: =IF(B34<I34,-1,IF(B34>J34,1,0)) -> 1 | H34: 24876 | I34: 20207.073 | J34: 29544.927
A35: Personal de apoyo administrativo | B35: 21802 | C35: =B35-H35 -> -702 | D35: =C35/H35*100 -> -3.1194454 | E35: =IF(B35<I35,-1,IF(B35>J35,1,0)) -> 0 | H35: 22504 | I35: 18300.968 | J35: 26707.032
A36: Trabajadores de los servicios y vendedores de comercios y mercados | B36: 100180 | C36: =B36-H36 -> 17860 | D36: =C36/H36*100 -> 21.695821 | E36: =IF(B36<I36,-1,IF(B36>J36,1,0)) -> 1 | H36: 82320 | I36: 74850.412 | J36: 89789.588
A37: Agricultores y trabajadores calificados agropecuarios, forestales y pesqueros | B37: 47822 | C37: =B37-H37 -> -5098 | D37: =C37/H37*100 -> -9.6334089 | E37: =IF(B37<I37,-1,IF(B37>J37,1,0)) -> 0 | H37: 52920 | I37: 44877.299 | J37: 60962.701
A38: Oficiales, operarios y artesanos de artes mecánicas y de otros oficios | B38: 51574 | C38: =B38-H38 -> -6837 | D38: =C38/H38*100 -> -11.704987 | E38: =IF(B38<I38,-1,IF(B38>J38,1,0)) -> -1 | H38: 58411 | I38: 51888.681 | J38: 64933.319
A39: Operadores de instalaciones y máquinas y ensambladores | B39: 35635 | C39: =B39-H39 -> -3357 | D39: =C39/H39*100 -> -8.6094584 | E39: =IF(B39<I39,-1,IF(B39>J39,1,0)) -> 0 | H39: 38992 | I39: 33459.908 | J39: 44524.092
A40: Ocupaciones elementales | B40: 204052 | C40: =B40-H40 -> -8310 | D40: =C40/H40*100 -> -3.9131295 | E40: =IF(B40<I40,-1,IF(B40>J40,1,0)) -> 0 | H40: 212362 | I40: 194144.62 | J40: 230579.38
A41: No especificado | B41: 1535 | C41: =B41-H41 -> -648 | D41: =C41/H41*100 -> -29.683921 | E41: 0 | H41: 2183 | I41: 571.59722 | J41: 3794.4028
A43: 3. Calificación del grupo ocupacional | B43: 535594 | C43: =B43-H43 -> 11376 | D43: =C43/H43*100 -> 2.1700895 | E43: =IF(B43<I43,-1,IF(B43>J43,1,0)) -> 0 | H43: 524218 | I43: 502120.18 | J43: 546315.82
A45: Ocupación calificada alta3/ | B45: 72994 | C45: =B45-H45 -> 18468 | D45: =C45/H45*100 -> 33.87008 | E45: =IF(B45<I45,-1,IF(B45>J45,1,0)) -> 1 | F45: =+B45/1000 -> 72.994 | G45: =+C45/1000 -> 18.468 | H45: 54526 | I45: 47373.457 | J45: 61678.543
A46: Ocupación calificada media4/ | B46: 257013 | C46: =B46-H46 -> 1866 | D46: =C46/H46*100 -> 0.73134311 | E46: =IF(B46<I46,-1,IF(B46>J46,1,0)) -> 0 | F46: =+B46/1000 -> 257.013 | G46: =+C46/1000 -> 1.866 | H46: 255147 | I46: 241355.61 | J46: 268938.39
A47: Ocupación no calificada | B47: 204052 | C47: =B47-H47 -> -8310 | D47: =C47/H47*100 -> -3.9131295 | E47: =IF(B47<I47,-1,IF(B47>J47,1,0)) -> 0 | F47: =+B47/1000 -> 204.052 | G47: =+C47/1000 -> -8.31 | H47: 212362 | I47: 194144.62 | J47: 230579.38
A48: No especificado | B48: 1535 | C48: =B48-H48 -> -648 | D48: =C48/H48*100 -> -29.683921 | E48: 0 | H48: 2183 | I48: 571.59722 | J48: 3794.4028
A50: 4. Sector institucional | B50: 535594 | C50: =B50-H50 -> 11376 | D50: =C50/H50*100 -> 2.1700895 | E50: =IF(B50<I50,-1,IF(B50>J50,1,0)) -> 0 | H50: 524218 | I50: 502120.18 | J50: 546315.82
A52: Público | B52: 65435 | C52: =B52-H52 -> 8357 | D52: =C52/H52*100 -> 14.641368 | E52: =IF(B52<I52,-1,IF(B52>J52,1,0)) -> 1 | H52: 57078 | I52: 50294.86 | J52: 63861.14
A53: Privado | B53: 470159 | C53: =B53-H53 -> 3019 | D53: =C53/H53*100 -> 0.64627307 | E53: =IF(B53<I53,-1,IF(B53>J53,1,0)) -> 0 | H53: 467140 | I53: 445382.3 | J53: 488897.7
A54: No especificado | B54: 0 | C54: 0 | D54: - | E54: 0 | H54: - | I54: - | J54: -
A56: 5. Posición en el empleo principal | B56: 535594 | C56: =B56-H56 -> 11376 | D56: =C56/H56*100 -> 2.1700895 | E56: =IF(B56<I56,-1,IF(B56>J56,1,0)) -> 0 | H56: 524218 | I56: 502120.18 | J56: 546315.82
A58: Asalariada | B58: 374398 | C58: =B58-H58 -> 11301 | D58: =C58/H58*100 -> 3.1123915 | E58: =IF(B58<I58,-1,IF(B58>J58,1,0)) -> 0 | F58: =+B58/1000 -> 374.398 | G58: =+C58/1000 -> 11.301 | H58: 363097 | I58: 343857.01 | J58: 382336.99
A59: Cuenta propia | B59: 133900 | C59: =B59-H59 -> 644 | D59: =C59/H59*100 -> 0.4832803 | E59: =IF(B59<I59,-1,IF(B59>J59,1,0)) -> 0 | F59: =+B59/1000 -> 133.9 | G59: =+C59/1000 -> 0.644 | H59: 133256 | I59: 123827.78 | J59: 142684.22
A60: Empleadora | B60: 14809 | C60: =B60-H60 -> 1075 | D60: =C60/H60*100 -> 7.8272899 | E60: =IF(B60<I60,-1,IF(B60>J60,1,0)) -> 0 | F60: =+B60/1000 -> 14.809 | G60: =+C60/1000 -> 1.075 | H60: 13734 | I60: 10503.624 | J60: 16964.376
A61: Auxiliar no remunerado5/ | B61: 12487 | C61: =B61-H61 -> -1644 | D61: =C61/H61*100 -> -11.633996 | E61: =IF(B61<I61,-1,IF(B61>J61,1,0)) -> 0 | F61: =+B61/1000 -> 12.487 | G61: =+C61/1000 -> -1.644 | H61: 14131 | I61: 10711.892 | J61: 17550.108
A62: 1/ Incluye explotación de minas y canteras, suministros de electricidad, gas, vapor y aire acondicionado, suministros de agua, evacuación de aguas residuales y gestión de desechos y contaminación.
A63: 2/ Incluye información y comunicaciones, actividades inmobiliarias, actividades artísticas, de entretenimiento y recreativas, actividades de organizaciones y órganos extraterritoriales y otras actividades de servicios.
A64: 3/ Incluye directores y gerentes, nivel profesional, científico e intelectual, nivel técnico y profesional medio.
A65: 4/ Incluye apoyo administrativo, ventas en locales y prestación de servicios directos a personas, agropecuario, agrícolas y pesqueras calificadas, producción artesanal, construcción, mecánica, artes gráficas y manufacturas calificadas y montaje y operación de instalaciones y máquinas.
A66: 5/ Personas con trabajo, familiares o no familiares, que participan de alguna actividad económica utilizando su propia fuerza de trabajo en la unidad económica del hogar (ayuda a un cuenta propia) o como auxilio a una persona que a su vez es empleada (ayuda a un asalariado), esto sin recibir ningún tipo de pago, ni en dinero ni en especie.
A67: * Coeficiente de variación mayor al 20%. El coeficiente de variación es una medida relativa del error estándar y es la más utilizada para medir el nivel de precisión, ya que permite comparar niveles de precisión de estimaciones con diferentes unidades de medida. Estimaciones con coeficientes de variación menores al 5% se consideran muy precisas, hasta un 10% precisas, entre un 10% y 15% regularmente precisas, entre 15% y 20% aceptables, y estimaciones con coeficientes de variación mayores al 20% no son precisas y se deben utilizar con precaución.
A68: Fuente: INEC-Costa Rica. Encuesta Continua de Empleo (ECE), 2022.
A69: 1 | B69: -1 | C69: 0

Sheet C2 hombre
A1: Cuadro 2
A2: Costa Rica hombres: Población ocupada según características del empleo
A3: ='C1 total'!A3:E3 -> I Trimestre 2022 | H3: Mismo trimestre año anterior
A4: Características del empleo | B4: =+'C1 total'!B4 -> I 2022 | C4: Variación Interanual | E4: Resultado de la prueba de significancia | F4: Para boletín | H4: Estimación | I4: Intervalo de confianza al 95%
B5: =+'C1 total'!B5 -> Ene - Mar | C5: Diferencia | D5: % | F5: Q | I5: Inferior | J5: Superior
A7: 1. Rama de actividad | B7: 1289944 | C7: =B7-H7 -> 29005 | D7: =C7/H7*100 -> 2.3002699 | E7: =IF(B7<I7,-1,IF(B7>J7,1,0)) -> 0 | F7: =+B7/1000000 -> 1.289944 | G7: =+C7/1000 -> 29.005 | H7: 1260939 | I7: 1196044.5 | J7: 1325833.5
A9: 1.1 Sector primario | B9: 196677 | C9: =B9-H9 -> -33256 | D9: =C9/H9*100 -> -14.463344 | E9: =IF(B9<I9,-1,IF(B9>J9,1,0)) -> -1 | F9: =+B9/1000 -> 196.677 | G9: =+C9/1000 -> -33.256 | H9: 229933 | I9: 205439.14 | J9: 254426.86
A10: Agricultura, ganadería y pesca | B10: 196677 | C10: =B10-H10 -> -33256 | D10: =C10/H10*100 -> -14.463344 | E10: =IF(B10<I10,-1,IF(B10>J10,1,0)) -> -1 | H10: 229933 | I10: 205439.14 | J10: 254426.86
A12: 1.2 Sector secundario | B12: 295782 | C12: =B12-H12 -> 4135 | D12: =C12/H12*100 -> 1.4178099 | E12: =IF(B12<I12,-1,IF(B12>J12,1,0)) -> 0 | F12: =+B12/1000 -> 295.782 | G12: =+C12/1000 -> 4.135 | H12: 291647 | I12: 256349.13 | J12: 326944.87
A13: Industria manufacturera | B13: 148546 | C13: =B13-H13 -> 12249 | D13: =C13/H13*100 -> 8.9869916 | E13: =IF(B13<I13,-1,IF(B13>J13,1,0)) -> 0 | H13: 136297 | I13: 113739.04 | J13: 158854.96
A14: Construcción | B14: 125575 | C14: =B14-H14 -> -7489 | D14: =C14/H14*100 -> -5.6281188 | E14: =IF(B14<I14,-1,IF(B14>J14,1,0)) -> 0 | H14: 133064 | I14: 108089.05 | J14: 158038.95
A15: Otros1/ | B15: 21661 | C15: =B15-H15 -> -625 | D15: =C15/H15*100 -> -2.8044512 | E15: =IF(B15<I15,-1,IF(B15>J15,1,0)) -> 0 | H15: 22286 | I15: 15682.638 | J15: 28889.362
A17: 1.3 Sector comercio y servicios | B17: 788999 | C17: =B17-H17 -> 63362 | D17: =C17/H17*100 -> 8.7319142 | E17: =IF(B17<I17,-1,IF(B17>J17,1,0)) -> 1 | F17: =+B17/1000000 -> 0.788999 | G17: =+C17/1000 -> 63.362 | H17: 725637 | I17: 679305.84 | J17: 771968.16
A18: Comercio y reparación | B18: 229648 | C18: =B18-H18 -> 20788 | D18: =C18/H18*100 -> 9.9530786 | E18: =IF(B18<I18,-1,IF(B18>J18,1,0)) -> 0 | F18: =+B18/1000 -> 229.648 | G18: =+C18/1000 -> 20.788 | H18: 208860 | I18: 182877.25 | J18: 234842.75
A19: Transporte y almacenamiento | B19: 90496 | C19: =B19-H19 -> -2703 | D19: =C19/H19*100 -> -2.9002457 | E19: =IF(B19<I19,-1,IF(B19>J19,1,0)) -> 0 | F19: =+B19/1000 -> 90.496 | G19: =+C19/1000 -> -2.703 | H19: 93199 | I19: 76300.997 | J19: 110097
A20: Hoteles y restaurantes | B20: 53637 | C20: =B20-H20 -> 13219 | D20: =C20/H20*100 -> 32.705725 | E20: =IF(B20<I20,-1,IF(B20>J20,1,0)) -> 1 | F20: =+B20/1000 -> 53.637 | G20: =+C20/1000 -> 13.219 | H20: 40418 | I20: 31938.973 | J20: 48897.027
A21: Intermediación financiera y de seguros | B21: 20340 | C21: =B21-H21 -> 494 | D21: =C21/H21*100 -> 2.4891666 | E21: =IF(B21<I21,-1,IF(B21>J21,1,0)) -> 0 | F21: =+B21/1000 -> 20.34 | G21: =+C21/1000 -> 0.494 | H21: 19846 | I21: 12735.893 | J21: 26956.107
A22: Actividades profesionales y administrativas de apoyo | B22: 134928 | C22: =B22-H22 -> 13695 | D22: =C22/H22*100 -> 11.296429 | E22: =IF(B22<I22,-1,IF(B22>J22,1,0)) -> 0 | F22: =+B22/1000 -> 134.928 | G22: =+C22/1000 -> 13.695 | H22: 121233 | I22: 98681.505 | J22: 143784.49
A23: Administración pública | B23: 52307 | C23: =B23-H23 -> 1794 | D23: =C23/H23*100 -> 3.551561 | E23: =IF(B23<I23,-1,IF(B23>J23,1,0)) -> 0 | F23: =+B23/1000 -> 52.307 | G23: =+C23/1000 -> 1.794 | H23: 50513 | I23: 39737.071 | J23: 61288.929
A24: Enseñanza y salud | B24: 69613 | C24: =B24-H24 -> -4459 | D24: =C24/H24*100 -> -6.0198186 | E24: =IF(B24<I24,-1,IF(B24>J24,1,0)) -> 0 | F24: =+B24/1000 -> 69.613 | G24: =+C24/1000 -> -4.459 | H24: 74072 | I24: 59621.538 | J24: 88522.462
A25: Comunicación y otros servicios2/ | B25: 120111 | C25: =B25-H25 -> 14493 | D25: =C25/H25*100 -> 13.722093 | E25: =IF(B25<I25,-1,IF(B25>J25,1,0)) -> 0 | F25: =+B25/1000 -> 120.111 | G25: =+C25/1000 -> 14.493 | H25: 105618 | I25: 88325.534 | J25: 122910.47
A26: Hogares como empleadores | B26: 17919 | C26: =B26-H26 -> 6041 | D26: =C26/H26*100 -> 50.85873 | E26: =IF(B26<I26,-1,IF(B26>J26,1,0)) -> 1 | F26: =+B26/1000 -> 17.919 | G26: =+C26/1000 -> 6.041 | H26: 11878 | I26: 7374.05 | J26: 16381.95
A28: 1.4 No especificado | B28: 8486 | C28: =B28-H28 -> -5236 | D28: =C28/H28*100 -> -38.157703 | E28: 0 | H28: 13722 | I28: 6362.0254 | J28: 21081.975
A30: 2. Grupo ocupacional | B30: 1289944 | C30: =B30-H30 -> 29005 | D30: =C30/H30*100 -> 2.3002699 | E30: =IF(B30<I30,-1,IF(B30>J30,1,0)) -> 0 | H30: 1260939 | I30: 1196044.5 | J30: 1325833.5
A32: Directores y Gerentes | B32: 8412 | C32: =B32-H32 -> -2598 | D32: =C32/H32*100 -> -23.59673 | E32: =IF(B32<I32,-1,IF(B32>J32,1,0)) -> 0 | H32: 11010 | I32: 5310.4317 | J32: 16709.568
A33: Profesionales, científicos e intelectuales | B33: 109684 | C33: =B33-H33 -> 3695 | D33: =C33/H33*100 -> 3.4862108 | E33: =IF(B33<I33,-1,IF(B33>J33,1,0)) -> 0 | H33: 105989 | I33: 89579.118 | J33: 122398.88
A34: Técnicos y profesionales de nivel medio | B34: 135690 | C34: =B34-H34 -> 20813 | D34: =C34/H34*100 -> 18.117639 | E34: =IF(B34<I34,-1,IF(B34>J34,1,0)) -> 1 | H34: 114877 | I34: 96734.566 | J34: 133019.43
A35: Personal de apoyo administrativo | B35: 71931 | C35: =B35-H35 -> 4784 | D35: =C35/H35*100 -> 7.1246668 | E35: =IF(B35<I35,-1,IF(B35>J35,1,0)) -> 0 | H35: 67147 | I35: 51502.566 | J35: 82791.434
A36: Trabajadores de los servicios y vendedores de comercios y mercados | B36: 211820 | C36: =B36-H36 -> 15534 | D36: =C36/H36*100 -> 7.9139623 | E36: =IF(B36<I36,-1,IF(B36>J36,1,0)) -> 0 | H36: 196286 | I36: 173956.27 | J36: 218615.73
A37: Agricultores y trabajadores calificados agropecuarios, forestales y pesqueros | B37: 59597 | C37: =B37-H37 -> -4021 | D37: =C37/H37*100 -> -6.3205382 | E37: =IF(B37<I37,-1,IF(B37>J37,1,0)) -> 0 | H37: 63618 | I37: 51414.819 | J37: 75821.181
A38: Oficiales, operarios y artesanos de artes mecánicas y de otros oficios | B38: 198167 | C38: =B38-H38 -> 7588 | D38: =C38/H38*100 -> 3.981551 | E38: =IF(B38<I38,-1,IF(B38>J38,1,0)) -> 0 | H38: 190579 | I38: 165990.28 | J38: 215167.72
A39: Operadores de instalaciones y máquinas y ensambladores | B39: 151140 | C39: =B39-H39 -> 13308 | D39: =C39/H39*100 -> 9.6552325 | E39: =IF(B39<I39,-1,IF(B39>J39,1,0)) -> 0 | H39: 137832 | I39: 117530.99 | J39: 158133.01
A40: Ocupaciones elementales | B40: 329880 | C40: =B40-H40 -> -24025 | D40: =C40/H40*100 -> -6.7885449 | E40: =IF(B40<I40,-1,IF(B40>J40,1,0)) -> 0 | H40: 353905 | I40: 317765.01 | J40: 390044.99
A41: No especificado | B41: 13623 | C41: =B41-H41 -> -6073 | D41: =C41/H41*100 -> -30.833672 | E41: 0 | H41: 19696 | I41: 10232.208 | J41: 29159.792
A43: 3. Calificación del grupo ocupacional | B43: 1289944 | C43: =B43-H43 -> 29005 | D43: =C43/H43*100 -> 2.3002699 | E43: =IF(B43<I43,-1,IF(B43>J43,1,0)) -> 0 | H43: 1260939 | I43: 1196044.5 | J43: 1325833.5
A45: Ocupación calificada alta3/ | B45: 253786 | C45: =B45-H45 -> 21910 | D45: =C45/H45*100 -> 9.4490159 | E45: =IF(B45<I45,-1,IF(B45>J45,1,0)) -> 0 | F45: =+B45/1000 -> 253.786 | G45: =+C45/1000 -> 21.91 | H45: 231876 | I45: 204827.76 | J45: 258924.24
A46: Ocupación calificada media4/ | B46: 692655 | C46: =B46-H46 -> 37193 | D46: =C46/H46*100 -> 5.6743183 | E46: =IF(B46<I46,-1,IF(B46>J46,1,0)) -> 0 | F46: =+B46/1000 -> 692.655 | G46: =+C46/1000 -> 37.193 | H46: 655462 | I46: 614499.58 | J46: 696424.42
A47: Ocupación no calificada | B47: 329880 | C47: =B47-H47 -> -24025 | D47: =C47/H47*100 -> -6.7885449 | E47: =IF(B47<I47,-1,IF(B47>J47,1,0)) -> 0 | F47: =+B47/1000 -> 329.88 | G47: =+C47/1000 -> -24.025 | H47: 353905 | I47: 317704.72 | J47: 390105.28
A48: No especificado | B48: 13623 | C48: =B48-H48 -> -6073 | D48: =C48/H48*100 -> -30.833672 | E48: 0 | H48: 19696 | I48: 10218.208 | J48: 29173.792
A50: 4. Sector institucional | B50: 1289944 | C50: =B50-H50 -> 29005 | D50: =C50/H50*100 -> 2.3002699 | E50: =IF(B50<I50,-1,IF(B50>J50,1,0)) -> 0 | H50: 1260939 | I50: 1196044.5 | J50: 1325833.5
A52: Público | B52: 120637 | C52: =B52-H52 -> -11595 | D52: =C52/H52*100 -> -8.7686793 | E52: =IF(B52<I52,-1,IF(B52>J52,1,0)) -> 0 | H52: 132232 | I52: 112781.23 | J52: 151682.77
A53: Privado | B53: 1169307 | C53: =B53-H53 -> 40600 | D53: =C53/H53*100 -> 3.5970363 | E53: =IF(B53<I53,-1,IF(B53>J53,1,0)) -> 0 | H53: 1128707 | I53: 1068333.4 | J53: 1189080.6
A54: No especificado | B54: 0 | C54: 0 | D54: - | E54: 0 | H54: - | I54: - | J54: -
A56: 5. Posición en el empleo principal | B56: 1289944 | C56: =B56-H56 -> 29005 | D56: =C56/H56*100 -> 2.3002699 | E56: =IF(B56<I56,-1,IF(B56>J56,1,0)) -> 0 | H56: 1260939 | I56: 1196044.5 | J56: 1325833.5
A58: Asalariada | B58: 910781 | C58: =B58-H58 -> 28387 | D58: =C58/H58*100 -> 3.2170436 | E58: =IF(B58<I58,-1,IF(B58>J58,1,0)) -> 0 | F58: =+B58/1000 -> 910.781 | G58: =+C58/1000 -> 28.387 | H58: 882394 | I58: 826572.23 | J58: 938215.77
A59: Cuenta propia | B59: 313744 | C59: =B59-H59 -> -6810 | D59: =C59/H59*100 -> -2.1244471 | E59: =IF(B59<I59,-1,IF(B59>J59,1,0)) -> 0 | F59: =+B59/1000 -> 313.744 | G59: =+C59/1000 -> -6.81 | H59: 320554 | I59: 293093.7 | J59: 348014.3
A60: Empleadora | B60: 51990 | C60: =B60-H60 -> 6948 | D60: =C60/H60*100 -> 15.425603 | E60: =IF(B60<I60,-1,IF(B60>J60,1,0)) -> 0 | F60: =+B60/1000 -> 51.99 | G60: =+C60/1000 -> 6.948 | H60: 45042 | I60: 34475.286 | J60: 55608.714
A61: Auxiliar no remunerado5/ | B61: 13429 | C61: =B61-H61 -> 480 | D61: =C61/H61*100 -> 3.7068499 | E61: =IF(B61<I61,-1,IF(B61>J61,1,0)) -> 0 | F61: =+B61/1000 -> 13.429 | G61: =+C61/1000 -> 0.48 | H61: 12949 | I61: 8921.8524 | J61: 16976.148
A62: 1/ Incluye explotación de minas y canteras, suministros de electricidad, gas, vapor y aire acondicionado, suministros de agua, evacuación de aguas residuales y gestión de desechos y contaminación.
A63: 2/ Incluye información y comunicaciones, actividades inmobiliarias, actividades artísticas, de entretenimiento y recreativas, actividades de organizaciones y órganos extraterritoriales y otras actividades de servicios.
A64: 3/ Incluye directores y gerentes, nivel profesional, científico e intelectual, nivel técnico y profesional medio.
A65: 4/ Incluye apoyo administrativo, ventas en locales y prestación de servicios directos a personas, agropecuario, agrícolas y pesqueras calificadas, producción artesanal, construcción, mecánica, artes gráficas y manufacturas calificadas y montaje y operación de instalaciones y máquinas.
A66: 5/ Personas con trabajo, familiares o no familiares, que participan de alguna actividad económica utilizando su propia fuerza de trabajo en la unidad económica del hogar (ayuda a un cuenta propia) o como auxilio a una persona que a su vez es empleada (ayuda a un asalariado), esto sin recibir ningún tipo de pago, ni en dinero ni en especie.
A67: * Coeficiente de variación mayor al 20%. El coeficiente de variación es una medida relativa del error estándar y es la más utilizada para medir el nivel de precisión, ya que permite comparar niveles de precisión de estimaciones con diferentes unidades de medida. Estimaciones con coeficientes de variación menores al 5% se consideran muy precisas, hasta un 10% precisas, entre un 10% y 15% regularmente precisas, entre 15% y 20% aceptables, y estimaciones con coeficientes de variación mayores al 20% no son precisas y se deben utilizar con precaución.
A68: Fuente: INEC-Costa Rica. Encuesta Continua de Empleo (ECE), 2022.
A69: 1 | B69: -1 | C69: 0

Sheet C2 mujer
A1: Cuadro 2
A2: Costa Rica mujeres: Población ocupada según características del empleo
A3: ='C1 total'!A3:E3 -> I Trimestre 2022 | H3: Mismo trimestre año anterior
A4: Características del empleo | B4: =+'C1 total'!B4 -> I 2022 | C4: Variación Interanual | E4: Resultado de la prueba de significancia | F4: Para boletín | H4: Estimación | I4: Intervalo de confianza al 95%
B5: =+'C1 total'!B5 -> Ene - Mar | C5: Diferencia | D5: % | F5: Q | I5: Inferior | J5: Superior
A7: 1. Rama de actividad | B7: 812132 | C7: =B7-H7 -> 80717 | D7: =C7/H7*100 -> 11.035732 | E7: =IF(B7<I7,-1,IF(B7>J7,1,0)) -> 1 | F7: =+B7/1000000 -> 0.812132 | G7: =+C7/1000 -> 80.717 | H7: 731415 | I7: 686045.91 | J7: 776784.09
A9: 1.1 Sector primario | B9: 27785 | C9: =B9-H9 -> -8593 | D9: =C9/H9*100 -> -23.62142 | E9: =IF(B9<I9,-1,IF(B9>J9,1,0)) -> -1 | F9: =+B9/1000 -> 27.785 | G9: =+C9/1000 -> -8.593 | H9: 36378 | I9: 28800.875 | J9: 43955.125
A10: Agricultura, ganadería y pesca | B10: 27785 | C10: =B10-H10 -> -8593 | D10: =C10/H10*100 -> -23.62142 | E10: =IF(B10<I10,-1,IF(B10>J10,1,0)) -> -1 | H10: 36378 | I10: 28800.875 | J10: 43955.125
A12: 1.2 Sector secundario | B12: 86063 | C12: =B12-H12 -> 12914 | D12: =C12/H12*100 -> 17.654377 | E12: =IF(B12<I12,-1,IF(B12>J12,1,0)) -> 0 | F12: =+B12/1000 -> 86.063 | G12: =+C12/1000 -> 12.914 | H12: 73149 | I12: 57923.927 | J12: 88374.073
A13: Industria manufacturera | B13: 79653 | C13: =B13-H13 -> 13050 | D13: =C13/H13*100 -> 19.593712 | E13: =IF(B13<I13,-1,IF(B13>J13,1,0)) -> 0 | H13: 66603 | I13: 51718.974 | J13: 81487.026
A14: Construcción | B14: 2118 | C14: =B14-H14 -> 106 | D14: =C14/H14*100 -> 5.2683897 | E14: =IF(B14<I14,-1,IF(B14>J14,1,0)) -> 0 | H14: 2012 | I14: 0 | J14: 4371.5824
A15: Otros1/ | B15: 4292 | C15: =B15-H15 -> -242 | D15: =C15/H15*100 -> -5.3374504 | E15: =IF(B15<I15,-1,IF(B15>J15,1,0)) -> 0 | H15: 4534 | I15: 1402.5031 | J15: 7665.4969
A17: 1.3 Sector comercio y servicios | B17: 695936 | C17: =B17-H17 -> 79351 | D17: =C17/H17*100 -> 12.869434 | E17: =IF(B17<I17,-1,IF(B17>J17,1,0)) -> 1 | F17: =+B17/1000000 -> 0.695936 | G17: =+C17/1000 -> 79.351 | H17: 616585 | I17: 573720.9 | J17: 659449.1
A18: Comercio y reparación | B18: 123828 | C18: =B18-H18 -> -2347 | D18: =C18/H18*100 -> -1.8601149 | E18: =IF(B18<I18,-1,IF(B18>J18,1,0)) -> 0 | F18: =+B18/1000 -> 123.828 | G18: =+C18/1000 -> -2.347 | H18: 126175 | I18: 106281.82 | J18: 146068.18
A19: Transporte y almacenamiento | B19: 20043 | C19: =B19-H19 -> 8098 | D19: =C19/H19*100 -> 67.794056 | E19: =IF(B19<I19,-1,IF(B19>J19,1,0)) -> 1 | F19: =+B19/1000 -> 20.043 | G19: =+C19/1000 -> 8.098 | H19: 11945 | I19: 6265.6433 | J19: 17624.357
A20: Hoteles y restaurantes | B20: 84423 | C20: =B20-H20 -> 9479 | D20: =C20/H20*100 -> 12.648111 | E20: =IF(B20<I20,-1,IF(B20>J20,1,0)) -> 0 | F20: =+B20/1000 -> 84.423 | G20: =+C20/1000 -> 9.479 | H20: 74944 | I20: 61453.671 | J20: 88434.329
A21: Intermediación financiera y de seguros | B21: 21105 | C21: =B21-H21 -> 5221 | D21: =C21/H21*100 -> 32.869554 | E21: =IF(B21<I21,-1,IF(B21>J21,1,0)) -> 0 | F21: =+B21/1000 -> 21.105 | G21: =+C21/1000 -> 5.221 | H21: 15884 | I21: 9070.9149 | J21: 22697.085
A22: Actividades profesionales y administrativas de apoyo | B22: 60398 | C22: =B22-H22 -> 8047 | D22: =C22/H22*100 -> 15.371244 | E22: =IF(B22<I22,-1,IF(B22>J22,1,0)) -> 0 | F22: =+B22/1000 -> 60.398 | G22: =+C22/1000 -> 8.047 | H22: 52351 | I22: 38495.364 | J22: 66206.636
A23: Administración pública | B23: 32983 | C23: =B23-H23 -> 5691 | D23: =C23/H23*100 -> 20.852264 | E23: =IF(B23<I23,-1,IF(B23>J23,1,0)) -> 0 | F23: =+B23/1000 -> 32.983 | G23: =+C23/1000 -> 5.691 | H23: 27292 | I23: 19370.471 | J23: 35213.529
A24: Enseñanza y salud | B24: 157151 | C24: =B24-H24 -> 24867 | D24: =C24/H24*100 -> 18.798192 | E24: =IF(B24<I24,-1,IF(B24>J24,1,0)) -> 1 | F24: =+B24/1000 -> 157.151 | G24: =+C24/1000 -> 24.867 | H24: 132284 | I24: 113008.16 | J24: 151559.84
A25: Comunicación y otros servicios2/ | B25: 74103 | C25: =B25-H25 -> 2670 | D25: =C25/H25*100 -> 3.7377683 | E25: =IF(B25<I25,-1,IF(B25>J25,1,0)) -> 0 | F25: =+B25/1000 -> 74.103 | G25: =+C25/1000 -> 2.67 | H25: 71433 | I25: 56272.488 | J25: 86593.512
A26: Hogares como empleadores | B26: 121902 | C26: =B26-H26 -> 17625 | D26: =C26/H26*100 -> 16.902097 | E26: =IF(B26<I26,-1,IF(B26>J26,1,0)) -> 1 | F26: =+B26/1000 -> 121.902 | G26: =+C26/1000 -> 17.625 | H26: 104277 | I26: 86809.729 | J26: 121744.27
A28: 1.4 No especificado | B28: 2348 | C28: =B28-H28 -> -2955 | D28: =C28/H28*100 -> -55.723176 | E28: 0 | H28: 5303 | I28: 839.12031 | J28: 9766.8797
A30: 2. Grupo ocupacional | B30: 812132 | C30: =B30-H30 -> 80717 | D30: =C30/H30*100 -> 11.035732 | E30: =IF(B30<I30,-1,IF(B30>J30,1,0)) -> 1 | H30: 731415 | I30: 686045.91 | J30: 776784.09
A32: Directores y Gerentes | B32: 14727 | C32: =B32-H32 -> 8844 | D32: =C32/H32*100 -> 150.33146 | E32: =IF(B32<I32,-1,IF(B32>J32,1,0)) -> 1 | H32: 5883 | I32: 2535.1627 | J32: 9230.8373
A33: Profesionales, científicos e intelectuales | B33: 132256 | C33: =B33-H33 -> 14604 | D33: =C33/H33*100 -> 12.412879 | E33: =IF(B33<I33,-1,IF(B33>J33,1,0)) -> 0 | H33: 117652 | I33: 100350.01 | J33: 134953.99
A34: Técnicos y profesionales de nivel medio | B34: 104496 | C34: =B34-H34 -> 35385 | D34: =C34/H34*100 -> 51.200243 | E34: =IF(B34<I34,-1,IF(B34>J34,1,0)) -> 1 | H34: 69111 | I34: 55167.21 | J34: 83054.79
A35: Personal de apoyo administrativo | B35: 63198 | C35: =B35-H35 -> 1059 | D35: =C35/H35*100 -> 1.7042437 | E35: =IF(B35<I35,-1,IF(B35>J35,1,0)) -> 0 | H35: 62139 | I35: 49357.292 | J35: 74920.708
A36: Trabajadores de los servicios y vendedores de comercios y mercados | B36: 223651 | C36: =B36-H36 -> 8055 | D36: =C36/H36*100 -> 3.7361547 | E36: =IF(B36<I36,-1,IF(B36>J36,1,0)) -> 0 | H36: 215596 | I36: 191540.83 | J36: 239651.17
A37: Agricultores y trabajadores calificados agropecuarios, forestales y pesqueros | B37: 6474 | C37: =B37-H37 -> -137 | D37: =C37/H37*100 -> -2.0723037 | E37: =IF(B37<I37,-1,IF(B37>J37,1,0)) -> 0 | H37: 6611 | I37: 4771.607 | J37: 8450.393
A38: Oficiales, operarios y artesanos de artes mecánicas y de otros oficios | B38: 55639 | C38: =B38-H38 -> 3149 | D38: =C38/H38*100 -> 5.999238 | E38: =IF(B38<I38,-1,IF(B38>J38,1,0)) -> 0 | H38: 52490 | I38: 42436.861 | J38: 62543.139
A39: Operadores de instalaciones y máquinas y ensambladores | B39: 20095 | C39: =B39-H39 -> 5024 | D39: =C39/H39*100 -> 33.335545 | E39: =IF(B39<I39,-1,IF(B39>J39,1,0)) -> 0 | H39: 15071 | I39: 7222.8253 | J39: 22919.175
A40: Ocupaciones elementales | B40: 183843 | C40: =B40-H40 -> 5193 | D40: =C40/H40*100 -> 2.906801 | E40: =IF(B40<I40,-1,IF(B40>J40,1,0)) -> 0 | H40: 178650 | I40: 158896.05 | J40: 198403.95
A41: No especificado | B41: 7753 | C41: =B41-H41 -> -459 | D41: =C41/H41*100 -> -5.5893814 | E41: 0 | H41: 8212 | I41: 3284.0085 | J41: 13139.992
A43: 3. Calificación del grupo ocupacional | B43: 812132 | C43: =B43-H43 -> 80717 | D43: =C43/H43*100 -> 11.035732 | E43: =IF(B43<I43,-1,IF(B43>J43,1,0)) -> 1 | H43: 731415 | I43: 686045.91 | J43: 776784.09
A45: Ocupación calificada alta3/ | B45: 251479 | C45: =B45-H45 -> 58833 | D45: =C45/H45*100 -> 30.539435 | E45: =IF(B45<I45,-1,IF(B45>J45,1,0)) -> 1 | F45: =+B45/1000 -> 251.479 | G45: =+C45/1000 -> 58.833 | H45: 192646 | I45: 168381.09 | J45: 216910.91
A46: Ocupación calificada media4/ | B46: 369057 | C46: =B46-H46 -> 17150 | D46: =C46/H46*100 -> 4.8734467 | E46: =IF(B46<I46,-1,IF(B46>J46,1,0)) -> 0 | F46: =+B46/1000 -> 369.057 | G46: =+C46/1000 -> 17.15 | H46: 351907 | I46: 318742.26 | J46: 385071.74
A47: Ocupación no calificada | B47: 183843 | C47: =B47-H47 -> 5193 | D47: =C47/H47*100 -> 2.906801 | E47: =IF(B47<I47,-1,IF(B47>J47,1,0)) -> 0 | F47: =+B47/1000 -> 183.843 | G47: =+C47/1000 -> 5.193 | H47: 178650 | I47: 158797.7 | J47: 198502.3
A48: No especificado | B48: 7753 | C48: =B48-H48 -> -459 | D48: =C48/H48*100 -> -5.5893814 | E48: 0 | H48: 8212 | I48: 3279.1779 | J48: 13144.822
A50: 4. Sector institucional | B50: 812132 | C50: =B50-H50 -> 80717 | D50: =C50/H50*100 -> 11.035732 | E50: =IF(B50<I50,-1,IF(B50>J50,1,0)) -> 1 | H50: 731415 | I50: 686045.91 | J50: 776784.09
A52: Público | B52: 160355 | C52: =B52-H52 -> 27482 | D52: =C52/H52*100 -> 20.682908 | E52: =IF(B52<I52,-1,IF(B52>J52,1,0)) -> 1 | H52: 132873 | I52: 115013.28 | J52: 150732.72
A53: Privado | B53: 651777 | C53: =B53-H53 -> 53235 | D53: =C53/H53*100 -> 8.8941127 | E53: =IF(B53<I53,-1,IF(B53>J53,1,0)) -> 1 | H53: 598542 | I53: 556441.31 | J53: 640642.69
A54: No especificado | B54: 0 | C54: 0 | D54: - | E54: 0 | H54: - | I54: - | J54: -
A56: 5. Posición en el empleo principal | B56: 812132 | C56: =B56-H56 -> 80717 | D56: =C56/H56*100 -> 11.035732 | E56: =IF(B56<I56,-1,IF(B56>J56,1,0)) -> 1 | H56: 731415 | I56: 686045.91 | J56: 776784.09
A58: Asalariada | B58: 621453 | C58: =B58-H58 -> 67316 | D58: =C58/H58*100 -> 12.147898 | E58: =IF(B58<I58,-1,IF(B58>J58,1,0)) -> 1 | F58: =+B58/1000 -> 621.453 | G58: =+C58/1000 -> 67.316 | H58: 554137 | I58: 516012.88 | J58: 592261.12
A59: Cuenta propia | B59: 156681 | C59: =B59-H59 -> 19274 | D59: =C59/H59*100 -> 14.026942 | E59: =IF(B59<I59,-1,IF(B59>J59,1,0)) -> 1 | F59: =+B59/1000 -> 156.681 | G59: =+C59/1000 -> 19.274 | H59: 137407 | I59: 121032.54 | J59: 153781.46
A60: Empleadora | B60: 15581 | C60: =B60-H60 -> -3086 | D60: =C60/H60*100 -> -16.531848 | E60: =IF(B60<I60,-1,IF(B60>J60,1,0)) -> 0 | F60: =+B60/1000 -> 15.581 | G60: =+C60/1000 -> -3.086 | H60: 18667 | I60: 9660.6975 | J60: 27673.303
A61: Auxiliar no remunerado5/ | B61: 18417 | C61: =B61-H61 -> -2787 | D61: =C61/H61*100 -> -13.143746 | E61: =IF(B61<I61,-1,IF(B61>J61,1,0)) -> 0 | F61: =+B61/1000 -> 18.417 | G61: =+C61/1000 -> -2.787 | H61: 21204 | I61: 14561.73 | J61: 27846.27
A62: 1/ Incluye explotación de minas y canteras, suministros de electricidad, gas, vapor y aire acondicionado, suministros de agua, evacuación de aguas residuales y gestión de desechos y contaminación.
A63: 2/ Incluye información y comunicaciones, actividades inmobiliarias, actividades artísticas, de entretenimiento y recreativas, actividades de organizaciones y órganos extraterritoriales y otras actividades de servicios.
A64: 3/ Incluye directores y gerentes, nivel profesional, científico e intelectual, nivel técnico y profesional medio.
A65: 4/ Incluye apoyo administrativo, ventas en locales y prestación de servicios directos a personas, agropecuario, agrícolas y pesqueras calificadas, producción artesanal, construcción, mecánica, artes gráficas y manufacturas calificadas y montaje y operación de instalaciones y máquinas.
A66: 5/ Personas con trabajo, familiares o no familiares, que participan de alguna actividad económica utilizando su propia fuerza de trabajo en la unidad económica del hogar (ayuda a un cuenta propia) o como auxilio a una persona que a su vez es empleada (ayuda a un asalariado), esto sin recibir ningún tipo de pago, ni en dinero ni en especie.
A67: * Coeficiente de variación mayor al 20%. El coeficiente de variación es una medida relativa del error estándar y es la más utilizada para medir el nivel de precisión, ya que permite comparar niveles de precisión de estimaciones con diferentes unidades de medida. Estimaciones con coeficientes de variación menores al 5% se consideran muy precisas, hasta un 10% precisas, entre un 10% y 15% regularmente precisas, entre 15% y 20% aceptables, y estimaciones con coeficientes de variación mayores al 20% no son precisas y se deben utilizar con precaución.
A68: Fuente: INEC-Costa Rica. Encuesta Continua de Empleo (ECE), 2022.
A69: 1 | B69: -1 | C69: 0

Sheet C3 total
A1: Cuadro 3
A2: Costa Rica: Población ocupada según condición del empleo de las personas asalariadas e independientes 1/
A3: =+'C1 total'!A3 -> I Trimestre 2022 | H3: Mismo trimestre año anterior
A4: Condiciones del empleo | B4: =+'C1 total'!B4 -> I 2022 | C4: Variación Interanual | E4: Resultado de la prueba de significancia | H4: Estimación | I4: Intervalo de confianza al 95%
B5: =+'C1 total'!B5 -> Ene - Mar | C5: Diferencia | D5: % | F5: Revisión totales y dif | I5: Inferior | J5: Superior
A7: 1. Población asalariada | B7: 1532234 | C7: =B7-H7 -> 95703 | D7: =C7/H7*100 -> 6.6620908 | E7: =IF(B7<I7,-1,IF(B7>J7,1,0)) -> 1 | H7: 1436531 | I7: 1358847.5 | J7: 1514214.5
A9: 1.1 Estabilidad en el empleo | B9: 1532234 | C9: =B9-H9 -> 95703 | D9: =C9/H9*100 -> 6.6620908 | E9: =IF(B9<I9,-1,IF(B9>J9,1,0)) -> 1 | F9: =+B9-F10 -> 0 | G9: =+C9-G10 -> 0 | H9: 1436531 | I9: 1358847.5 | J9: 1514214.5
A10: Empleo permanente | B10: 1433933 | C10: =B10-H10 -> 116591 | D10: =C10/H10*100 -> 8.8504731 | E10: =IF(B10<I10,-1,IF(B10>J10,1,0)) -> 1 | F10: =SUM(B10:B12) -> 1532234 | G10: =SUM(C10:C12) -> 95703 | H10: 1317342 | I10: 1242260.6 | J10: 1392423.4
A11: Empleo no permanente | B11: 46303 | C11: =B11-H11 -> -25815 | D11: =C11/H11*100 -> -35.795502 | E11: =IF(B11<I11,-1,IF(B11>J11,1,0)) -> -1 | H11: 72118 | I11: 58333.932 | J11: 85902.068
A12: Actividad ocasional | B12: 51998 | C12: =B12-H12 -> 4927 | D12: =C12/H12*100 -> 10.467167 | E12: =IF(B12<I12,-1,IF(B12>J12,1,0)) -> 0 | H12: 47071 | I12: 36579.271 | J12: 57562.729
A14: 1.2 Condición de aseguramiento | B14: 1532234 | C14: =B14-H14 -> 95703 | D14: =C14/H14*100 -> 6.6620908 | E14: =IF(B14<I14,-1,IF(B14>J14,1,0)) -> 1 | F14: =+B14-F15 -> 0 | G14: =+C14-G15 -> 0 | H14: 1436531 | I14: 1358847.5 | J14: 1514214.5
A15: No tiene seguro por trabajo | B15: 299306 | C15: =B15-H15 -> -13793 | D15: =C15/H15*100 -> -4.4053159 | E15: =IF(B15<I15,-1,IF(B15>J15,1,0)) -> 0 | F15: =SUM(B15:B16) -> 1532234 | G15: =SUM(C15:C16) -> 95703 | H15: 313099 | I15: 281331.05 | J15: 344866.95
A16: Tiene seguro por trabajo | B16: 1232928 | C16: =B16-H16 -> 109496 | D16: =C16/H16*100 -> 9.7465623 | E16: =IF(B16<I16,-1,IF(B16>J16,1,0)) -> 1 | H16: 1123432 | I16: 1055373.9 | J16: 1191490.1
A18: 1.3 Grupo de horas efectivas trabajadas2/ | B18: 1532234 | C18: =B18-H18 -> 95703 | D18: =C18/H18*100 -> 6.6620908 | E18: =IF(B18<I18,-1,IF(B18>J18,1,0)) -> 1 | F18: =+B18-F19 -> 0 | G18: =+C18-G19 -> 0 | H18: 1436531 | I18: 1358847.5 | J18: 1514214.5
A19: Menos de 15 | B19: 69384 | C19: =B19-H19 -> -9365 | D19: =C19/H19*100 -> -11.892215 | E19: =IF(B19<I19,-1,IF(B19>J19,1,0)) -> 0 | F19: =SUM(B19:B23) -> 1532234 | G19: =SUM(C19:C23) -> 95703 | H19: 78749 | I19: 65971.068 | J19: 91526.932
A20: De 15 a 39 | B20: 219774 | C20: =B20-H20 -> -39310 | D20: =C20/H20*100 -> -15.172685 | E20: =IF(B20<I20,-1,IF(B20>J20,1,0)) -> -1 | H20: 259084 | I20: 226505.79 | J20: 291662.21
A21: De 40 a 48 | B21: 885772 | C21: =B21-H21 -> 78676 | D21: =C21/H21*100 -> 9.7480349 | E21: =IF(B21<I21,-1,IF(B21>J21,1,0)) -> 1 | H21: 807096 | I21: 754495.4 | J21: 859696.6
A22: Más de 48 | B22: 351682 | C22: =B22-H22 -> 60253 | D22: =C22/H22*100 -> 20.675019 | E22: =IF(B22<I22,-1,IF(B22>J22,1,0)) -> 1 | H22: 291429 | I22: 257760.56 | J22: 325097.44
A23: No especificado | B23: 5622 | C23: =B23-H23 -> 5449 | D23: =C23/H23*100 -> 3149.711 | E23: =IF(B23<I23,-1,IF(B23>J23,1,0)) -> -1 | H23: 173 | I23: - | J23: -
A25: 1.4 Principales ramas de actividad | B25: 1532234 | C25: =B25-H25 -> 95703 | D25: =C25/H25*100 -> 6.6620908 | E25: =IF(B25<I25,-1,IF(B25>J25,1,0)) -> 1 | F25: =+B25-F26 -> 0 | G25: =+C25-G26 -> 0 | H25: 1436531 | I25: 1358847.5 | J25: 1514214.5
A26: Comercio y reparación | B26: 234039 | C26: =B26-H26 -> 8673 | D26: =C26/H26*100 -> 3.8484066 | E26: =IF(B26<I26,-1,IF(B26>J26,1,0)) -> 0 | F26: =SUM(B26:B29) -> 1532234 | G26: =SUM(C26:C29) -> 95703 | H26: 225366 | I26: 194502.58 | J26: 256229.42
A27: Enseñanza y salud | B27: 209243 | C27: =B27-H27 -> 11883 | D27: =C27/H27*100 -> 6.0209769 | E27: =IF(B27<I27,-1,IF(B27>J27,1,0)) -> 0 | H27: 197360 | I27: 172447.98 | J27: 222272.02
A28: Industria manufacturera | B28: 175553 | C28: =B28-H28 -> 24998 | D28: =C28/H28*100 -> 16.603899 | E28: =IF(B28<I28,-1,IF(B28>J28,1,0)) -> 1 | H28: 150555 | I28: 125676.71 | J28: 175433.29
A29: Otros3/ | B29: 913399 | C29: =B29-H29 -> 50149 | D29: =C29/H29*100 -> 5.8093252 | E29: =IF(B29<I29,-1,IF(B29>J29,1,0)) -> 0 | H29: 863250 | I29: 809555.29 | J29: 916944.71
A31: 1.5 Rango de ingreso4/ | B31: 1532234 | C31: =B31-H31 -> 95703 | D31: =C31/H31*100 -> 6.6620908 | E31: =IF(B31<I31,-1,IF(B31>J31,1,0)) -> 1 | F31: =+B31-F32 -> 0 | G31: =+C31-G32 -> 0 | H31: 1436531 | I31: 1358847.5 | J31: 1514214.5
A32: Menos de 1 salario mínimo | B32: 230844 | C32: =B32-H32 -> -2535 | D32: =C32/H32*100 -> -1.086216 | E32: =IF(B32<I32,-1,IF(B32>J32,1,0)) -> 0 | F32: =SUM(B32:B36) -> 1532234 | G32: =SUM(C32:C36) -> 95703 | H32: 233379 | I32: 206013.22 | J32: 260744.78
A33: De 1 a menos de 2 salarios mínimos | B33: 737823 | C33: =B33-H33 -> 43408 | D33: =C33/H33*100 -> 6.251017 | E33: =IF(B33<I33,-1,IF(B33>J33,1,0)) -> 0 | H33: 694415 | I33: 641073.96 | J33: 747756.04
A34: De 2 a menos de 5 salarios mínimos | B34: 291277 | C34: =B34-H34 -> 27418 | D34: =C34/H34*100 -> 10.391156 | E34: =IF(B34<I34,-1,IF(B34>J34,1,0)) -> 0 | H34: 263859 | I34: 234486.07 | J34: 293231.93
A35: 5 salarios mínimos o más | B35: 106076 | C35: =B35-H35 -> 7481 | D35: =C35/H35*100 -> 7.5876059 | E35: =IF(B35<I35,-1,IF(B35>J35,1,0)) -> 0 | H35: 98595 | I35: 81703.377 | J35: 115486.62
A36: No especificado | B36: 166214 | C36: =B36-H36 -> 19931 | D36: =C36/H36*100 -> 13.62496 | E36: =IF(B36<I36,-1,IF(B36>J36,1,0)) -> 1 | H36: 146283 | I36: 128523.18 | J36: 164042.82
A38: 1.6 Porcentajes
A39: Porcentaje de ocupados con seguro por trabajo | B39: 80.466038 | C39: =B39-H39 -> 2.2615305 | D39: =C39/H39*100 -> 2.8918161 | E39: =IF(B39<I39,-1,IF(B39>J39,1,0)) -> 1 | H39: 78.204508 | I39: 76.271329 | J39: 80.137687
A40: Porcentaje de ocupados con subempleo | B40: 8.0706341 | C40: =B40-H40 -> -3.8377758 | D40: =C40/H40*100 -> -32.227441 | E40: =IF(B40<I40,-1,IF(B40>J40,1,0)) -> -1 | H40: 11.90841 | I40: 10.466568 | J40: 13.350252
A41: Porcentaje de ocupados que laboran 40 horas o más y perciben menos del salario mínimo | B41: 9.8363566 | C41: =B41-H41 -> 0.76053435 | D41: =C41/H41*100 -> 8.3797845 | E41: =IF(B41<I41,-1,IF(B41>J41,1,0)) -> 0 | H41: 9.0758222 | I41: 7.7683392 | J41: 10.383305
A42: Porcentaje de ocupados que laboran más de 48 horas | B42: 22.952238 | C42: =B42-H42 -> 2.6652414 | D42: =C42/H42*100 -> 13.137683 | E42: =IF(B42<I42,-1,IF(B42>J42,1,0)) -> 1 | H42: 20.286997 | I42: 18.204478 | J42: 22.369515
A44: 2. Población independiente | B44: 537996 | C44: =B44-H44 -> 16326 | D44: =C44/H44*100 -> 3.1295647 | E44: =IF(B44<I44,-1,IF(B44>J44,1,0)) -> 0 | H44: 521670 | I44: 486548.84 | J44: 556791.16
A46: 2.1 Tipo de establecimiento | B46: 537996 | C46: =B46-H46 -> 16326 | D46: =C46/H46*100 -> 3.1295647 | E46: =IF(B46<I46,-1,IF(B46>J46,1,0)) -> 0 | F46: =+B46-F47 -> 0 | G46: =+C46-G47 -> 0 | H46: 521670 | I46: 486548.84 | J46: 556791.16
A47: Empresa en sociedad y cuasi sociedad | B47: 62580 | C47: =B47-H47 -> 24383 | D47: =C47/H47*100 -> 63.834856 | E47: =IF(B47<I47,-1,IF(B47>J47,1,0)) -> 1 | F47: =SUM(B47:B48) -> 537996 | G47: =SUM(C47:C48) -> 16326 | H47: 38197 | I47: 26696.525 | J47: 49697.475
A48: Empresa no constituido en sociedad | B48: 475416 | C48: =B48-H48 -> -8057 | D48: =C48/H48*100 -> -1.666484 | E48: =IF(B48<I48,-1,IF(B48>J48,1,0)) -> 0 | H48: 483473 | I48: 451193.8 | J48: 515752.2
A50: 2.2 Condición de aseguramiento | B50: 537996 | C50: =B50-H50 -> 16326 | D50: =C50/H50*100 -> 3.1295647 | E50: =IF(B50<I50,-1,IF(B50>J50,1,0)) -> 0 | H50: 521670 | I50: 486548.84 | J50: 556791.16
A51: No tiene seguro por trabajo | B51: 293793 | C51: =B51-H51 -> -3261 | D51: =C51/H51*100 -> -1.0977802 | E51: =IF(B51<I51,-1,IF(B51>J51,1,0)) -> 0 | F51: =+B50-F52 -> 0 | G51: =+C50-G52 -> 0 | H51: 297054 | I51: 268664.58 | J51: 325443.42
A52: Tiene seguro por trabajo | B52: 244203 | C52: =B52-H52 -> 19587 | D52: =C52/H52*100 -> 8.7202158 | E52: =IF(B52<I52,-1,IF(B52>J52,1,0)) -> 0 | F52: =SUM(B51:B52) -> 537996 | G52: =SUM(C51:C52) -> 16326 | H52: 224616 | I52: 200747.46 | J52: 248484.54
A54: 2.3 Grupo de horas efectivas trabajadas2/ | B54: 537996 | C54: =B54-H54 -> 16326 | D54: =C54/H54*100 -> 3.1295647 | E54: =IF(B54<I54,-1,IF(B54>J54,1,0)) -> 0 | H54: 521670 | I54: 486548.84 | J54: 556791.16
A55: Menos de 15 | B55: 47776 | C55: =B55-H55 -> -19556 | D55: =C55/H55*100 -> -29.044139 | E55: =IF(B55<I55,-1,IF(B55>J55,1,0)) -> -1 | F55: =+B54-F56 -> 0 | G55: =+C54-G56 -> 0 | H55: 67332 | I55: 55894.412 | J55: 78769.588
A56: De 15 a 39 | B56: 224501 | C56: =B56-H56 -> 1597 | D56: =C56/H56*100 -> 0.71645193 | E56: =IF(B56<I56,-1,IF(B56>J56,1,0)) -> 0 | F56: =SUM(B55:B59) -> 537996 | G56: =SUM(C55:C59) -> 16326 | H56: 222904 | I56: 198678.38 | J56: 247129.62
A57: De 40 a 48 | B57: 129752 | C57: =B57-H57 -> 19467 | D57: =C57/H57*100 -> 17.651539 | E57: =IF(B57<I57,-1,IF(B57>J57,1,0)) -> 1 | H57: 110285 | I57: 92214.962 | J57: 128355.04
A58: Más de 48 | B58: 135761 | C58: =B58-H58 -> 15929 | D58: =C58/H58*100 -> 13.292777 | E58: =IF(B58<I58,-1,IF(B58>J58,1,0)) -> 0 | H58: 119832 | I58: 101614.63 | J58: 138049.37
A59: No especificado | B59: 206 | C59: =B59-H59 -> -1111 | D59: =C59/H59*100 -> -84.35839 | E59: =IF(B59<I59,-1,IF(B59>J59,1,0)) -> -1 | H59: 1317 | I59: - | J59: -
A61: 2.4 Principales ramas de actividad | B61: 537996 | C61: =B61-H61 -> 16326 | D61: =C61/H61*100 -> 3.1295647 | E61: =IF(B61<I61,-1,IF(B61>J61,1,0)) -> 0 | H61: 521670 | I61: 486548.84 | J61: 556791.16
A62: Comercio y reparación | B62: 109208 | C62: =B62-H62 -> 9664 | D62: =C62/H62*100 -> 9.7082697 | E62: =IF(B62<I62,-1,IF(B62>J62,1,0)) -> 0 | F62: =+B61-F63 -> 0 | G62: =+C61-G63 -> 0 | H62: 99544 | I62: 82580.031 | J62: 116507.97
A63: Agricultura, ganadería y pesca | B63: 58981 | C63: =B63-H63 -> -7555 | D63: =C63/H63*100 -> -11.354755 | E63: =IF(B63<I63,-1,IF(B63>J63,1,0)) -> 0 | F63: =SUM(B62:B65) -> 537996 | G63: =SUM(C62:C65) -> 16326 | H63: 66536 | I63: 53938.431 | J63: 79133.569
A64: Industria manufacturera | B64: 49232 | C64: =B64-H64 -> -305 | D64: =C64/H64*100 -> -0.61570139 | E64: =IF(B64<I64,-1,IF(B64>J64,1,0)) -> 0 | H64: 49537 | I64: 38606.339 | J64: 60467.661
A65: Otros 3/ | B65: 320575 | C65: =B65-H65 -> 14522 | D65: =C65/H65*100 -> 4.7449298 | E65: =IF(B65<I65,-1,IF(B65>J65,1,0)) -> 0 | H65: 306053 | I65: 281320.12 | J65: 330785.88
A67: 2.5 Rango de ingreso4/ | B67: 537996 | C67: =B67-H67 -> 16326 | D67: =C67/H67*100 -> 3.1295647 | E67: =IF(B67<I67,-1,IF(B67>J67,1,0)) -> 0 | H67: 521670 | I67: 486548.84 | J67: 556791.16
A68: Menos de 1 salario mínimo | B68: 299096 | C68: =B68-H68 -> -9464 | D68: =C68/H68*100 -> -3.0671506 | E68: =IF(B68<I68,-1,IF(B68>J68,1,0)) -> 0 | F68: =+B67-F69 -> 0 | G68: =+C67-G69 -> 0 | H68: 308560 | I68: 279244.84 | J68: 337875.16
A69: De 1 a menos de 2 salarios mínimos | B69: 147099 | C69: =B69-H69 -> 4331 | D69: =C69/H69*100 -> 3.033593 | E69: =IF(B69<I69,-1,IF(B69>J69,1,0)) -> 0 | F69: =SUM(B68:B72) -> 537996 | G69: =SUM(C68:C72) -> 16326 | H69: 142768 | I69: 122620.86 | J69: 162915.14
A70: De 2 a menos de 5 salarios mínimos | B70: 64496 | C70: =B70-H70 -> 21972 | D70: =C70/H70*100 -> 51.669645 | E70: =IF(B70<I70,-1,IF(B70>J70,1,0)) -> 1 | H70: 42524 | I70: 31515.064 | J70: 53532.936
A71: 5 salarios mínimos o más | B71: 8756 | C71: =B71-H71 -> -1707 | D71: =C71/H71*100 -> -16.314633 | E71: =IF(B71<I71,-1,IF(B71>J71,1,0)) -> 0 | H71: 10463 | I71: 4533.1822 | J71: 16392.818
A72: No especificado | B72: 18549 | C72: =B72-H72 -> 1194 | D72: =C72/H72*100 -> 6.8798617 | E72: =IF(B72<I72,-1,IF(B72>J72,1,0)) -> 0 | H72: 17355 | I72: 9748.7741 | J72: 24961.226
A74: 2.6 Porcentajes
A75: Porcentaje de ocupados con seguro por trabajo | B75: 45.39123 | C75: =B75-H75 -> 2.3341246 | D75: =C75/H75*100 -> 5.4209975 | E75: =IF(B75<I75,-1,IF(B75>J75,1,0)) -> 0 | H75: 43.057105 | I75: 39.184365 | J75: 46.929845
A76: Porcentaje de ocupados con subempleo | B76: 21.528041 | C76: =B76-H76 -> -7.6331144 | D76: =C76/H76*100 -> -26.175624 | E76: =IF(B76<I76,-1,IF(B76>J76,1,0)) -> -1 | H76: 29.161156 | I76: 26.123544 | J76: 32.198767
A77: Porcentaje de ocupados que laboran 40 horas o más y perciben menos del salario mínimo | B77: 27.074737 | C77: =B77-H77 -> 1.9228207 | D77: =C77/H77*100 -> 7.6448278 | E77: =IF(B77<I77,-1,IF(B77>J77,1,0)) -> 0 | H77: 25.151916 | I77: 21.947623 | J77: 28.356209
A78: Porcentaje de ocupados que laboran más de 48 horas | B78: 25.234574 | C78: =B78-H78 -> 2.2637306 | D78: =C78/H78*100 -> 9.8547996 | E78: =IF(B78<I78,-1,IF(B78>J78,1,0)) -> 0 | H78: 22.970844 | I78: 19.852583 | J78: 26.089104
A79: 1/ No se incluye la población ocupada auxiliar no remunerada.
A80: 2/ Se utilizó la suma de las horas efectivas trabajadas en el empleo principal.
A81: 3/ Incluye otras rama de actividad y no especificados.
A82: 4/ Se construye con el ingreso total corriente bruto por hora en todos los empleos. Se utiliza el salario mínimo minimorun equivalente por hora que se define por ley cada año. El salario mínimo minimorun por jornada ordinaria para el año 2020 fue ¢10620,62.
A83: * Coeficiente de variación mayor al 20%. Resultados no estadísticamente confiables.
A84: Fuente: INEC-Costa Rica. Encuesta Continua de Empleo (ECE), 2022.
A85: 1 | B85: -1 | C85: 0

Sheet C3 urbano
A1: Cuadro 3.1
A2: Costa Rica zona urbana: Población ocupada según condición del empleo de las personas asalariadas e independientes 1/
A3: =+'C3 total'!A3:E3 -> I Trimestre 2022 | H3: Mismo trimestre año anterior
A4: Condiciones del empleo | B4: =+'C3 total'!B4 -> I 2022 | C4: Variación Interanual | E4: Resultado de la prueba de significancia | H4: Estimación | I4: Intervalo de confianza al 95%
B5: =+'C3 total'!B5 -> Ene - Mar | C5: Diferencia | D5: % | F5: Revisión totales y dif | I5: Inferior | J5: Superior
A7: 1. Población asalariada | B7: 1157836 | C7: =B7-H7 -> 84402 | D7: =C7/H7*100 -> 7.8628029 | E7: =IF(B7<I7,-1,IF(B7>J7,1,0)) -> 1 | H7: 1073434 | I7: 998070 | J7: 1148798
A9: 1.1 Estabilidad en el empleo | B9: 1157836 | C9: =B9-H9 -> 84402 | D9: =C9/H9*100 -> 7.8628029 | E9: =IF(B9<I9,-1,IF(B9>J9,1,0)) -> 1 | F9: =+B9-F10 -> 0 | G9: =+C9-G10 -> 0 | H9: 1073434 | I9: 998070 | J9: 1148798
A10: Empleo permanente | B10: 1103068 | C10: =B10-H10 -> 90089 | D10: =C10/H10*100 -> 8.8934716 | E10: =IF(B10<I10,-1,IF(B10>J10,1,0)) -> 1 | F10: =SUM(B10:B12) -> 1157836 | G10: =SUM(C10:C12) -> 84402 | H10: 1012979 | I10: 939717.09 | J10: 1086240.9
A11: Empleo no permanente | B11: 25170 | C11: =B11-H11 -> -9123 | D11: =C11/H11*100 -> -26.603097 | E11: =IF(B11<I11,-1,IF(B11>J11,1,0)) -> 0 | H11: 34293 | I11: 24508.488 | J11: 44077.512
A12: Actividad ocasional | B12: 29598 | C12: =B12-H12 -> 3436 | D12: =C12/H12*100 -> 13.133552 | E12: =IF(B12<I12,-1,IF(B12>J12,1,0)) -> 0 | H12: 26162 | I12: 16989.157 | J12: 35334.843
A14: 1.2 Condición de aseguramiento | B14: 1157836 | C14: =B14-H14 -> 84402 | D14: =C14/H14*100 -> 7.8628029 | E14: =IF(B14<I14,-1,IF(B14>J14,1,0)) -> 1 | F14: =+B14-F15 -> 0 | G14: =+C14-G15 -> 0 | H14: 1073434 | I14: 998070 | J14: 1148798
A15: No tiene seguro por trabajo | B15: 195214 | C15: =B15-H15 -> -16246 | D15: =C15/H15*100 -> -7.6827769 | E15: =IF(B15<I15,-1,IF(B15>J15,1,0)) -> 0 | F15: =SUM(B15:B16) -> 1157836 | G15: =SUM(C15:C16) -> 84402 | H15: 211460 | I15: 181951.03 | J15: 240968.97
A16: Tiene seguro por trabajo | B16: 962622 | C16: =B16-H16 -> 100648 | D16: =C16/H16*100 -> 11.676454 | E16: =IF(B16<I16,-1,IF(B16>J16,1,0)) -> 1 | H16: 861974 | I16: 795461.62 | J16: 928486.38
A18: 1.3 Grupo de horas efectivas trabajadas2/ | B18: 1157836 | C18: =B18-H18 -> 84402 | D18: =C18/H18*100 -> 7.8628029 | E18: =IF(B18<I18,-1,IF(B18>J18,1,0)) -> 1 | F18: =+B18-F19 -> 0 | G18: =+C18-G19 -> 0 | H18: 1073434 | I18: 998070 | J18: 1148798
A19: Menos de 15 | B19: 48339 | C19: =B19-H19 -> -8732 | D19: =C19/H19*100 -> -15.30024 | E19: =IF(B19<I19,-1,IF(B19>J19,1,0)) -> 0 | F19: =SUM(B19:B23) -> 1157836 | G19: =SUM(C19:C23) -> 84402 | H19: 57071 | I19: 44910.202 | J19: 69231.798
A20: De 15 a 39 | B20: 141178 | C20: =B20-H20 -> -36764 | D20: =C20/H20*100 -> -20.660665 | E20: =IF(B20<I20,-1,IF(B20>J20,1,0)) -> -1 | H20: 177942 | I20: 147736.66 | J20: 208147.34
A21: De 40 a 48 | B21: 692598 | C21: =B21-H21 -> 68703 | D21: =C21/H21*100 -> 11.011949 | E21: =IF(B21<I21,-1,IF(B21>J21,1,0)) -> 1 | H21: 623895 | I21: 572804.34 | J21: 674985.66
A22: Más de 48 | B22: 270099 | C22: =B22-H22 -> 55746 | D22: =C22/H22*100 -> 26.006634 | E22: =IF(B22<I22,-1,IF(B22>J22,1,0)) -> 1 | H22: 214353 | I22: 181622.07 | J22: 247083.93
A23: No especificado | B23: 5622 | C23: =B23-H23 -> 5449 | D23: =C23/H23*100 -> 3149.711 | E23: 0 | H23: 173 | I23: - | J23: -
A25: 1.4 Principales ramas de actividad | B25: 1157836 | C25: =B25-H25 -> 84402 | D25: =C25/H25*100 -> 7.8628029 | E25: =IF(B25<I25,-1,IF(B25>J25,1,0)) -> 1 | F25: =+B25-F26 -> 0 | G25: =+C25-G26 -> 0 | H25: 1073434 | I25: 998070 | J25: 1148798
A26: Comercio y reparación | B26: 192140 | C26: =B26-H26 -> 3653 | D26: =C26/H26*100 -> 1.9380647 | E26: =IF(B26<I26,-1,IF(B26>J26,1,0)) -> 0 | F26: =SUM(B26:B29) -> 1157836 | G26: =SUM(C26:C29) -> 84402 | H26: 188487 | I26: 158039.06 | J26: 218934.94
A27: Enseñanza y salud | B27: 165310 | C27: =B27-H27 -> 3143 | D27: =C27/H27*100 -> 1.9381255 | E27: =IF(B27<I27,-1,IF(B27>J27,1,0)) -> 0 | H27: 162167 | I27: 137764.41 | J27: 186569.59
A28: Industria manufacturera | B28: 151702 | C28: =B28-H28 -> 28299 | D28: =C28/H28*100 -> 22.932182 | E28: =IF(B28<I28,-1,IF(B28>J28,1,0)) -> 1 | H28: 123403 | I28: 99275.778 | J28: 147530.22
A29: Otros3/ | B29: 648684 | C29: =B29-H29 -> 49307 | D29: =C29/H29*100 -> 8.2263751 | E29: =IF(B29<I29,-1,IF(B29>J29,1,0)) -> 0 | H29: 599377 | I29: 548632.7 | J29: 650121.3
A31: 1.5 Rango de ingreso4/ | B31: 1157836 | C31: =B31-H31 -> 84402 | D31: =C31/H31*100 -> 7.8628029 | E31: =IF(B31<I31,-1,IF(B31>J31,1,0)) -> 1 | F31: =+B31-F32 -> 0 | G31: =+C31-G32 -> 0 | H31: 1073434 | I31: 998070 | J31: 1148798
A32: Menos de 1 salario mínimo | B32: 145870 | C32: =B32-H32 -> -2565 | D32: =C32/H32*100 -> -1.7280291 | E32: =IF(B32<I32,-1,IF(B32>J32,1,0)) -> 0 | F32: =SUM(B32:B36) -> 1157836 | G32: =SUM(C32:C36) -> 84402 | H32: 148435 | I32: 123929.56 | J32: 172940.44
A33: De 1 a menos de 2 salarios mínimos | B33: 559926 | C33: =B33-H33 -> 41043 | D33: =C33/H33*100 -> 7.9098756 | E33: =IF(B33<I33,-1,IF(B33>J33,1,0)) -> 0 | H33: 518883 | I33: 466987.95 | J33: 570778.05
A34: De 2 a menos de 5 salarios mínimos | B34: 240822 | C34: =B34-H34 -> 21685 | D34: =C34/H34*100 -> 9.8956361 | E34: =IF(B34<I34,-1,IF(B34>J34,1,0)) -> 0 | H34: 219137 | I34: 190306.66 | J34: 247967.34
A35: 5 salarios mínimos o más | B35: 88885 | C35: =B35-H35 -> 5370 | D35: =C35/H35*100 -> 6.4299826 | E35: =IF(B35<I35,-1,IF(B35>J35,1,0)) -> 0 | H35: 83515 | I35: 66922.009 | J35: 100107.99
A36: No especificado | B36: 122333 | C36: =B36-H36 -> 18869 | D36: =C36/H36*100 -> 18.237261 | E36: 0 | H36: 103464 | I36: 87037.054 | J36: 119890.95
A38: 1.6 Porcentajes
A39: Porcentaje de ocupados con seguro por trabajo | B39: 83.139754 | C39: =B39-H39 -> 2.8391485 | D39: =C39/H39*100 -> 3.5356501 | E39: =IF(B39<I39,-1,IF(B39>J39,1,0)) -> 1 | H39: 80.300605 | I39: 77.883813 | J39: 82.717397
A40: Porcentaje de ocupados con subempleo | B40: 6.9932184 | C40: =B40-H40 -> -4.3889439 | D40: =C40/H40*100 -> -38.559843 | E40: =IF(B40<I40,-1,IF(B40>J40,1,0)) -> -1 | H40: 11.382162 | I40: 9.5486156 | J40: 13.215709
A41: Porcentaje de ocupados que laboran 40 horas o más y perciben menos del salario mínimo | B41: 8.7824182 | C41: =B41-H41 -> 0.97821229 | D41: =C41/H41*100 -> 12.534424 | E41: =IF(B41<I41,-1,IF(B41>J41,1,0)) -> 0 | H41: 7.8042059 | I41: 6.1374868 | J41: 9.4709251
A42: Porcentaje de ocupados que laboran más de 48 horas | B42: 23.327915 | C42: =B42-H42 -> 3.3590116 | D42: =C42/H42*100 -> 16.821212 | E42: =IF(B42<I42,-1,IF(B42>J42,1,0)) -> 1 | H42: 19.968904 | I42: 17.261462 | J42: 22.676345
A44: 2. Población independiente | B44: 389287 | C44: =B44-H44 -> 14607 | D44: =C44/H44*100 -> 3.8985267 | E44: =IF(B44<I44,-1,IF(B44>J44,1,0)) -> 0 | H44: 374680 | I44: 341100.32 | J44: 408259.68
A46: 2.1 Tipo de establecimiento | B46: 389287 | C46: =B46-H46 -> 14607 | D46: =C46/H46*100 -> 3.8985267 | E46: =IF(B46<I46,-1,IF(B46>J46,1,0)) -> 0 | F46: =+B46-F47 -> 0 | G46: =+C46-G47 -> 0 | H46: 374680 | I46: 341100.32 | J46: 408259.68
A47: Empresa en sociedad y cuasi sociedad | B47: 46043 | C47: =B47-H47 -> 17441 | D47: =C47/H47*100 -> 60.978253 | E47: =IF(B47<I47,-1,IF(B47>J47,1,0)) -> 1 | F47: =SUM(B47:B48) -> 389287 | G47: =SUM(C47:C48) -> 14607 | H47: 28602 | I47: 17369.837 | J47: 39834.163
A48: Empresa no constituido en sociedad | B48: 343244 | C48: =B48-H48 -> -2834 | D48: =C48/H48*100 -> -0.81889054 | E48: =IF(B48<I48,-1,IF(B48>J48,1,0)) -> 0 | H48: 346078 | I48: 315202.47 | J48: 376953.53
A50: 2.2 Condición de aseguramiento | B50: 389287 | C50: =B50-H50 -> 14607 | D50: =C50/H50*100 -> 3.8985267 | E50: =IF(B50<I50,-1,IF(B50>J50,1,0)) -> 0 | H50: 374680 | I50: 341100.32 | J50: 408259.68
A51: No tiene seguro por trabajo | B51: 213144 | C51: =B51-H51 -> -2218 | D51: =C51/H51*100 -> -1.0298939 | E51: =IF(B51<I51,-1,IF(B51>J51,1,0)) -> 0 | F51: =+B50-F52 -> 0 | G51: =+C50-G52 -> 0 | H51: 215362 | I51: 187929.18 | J51: 242794.82
A52: Tiene seguro por trabajo | B52: 176143 | C52: =B52-H52 -> 16825 | D52: =C52/H52*100 -> 10.56064 | E52: =IF(B52<I52,-1,IF(B52>J52,1,0)) -> 0 | F52: =SUM(B51:B52) -> 389287 | G52: =SUM(C51:C52) -> 14607 | H52: 159318 | I52: 136678.62 | J52: 181957.38
A54: 2.3 Grupo de horas efectivas trabajadas2/ | B54: 389287 | C54: =B54-H54 -> 14607 | D54: =C54/H54*100 -> 3.8985267 | E54: =IF(B54<I54,-1,IF(B54>J54,1,0)) -> 0 | H54: 374680 | I54: 341100.32 | J54: 408259.68
A55: Menos de 15 | B55: 32722 | C55: =B55-H55 -> -13420 | D55: =C55/H55*100 -> -29.084132 | E55: =IF(B55<I55,-1,IF(B55>J55,1,0)) -> -1 | F55: =+B54-F56 -> 0 | G55: =+C54-G56 -> 0 | H55: 46142 | I55: 35338.085 | J55: 56945.915
A56: De 15 a 39 | B56: 157940 | C56: =B56-H56 -> -221 | D56: =C56/H56*100 -> -0.13973103 | E56: =IF(B56<I56,-1,IF(B56>J56,1,0)) -> 0 | F56: =SUM(B55:B59) -> 389287 | G56: =SUM(C55:C59) -> 14607 | H56: 158161 | I56: 134706.01 | J56: 181615.99
A57: De 40 a 48 | B57: 96665 | C57: =B57-H57 -> 18073 | D57: =C57/H57*100 -> 22.995979 | E57: =IF(B57<I57,-1,IF(B57>J57,1,0)) -> 1 | H57: 78592 | I57: 61110.216 | J57: 96073.784
A58: Más de 48 | B58: 101754 | C58: =B58-H58 -> 11286 | D58: =C58/H58*100 -> 12.475129 | E58: =IF(B58<I58,-1,IF(B58>J58,1,0)) -> 0 | H58: 90468 | I58: 72746.773 | J58: 108189.23
A59: No especificado | B59: 206 | C59: =B59-H59 -> -1111 | D59: =C59/H59*100 -> -84.35839 | E59: 0 | H59: 1317 | I59: - | J59: -
A61: 2.4 Principales ramas de actividad | B61: 389287 | C61: =B61-H61 -> 14607 | D61: =C61/H61*100 -> 3.8985267 | E61: =IF(B61<I61,-1,IF(B61>J61,1,0)) -> 0 | H61: 374680 | I61: 341100.32 | J61: 408259.68
A62: Comercio y reparación | B62: 84852 | C62: =B62-H62 -> 6944 | D62: =C62/H62*100 -> 8.913077 | E62: =IF(B62<I62,-1,IF(B62>J62,1,0)) -> 0 | F62: =+B61-F63 -> 0 | G62: =+C61-G63 -> 0 | H62: 77908 | I62: 61482.116 | J62: 94333.884
A63: Industria manufacturera | B63: 36312 | C63: =B63-H63 -> 69 | D63: =C63/H63*100 -> 0.19038159 | E63: =IF(B63<I63,-1,IF(B63>J63,1,0)) -> 0 | F63: =SUM(B62:B65) -> 389287 | G63: =SUM(C62:C65) -> 14607 | H63: 36243 | I63: 25679.288 | J63: 46806.712
A64: Actividades profesionales y administrativas de apoyo | B64: 43215 | C64: =B64-H64 -> -121 | D64: =C64/H64*100 -> -0.27921359 | E64: 0 | H64: 43336 | I64: 31797.524 | J64: 54874.476
A65: Otros3/ | B65: 224908 | C65: =B65-H65 -> 7715 | D65: =C65/H65*100 -> 3.5521403 | E65: =IF(B65<I65,-1,IF(B65>J65,1,0)) -> 0 | H65: 217193 | I65: 192852.35 | J65: 241533.65
A67: 2.5 Rango de ingreso4/ | B67: 389287 | C67: =B67-H67 -> 14607 | D67: =C67/H67*100 -> 3.8985267 | E67: =IF(B67<I67,-1,IF(B67>J67,1,0)) -> 0 | H67: 374680 | I67: 341100.32 | J67: 408259.68
A68: Menos de 1 salario mínimo | B68: 209519 | C68: =B68-H68 -> -4450 | D68: =C68/H68*100 -> -2.0797405 | E68: =IF(B68<I68,-1,IF(B68>J68,1,0)) -> 0 | F68: =+B67-F69 -> 0 | G68: =+C67-G69 -> 0 | H68: 213969 | I68: 185808.03 | J68: 242129.97
A69: De 1 a menos de 2 salarios mínimos | B69: 106386 | C69: =B69-H69 -> 1568 | D69: =C69/H69*100 -> 1.4959263 | E69: =IF(B69<I69,-1,IF(B69>J69,1,0)) -> 0 | F69: =SUM(B68:B72) -> 389287 | G69: =SUM(C68:C72) -> 14607 | H69: 104818 | I69: 85470.981 | J69: 124165.02
A70: De 2 a menos de 5 salarios mínimos | B70: 51825 | C70: =B70-H70 -> 19087 | D70: =C70/H70*100 -> 58.302279 | E70: =IF(B70<I70,-1,IF(B70>J70,1,0)) -> 1 | H70: 32738 | I70: 22030.382 | J70: 43445.618
A71: 5 salarios mínimos o más | B71: 5957 | C71: =B71-H71 -> -2335 | D71: =C71/H71*100 -> -28.159672 | E71: 0 | H71: 8292 | I71: 2459.9792 | J71: 14124.021
A72: No especificado | B72: 15600 | C72: =B72-H72 -> 737 | D72: =C72/H72*100 -> 4.9586221 | E72: 0 | H72: 14863 | I72: 7343.4142 | J72: 22382.586
A74: 2.6 Porcentajes
A75: Porcentaje de ocupados con seguro por trabajo | B75: 45.247594 | C75: =B75-H75 -> 2.726509 | D75: =C75/H75*100 -> 6.4121342 | E75: =IF(B75<I75,-1,IF(B75>J75,1,0)) -> 0 | H75: 42.521085 | I75: 37.356097 | J75: 47.686072
A76: Porcentaje de ocupados con subempleo | B76: 21.961689 | C76: =B76-H76 -> -8.0078851 | D76: =C76/H76*100 -> -26.72005 | E76: =IF(B76<I76,-1,IF(B76>J76,1,0)) -> -1 | H76: 29.969574 | I76: 25.939606 | J76: 33.999542
A77: Porcentaje de ocupados que laboran 40 horas o más y perciben menos del salario mínimo | B77: 26.557527 | C77: =B77-H77 -> 3.319297 | D77: =C77/H77*100 -> 14.283777 | E77: =IF(B77<I77,-1,IF(B77>J77,1,0)) -> 0 | H77: 23.23823 | I77: 18.966331 | J77: 27.510129
A78: Porcentaje de ocupados que laboran más de 48 horas | B78: 26.138556 | C78: =B78-H78 -> 1.9931518 | D78: =C78/H78*100 -> 8.2547875 | E78: =IF(B78<I78,-1,IF(B78>J78,1,0)) -> 0 | H78: 24.145404 | I78: 19.938245 | J78: 28.352563
A79: 1/ No se incluye la población ocupada auxiliar no remunerada.
A80: 2/ Se utilizó la suma de las horas efectivas trabajadas en el empleo principal.
A81: 3/ Incluye otras rama de actividad y no especificados.
A82: 4/ Se construye con el ingreso total corriente bruto por hora en todos los empleos. Se utiliza el salario mínimo minimorun equivalente por hora que se define por ley cada año. El salario mínimo minimorun por jornada ordinaria para el año 2020 fue ¢10620,62.
A83: * Coeficiente de variación mayor al 20%. Resultados no estadísticamente confiables.
A84: Fuente: INEC-Costa Rica. Encuesta Continua de Empleo (ECE), 2022.
A85: 1 | B85: -1 | C85: 0

Sheet C3 rural
A1: Cuadro 3.2
A2: Costa Rica zona rural: Población ocupada según condición del empleo de las personas asalariadas e independientes 1/
A3: =+'C3 urbano'!A3:E3 -> I Trimestre 2022 | H3: Mismo trimestre año anterior
A4: Condiciones del empleo | B4: =+'C3 urbano'!B4 -> I 2022 | C4: Variación Interanual | E4: Resultado de la prueba de significancia | H4: Estimación | I4: Intervalo de confianza al 95%
B5: =+'C3 urbano'!B5 -> Ene - Mar | C5: Diferencia | D5: % | F5: Revisión totales y dif | I5: Inferior | J5: Superior
A7: 1. Población asalariada | B7: 374398 | C7: =B7-H7 -> 11301 | D7: =C7/H7*100 -> 3.1123915 | E7: =IF(B7<I7,-1,IF(B7>J7,1,0)) -> 0 | H7: 363097 | I7: 343857.01 | J7: 382336.99
A9: 1.1 Estabilidad en el empleo | B9: 374398 | C9: =B9-H9 -> 11301 | D9: =C9/H9*100 -> 3.1123915 | E9: =IF(B9<I9,-1,IF(B9>J9,1,0)) -> 0 | F9: =+B9-F10 -> 0 | G9: =+C9-G10 -> 0 | H9: 363097 | I9: 343857.01 | J9: 382336.99
A10: Empleo permanente | B10: 330865 | C10: =B10-H10 -> 26502 | D10: =C10/H10*100 -> 8.7073659 | E10: =IF(B10<I10,-1,IF(B10>J10,1,0)) -> 1 | F10: =SUM(B10:B12) -> 374398 | G10: =SUM(C10:C12) -> 11301 | H10: 304363 | I10: 287507.42 | J10: 321218.58
A11: Empleo no permanente | B11: 21133 | C11: =B11-H11 -> -16692 | D11: =C11/H11*100 -> -44.129544 | E11: =IF(B11<I11,-1,IF(B11>J11,1,0)) -> -1 | H11: 37825 | I11: 28084.534 | J11: 47565.466
A12: Actividad ocasional | B12: 22400 | C12: =B12-H12 -> 1491 | D12: =C12/H12*100 -> 7.1309006 | E12: =IF(B12<I12,-1,IF(B12>J12,1,0)) -> 0 | H12: 20909 | I12: 15785.991 | J12: 26032.009
A14: 1.2 Condición de aseguramiento | B14: 374398 | C14: =B14-H14 -> 11301 | D14: =C14/H14*100 -> 3.1123915 | E14: =IF(B14<I14,-1,IF(B14>J14,1,0)) -> 0 | F14: =+B14-F15 -> 0 | G14: =+C14-G15 -> 0 | H14: 363097 | I14: 343857.01 | J14: 382336.99
A15: No tiene seguro por trabajo | B15: 104092 | C15: =B15-H15 -> 2453 | D15: =C15/H15*100 -> 2.4134437 | E15: =IF(B15<I15,-1,IF(B15>J15,1,0)) -> 0 | F15: =SUM(B15:B16) -> 374398 | G15: =SUM(C15:C16) -> 11301 | H15: 101639 | I15: 89760.104 | J15: 113517.9
A16: Tiene seguro por trabajo | B16: 270306 | C16: =B16-H16 -> 8848 | D16: =C16/H16*100 -> 3.3840999 | E16: =IF(B16<I16,-1,IF(B16>J16,1,0)) -> 0 | H16: 261458 | I16: 246637.1 | J16: 276278.9
A18: 1.3 Grupo de horas efectivas trabajadas2/ | B18: 374398 | C18: =B18-H18 -> 11301 | D18: =C18/H18*100 -> 3.1123915 | E18: =IF(B18<I18,-1,IF(B18>J18,1,0)) -> 0 | F18: =+B18-F19 -> 0 | G18: =+C18-G19 -> #VALUE! | H18: 363097 | I18: 343857.01 | J18: 382336.99
A19: Menos de 15 | B19: 21045 | C19: =B19-H19 -> -633 | D19: =C19/H19*100 -> -2.9200111 | E19: =IF(B19<I19,-1,IF(B19>J19,1,0)) -> 0 | F19: =SUM(B19:B23) -> 374398 | G19: =SUM(C19:C23) -> #VALUE! | H19: 21678 | I19: 17701.333 | J19: 25654.667
A20: De 15 a 39 | B20: 78596 | C20: =B20-H20 -> -2546 | D20: =C20/H20*100 -> -3.1377092 | E20: =IF(B20<I20,-1,IF(B20>J20,1,0)) -> 0 | H20: 81142 | I20: 68821.027 | J20: 93462.973
A21: De 40 a 48 | B21: 193174 | C21: =B21-H21 -> 9973 | D21: =C21/H21*100 -> 5.4437476 | E21: =IF(B21<I21,-1,IF(B21>J21,1,0)) -> 0 | H21: 183201 | I21: 170411.28 | J21: 195990.72
A22: Más de 48 | B22: 81583 | C22: =B22-H22 -> 4507 | D22: =C22/H22*100 -> 5.8474752 | E22: =IF(B22<I22,-1,IF(B22>J22,1,0)) -> 0 | H22: 77076 | I22: 69006.358 | J22: 85145.642
A23: No especificado | B23: 0 | C23: =B23-H23 -> #VALUE! | D23: =C23/H23*100 -> #VALUE! | E23: 0 | H23: - | I23: - | J23: -
A25: 1.4 Principales ramas de actividad | B25: 374398 | C25: =B25-H25 -> 11301 | D25: =C25/H25*100 -> 3.1123915 | E25: =IF(B25<I25,-1,IF(B25>J25,1,0)) -> 0 | F25: =+B25-F26 -> 0 | G25: =+C25-G26 -> 0 | H25: 363097 | I25: 343857.01 | J25: 382336.99
A26: Agricultura, ganadería y pesca | B26: 112138 | C26: =B26-H26 -> -18962 | D26: =C26/H26*100 -> -14.463768 | E26: =IF(B26<I26,-1,IF(B26>J26,1,0)) -> -1 | F26: =SUM(B26:B29) -> 374398 | G26: =SUM(C26:C29) -> 11301 | H26: 131100 | I26: 113741.78 | J26: 148458.22
A27: Comercio y reparación | B27: 41899 | C27: =B27-H27 -> 5020 | D27: =C27/H27*100 -> 13.612083 | E27: =IF(B27<I27,-1,IF(B27>J27,1,0)) -> 0 | H27: 36879 | I27: 31602.41 | J27: 42155.59
A28: Enseñanza y salud | B28: 43933 | C28: =B28-H28 -> 8740 | D28: =C28/H28*100 -> 24.834484 | E28: =IF(B28<I28,-1,IF(B28>J28,1,0)) -> 1 | H28: 35193 | I28: 30027.805 | J28: 40358.195
A29: Otros3/ | B29: 176428 | C29: =B29-H29 -> 16503 | D29: =C29/H29*100 -> 10.319212 | E29: =IF(B29<I29,-1,IF(B29>J29,1,0)) -> 1 | H29: 159925 | I29: 146391.76 | J29: 173458.24
A31: 1.5 Rango de ingreso4/ | B31: 374398 | C31: =B31-H31 -> 11301 | D31: =C31/H31*100 -> 3.1123915 | E31: =IF(B31<I31,-1,IF(B31>J31,1,0)) -> 0 | F31: =+B31-F32 -> 0 | G31: =+C31-G32 -> 0 | H31: 363097 | I31: 343857.01 | J31: 382336.99
A32: Menos de 1 salario mínimo | B32: 84974 | C32: =B32-H32 -> 30 | D32: =C32/H32*100 -> 0.035317386 | E32: =IF(B32<I32,-1,IF(B32>J32,1,0)) -> 0 | F32: =SUM(B32:B36) -> 374398 | G32: =SUM(C32:C36) -> 11301 | H32: 84944 | I32: 72678.854 | J32: 97209.146
A33: De 1 a menos de 2 salarios mínimos | B33: 177897 | C33: =B33-H33 -> 2365 | D33: =C33/H33*100 -> 1.3473327 | E33: =IF(B33<I33,-1,IF(B33>J33,1,0)) -> 0 | H33: 175532 | I33: 162908 | J33: 188156
A34: De 2 a menos de 5 salarios mínimos | B34: 50455 | C34: =B34-H34 -> 5733 | D34: =C34/H34*100 -> 12.819194 | E34: =IF(B34<I34,-1,IF(B34>J34,1,0)) -> 0 | H34: 44722 | I34: 38913.439 | J34: 50530.561
A35: 5 salarios mínimos o más | B35: 17191 | C35: =B35-H35 -> 2111 | D35: =C35/H35*100 -> 13.998674 | E35: =IF(B35<I35,-1,IF(B35>J35,1,0)) -> 0 | H35: 15080 | I35: 11806.962 | J35: 18353.038
A36: No especificado | B36: 43881 | C36: =B36-H36 -> 1062 | D36: =C36/H36*100 -> 2.4802074 | E36: 0 | H36: 42819 | I36: 36006.549 | J36: 49631.451
A38: 1.6 Porcentajes
A39: Porcentaje de ocupados con seguro por trabajo | B39: 72.197501 | C39: =B39-H39 -> 0.18974555 | D39: =C39/H39*100 -> 0.2635071 | E39: =IF(B39<I39,-1,IF(B39>J39,1,0)) -> 0 | H39: 72.007756 | I39: 69.413557 | J39: 74.601954
A40: Porcentaje de ocupados con subempleo | B40: 11.402572 | C40: =B40-H40 -> -2.0615991 | D40: =C40/H40*100 -> -15.311742 | E40: =IF(B40<I40,-1,IF(B40>J40,1,0)) -> -1 | H40: 13.464171 | I40: 11.605013 | J40: 15.323328
A41: Porcentaje de ocupados que laboran 40 horas o más y perciben menos del salario mínimo | B41: 13.09569 | C41: =B41-H41 -> 0.2605519 | D41: =C41/H41*100 -> 2.0299891 | E41: =IF(B41<I41,-1,IF(B41>J41,1,0)) -> 0 | H41: 12.835138 | I41: 11.1976 | J41: 14.472676
A42: Porcentaje de ocupados que laboran más de 48 horas | B42: 21.790448 | C42: =B42-H42 -> 0.56306208 | D42: =C42/H42*100 -> 2.6525267 | E42: =IF(B42<I42,-1,IF(B42>J42,1,0)) -> 0 | H42: 21.227386 | I42: 19.228314 | J42: 23.226457
A44: 2. Población independiente | B44: 148709 | C44: =B44-H44 -> 1719 | D44: =C44/H44*100 -> 1.1694673 | E44: =IF(B44<I44,-1,IF(B44>J44,1,0)) -> 0 | H44: 146990 | I44: 136546.95 | J44: 157433.05
A46: 2.1 Tipo de establecimiento | B46: 148709 | C46: =B46-H46 -> 1719 | D46: =C46/H46*100 -> 1.1694673 | E46: =IF(B46<I46,-1,IF(B46>J46,1,0)) -> 0 | F46: =+B46-F47 -> 0 | G46: =+C46-G47 -> 0 | H46: 146990 | I46: 136546.95 | J46: 157433.05
A47: Empresa en sociedad y cuasi sociedad | B47: 16537 | C47: =B47-H47 -> 6942 | D47: =C47/H47*100 -> 72.350182 | E47: =IF(B47<I47,-1,IF(B47>J47,1,0)) -> 1 | F47: =SUM(B47:B48) -> 148709 | G47: =SUM(C47:C48) -> 1719 | H47: 9595 | I47: 7054.5874 | J47: 12135.413
A48: Empresa no constituido en sociedad | B48: 132172 | C48: =B48-H48 -> -5223 | D48: =C48/H48*100 -> -3.8014484 | E48: =IF(B48<I48,-1,IF(B48>J48,1,0)) -> 0 | H48: 137395 | I48: 127829.05 | J48: 146960.95
A50: 2.2 Condición de aseguramiento | B50: 148709 | C50: =B50-H50 -> 1719 | D50: =C50/H50*100 -> 1.1694673 | E50: =IF(B50<I50,-1,IF(B50>J50,1,0)) -> 0 | H50: 146990 | I50: 136546.95 | J50: 157433.05
A51: No tiene seguro por trabajo | B51: 80649 | C51: =B51-H51 -> -1043 | D51: =C51/H51*100 -> -1.2767468 | E51: =IF(B51<I51,-1,IF(B51>J51,1,0)) -> 0 | F51: =+B50-F52 -> 0 | G51: =+C50-G52 -> 0 | H51: 81692 | I51: 74236.42 | J51: 89147.58
A52: Tiene seguro por trabajo | B52: 68060 | C52: =B52-H52 -> 2762 | D52: =C52/H52*100 -> 4.2298386 | E52: =IF(B52<I52,-1,IF(B52>J52,1,0)) -> 0 | F52: =SUM(B51:B52) -> 148709 | G52: =SUM(C51:C52) -> 1719 | H52: 65298 | I52: 57633.601 | J52: 72962.399
A54: 2.3 Grupo de horas efectivas trabajadas2/ | B54: 148709 | C54: =B54-H54 -> 1719 | D54: =C54/H54*100 -> 1.1694673 | E54: =IF(B54<I54,-1,IF(B54>J54,1,0)) -> 0 | H54: 146990 | I54: 136546.95 | J54: 157433.05
A55: Menos de 15 | B55: 15054 | C55: =B55-H55 -> -6136 | D55: =C55/H55*100 -> -28.957055 | E55: =IF(B55<I55,-1,IF(B55>J55,1,0)) -> -1 | F55: =+B54-F56 -> 0 | G55: =+C54-G56 -> #VALUE! | H55: 21190 | I55: 17387.675 | J55: 24992.325
A56: De 15 a 39 | B56: 66561 | C56: =B56-H56 -> 1818 | D56: =C56/H56*100 -> 2.8080256 | E56: =IF(B56<I56,-1,IF(B56>J56,1,0)) -> 0 | F56: =SUM(B55:B59) -> 148709 | G56: =SUM(C55:C59) -> #VALUE! | H56: 64743 | I56: 58551.675 | J56: 70934.325
A57: De 40 a 48 | B57: 33087 | C57: =B57-H57 -> 1394 | D57: =C57/H57*100 -> 4.3984476 | E57: =IF(B57<I57,-1,IF(B57>J57,1,0)) -> 0 | H57: 31693 | I57: 27024.181 | J57: 36361.819
A58: Más de 48 | B58: 34007 | C58: =B58-H58 -> 4643 | D58: =C58/H58*100 -> 15.811878 | E58: =IF(B58<I58,-1,IF(B58>J58,1,0)) -> 1 | H58: 29364 | I58: 25036.903 | J58: 33691.097
A59: No especificado | B59: 0 | C59: =B59-H59 -> #VALUE! | D59: =C59/H59*100 -> #VALUE! | E59: 0 | H59: - | I59: - | J59: -
A61: 2.4 Principales ramas de actividad | B61: 148709 | C61: =B61-H61 -> 1719 | D61: =C61/H61*100 -> 1.1694673 | E61: =IF(B61<I61,-1,IF(B61>J61,1,0)) -> 0 | H61: 146990 | I61: 136546.95 | J61: 157433.05
A62: Agricultura, ganadería y pesca | B62: 43650 | C62: =B62-H62 -> -5634 | D62: =C62/H62*100 -> -11.431702 | E62: =IF(B62<I62,-1,IF(B62>J62,1,0)) -> 0 | F62: =+B61-F63 -> 0 | G62: =+C61-G63 -> 0 | H62: 49284 | I62: 41665.126 | J62: 56902.874
A63: Comercio y reparación | B63: 24356 | C63: =B63-H63 -> 2720 | D63: =C63/H63*100 -> 12.57164 | E63: =IF(B63<I63,-1,IF(B63>J63,1,0)) -> 0 | F63: =SUM(B62:B65) -> 148709 | G63: =SUM(C62:C65) -> 1719 | H63: 21636 | I63: 17306.426 | J63: 25965.574
A64: Industria manufacturera | B64: 12920 | C64: =B64-H64 -> -374 | D64: =C64/H64*100 -> -2.8132992 | E64: =IF(B64<I64,-1,IF(B64>J64,1,0)) -> 0 | H64: 13294 | I64: 10428.461 | J64: 16159.539
A65: Otros3/ | B65: 67783 | C65: =B65-H65 -> 5007 | D65: =C65/H65*100 -> 7.9759781 | E65: =IF(B65<I65,-1,IF(B65>J65,1,0)) -> 0 | H65: 62776 | I65: 56572.131 | J65: 68979.869
A67: 2.5 Rango de ingreso4/ | B67: 148709 | C67: =B67-H67 -> 1719 | D67: =C67/H67*100 -> 1.1694673 | E67: =IF(B67<I67,-1,IF(B67>J67,1,0)) -> 0 | H67: 146990 | I67: 136546.95 | J67: 157433.05
A68: Menos de 1 salario mínimo | B68: 89577 | C68: =B68-H68 -> -5014 | D68: =C68/H68*100 -> -5.3007157 | E68: =IF(B68<I68,-1,IF(B68>J68,1,0)) -> 0 | F68: =+B67-F69 -> 0 | G68: =+C67-G69 -> 0 | H68: 94591 | I68: 86303.359 | J68: 102878.64
A69: De 1 a menos de 2 salarios mínimos | B69: 40713 | C69: =B69-H69 -> 2763 | D69: =C69/H69*100 -> 7.2806324 | E69: =IF(B69<I69,-1,IF(B69>J69,1,0)) -> 0 | F69: =SUM(B68:B72) -> 148709 | G69: =SUM(C68:C72) -> 1719 | H69: 37950 | I69: 32230.838 | J69: 43669.162
A70: De 2 a menos de 5 salarios mínimos | B70: 12671 | C70: =B70-H70 -> 2885 | D70: =C70/H70*100 -> 29.480891 | E70: =IF(B70<I70,-1,IF(B70>J70,1,0)) -> 1 | H70: 9786 | I70: 7164.9657 | J70: 12407.034
A71: 5 salarios mínimos o más | B71: 2799 | C71: =B71-H71 -> 628 | D71: =C71/H71*100 -> 28.926762 | E71: 0 | H71: 2171 | I71: 1055.8 | J71: 3286.2
A72: No especificado | B72: 2949 | C72: =B72-H72 -> 457 | D72: =C72/H72*100 -> 18.338684 | E72: 0 | H72: 2492 | I72: 1282.3713 | J72: 3701.6287
A74: 2.6 Porcentajes
A75: Porcentaje de ocupados con seguro por trabajo | B75: 45.767237 | C75: =B75-H75 -> 1.3438065 | D75: =C75/H75*100 -> 3.0249949 | E75: =IF(B75<I75,-1,IF(B75>J75,1,0)) -> 0 | H75: 44.42343 | I75: 40.454384 | J75: 48.392477
A76: Porcentaje de ocupados con subempleo | B76: 20.392848 | C76: =B76-H76 -> -6.7076352 | D76: =C76/H76*100 -> -24.75098 | E76: =IF(B76<I76,-1,IF(B76>J76,1,0)) -> -1 | H76: 27.100483 | I76: 23.713283 | J76: 30.487683
A77: Porcentaje de ocupados que laboran 40 horas o más y perciben menos del salario mínimo | B77: 28.428676 | C77: =B77-H77 -> -1.6012579 | D77: =C77/H77*100 -> -5.3322058 | E77: =IF(B77<I77,-1,IF(B77>J77,1,0)) -> 0 | H77: 30.029934 | I77: 26.683191 | J77: 33.376677
A78: Porcentaje de ocupados que laboran más de 48 horas | B78: 22.868152 | C78: =B78-H78 -> 2.8912827 | D78: =C78/H78*100 -> 14.473152 | E78: =IF(B78<I78,-1,IF(B78>J78,1,0)) -> 1 | H78: 19.976869 | I78: 17.252302 | J78: 22.701436
A79: 1/ No se incluye la población ocupada auxiliar no remunerada.
A80: 2/ Se utilizó la suma de las horas efectivas trabajadas en el empleo principal.
A81: 3/ Incluye otras rama de actividad y no especificados.
A82: 4/ Se construye con el ingreso total corriente bruto por hora en todos los empleos. Se utiliza el salario mínimo minimorun equivalente por hora que se define por ley cada año. El salario mínimo minimorun por jornada ordinaria para el año 2020 fue ¢10620,62.
A83: * Coeficiente de variación mayor al 20%. Resultados no estadísticamente confiables.
A84: Fuente: INEC-Costa Rica. Encuesta Continua de Empleo (ECE), 2022.
A85: 1 | B85: -1 | C85: 0

Sheet C3 hombre
A1: Cuadro 3
A2: Costa Rica hombres: Población ocupada según condición del empleo de las personas asalariadas e independientes 1/
A3: =+'C1 total'!A3 -> I Trimestre 2022 | H3: Mismo trimestre año anterior
A4: Condiciones del empleo | B4: =+'C1 total'!B4 -> I 2022 | C4: Variación Interanual | E4: Resultado de la prueba de significancia | H4: Estimación | I4: Intervalo de confianza al 95%
B5: =+'C1 total'!B5 -> Ene - Mar | C5: Diferencia | D5: % | F5: Revisión totales y dif | I5: Inferior | J5: Superior
A7: 1. Población asalariada | B7: 910781 | C7: =B7-H7 -> 28387 | D7: =C7/H7*100 -> 3.2170436 | E7: =IF(B7<I7,-1,IF(B7>J7,1,0)) -> 0 | H7: 882394 | I7: 826572.23 | J7: 938215.77
A9: 1.1 Estabilidad en el empleo | B9: 910781 | C9: =B9-H9 -> 28387 | D9: =C9/H9*100 -> 3.2170436 | E9: =IF(B9<I9,-1,IF(B9>J9,1,0)) -> 0 | F9: =+B9-F10 -> 0 | G9: =+C9-G10 -> 0 | H9: 882394 | I9: 826572.23 | J9: 938215.77
